Workbook
Name __BDI18: #REF!
Name __BDI18: #REF!
Name __BDI25: #REF!
Name __BDI25: #REF!
Name _1Excel_BuiltIn__FilterDatabase_3_1: #REF!
Name _1Excel_BuiltIn__FilterDatabase_3_1: #REF!
Name _2Excel_BuiltIn_Print_Area_1: #REF!
Name _2Excel_BuiltIn_Print_Area_1: #REF!
Name _3Excel_BuiltIn_Print_Area_2: #REF!
Name _3Excel_BuiltIn_Print_Area_2: #REF!
Name _4Excel_BuiltIn_Print_Titles_1: (#REF!,#REF!)
Name _4Excel_BuiltIn_Print_Titles_1: (#REF!,#REF!)
Name _BDI18: #REF!
Name _BDI18: #REF!
Name _BDI25: #REF!
Name _BDI25: #REF!
Name BDI18_1: #REF!
Name BDI18_1: #REF!
Name BDI18_4: "$#REF!.$B$2"
Name BDI25_1: #REF!
Name BDI25_1: #REF!
Name BDI25_4: "$#REF!.$B$3"
Name çlkj: (#REF!,#REF!)
Name çlkj: (#REF!,#REF!)
Name Excel_BuiltIn__FilterDatabase_10: "$#REF!.$E$10:$E$55"
Name Excel_BuiltIn__FilterDatabase_2_1: "$#REF!.$D$9:$D$706"
Name Excel_BuiltIn__FilterDatabase_3: #REF!
Name Excel_BuiltIn__FilterDatabase_3: #REF!
Name Excel_BuiltIn__FilterDatabase_3_1: #REF!
Name Excel_BuiltIn__FilterDatabase_3_1: #REF!
Name Excel_BuiltIn_Print_Area: #REF!
Name Excel_BuiltIn_Print_Area: #REF!
Name Excel_BuiltIn_Print_Area_1: "$#REF!.$A$#REF!:$J$#REF!"
Name Excel_BuiltIn_Print_Area_1_1: "$#REF!.$A$1:$J$1"
Name Excel_BuiltIn_Print_Area_1_1_1_3: "$#REF!.$A$1:$G$68"
Name Excel_BuiltIn_Print_Area_1_1_1_3_1: #REF!
Name Excel_BuiltIn_Print_Area_1_1_1_3_1: #REF!
Name Excel_BuiltIn_Print_Area_1_1_1_3_4: "$#REF!.$A$1:$G$67"
Name Excel_BuiltIn_Print_Area_2: #REF!
Name Excel_BuiltIn_Print_Area_2: #REF!
Name Excel_BuiltIn_Print_Area_2_1: "$#REF!.$A$1:$L$83"
Name Excel_BuiltIn_Print_Area_2_1_1_1_1_1_1_1_1_1_1_3: "$#REF!.$A$1:$G$92"
Name Excel_BuiltIn_Print_Area_2_1_1_1_1_1_1_1_1_1_1_3_1: #REF!
Name Excel_BuiltIn_Print_Area_2_1_1_1_1_1_1_1_1_1_1_3_1: #REF!
Name Excel_BuiltIn_Print_Area_2_1_1_1_1_1_1_1_1_1_1_3_4: "$#REF!.$A$1:$G$91"
Name Excel_BuiltIn_Print_Area_2_1_1_1_1_1_1_1_1_1_3: "$#REF!.$A$1:$G$92"
Name Excel_BuiltIn_Print_Area_2_1_1_1_1_1_1_1_1_1_3_1: #REF!
Name Excel_BuiltIn_Print_Area_2_1_1_1_1_1_1_1_1_1_3_1: #REF!
Name Excel_BuiltIn_Print_Area_2_1_1_1_1_1_1_1_1_1_3_4: "$#REF!.$A$1:$G$91"
Name Excel_BuiltIn_Print_Area_2_1_1_1_1_1_1_1_1_3: "$#REF!.$A$1:$G$92"
Name Excel_BuiltIn_Print_Area_2_1_1_1_1_1_1_1_1_3_1: #REF!
Name Excel_BuiltIn_Print_Area_2_1_1_1_1_1_1_1_1_3_1: #REF!
Name Excel_BuiltIn_Print_Area_2_1_1_1_1_1_1_1_1_3_4: "$#REF!.$A$1:$G$91"
Name Excel_BuiltIn_Print_Area_2_1_1_1_1_1_1_1_3: "$#REF!.$A$1:$G$92"
Name Excel_BuiltIn_Print_Area_2_1_1_1_1_1_1_1_3_1: #REF!
Name Excel_BuiltIn_Print_Area_2_1_1_1_1_1_1_1_3_1: #REF!
Name Excel_BuiltIn_Print_Area_2_1_1_1_1_1_1_1_3_4: "$#REF!.$A$1:$G$91"
Name Excel_BuiltIn_Print_Area_2_1_1_1_1_1_1_3: "$#REF!.$A$1:$G$92"
Name Excel_BuiltIn_Print_Area_2_1_1_1_1_1_1_3_1: #REF!
Name Excel_BuiltIn_Print_Area_2_1_1_1_1_1_1_3_1: #REF!

Sheet ICD
A1: SINAPI - Sistema Nacional de Pesquisa de Custos e Índices da Construção Civil
A2: RELATÓRIO DE PREÇOS DE INSUMOS - ENCARGOS SOCIAIS COM DESONERAÇÃO
A3: Mês de Referência: | B3: 12/2025 | E3: Encargos sociais sobre a mão de obra:
A4: Data de emissão: | B4: 09/01/2026 | E4: (COM DESONERAÇÃO) | F4: PE
E5: Localidade | F5: RECIFE
A6: Origem de preço: | B6: C = COLETADO | C6: CR = COEFICIENTE DE REPRESENTATIVIDADE | E6: Horista | F6: 0.9123
A7: Preço em branco para determinado estado significa que não houve coleta mínima de preços no mês de referência | E7: Mensalista | F7: 0.5209
D9: Preços Medianos (R$):
A10: Código do Insumo | B10: Descrição do Insumo | C10: Unidade | D10: Origem de Preço | E10: PE
A11: 45333 | B11: ABERTURA PARA ENCAIXE DE CUBA OU LAVATORIO EM BANCADA DE MARMORE/ GRANITO OU OUTRO TIPO DE PEDRA NATURAL | C11: UN | D11: CR | E11: 199.02
A12: 11270 | B12: ABRACADEIRA DE LATAO PARA FIXACAO DE CABO PARA-RAIO, DIMENSOES 32 X 24 X 24 MM | C12: UN | D12: CR | E12: 4.05
A13: 412 | B13: ABRACADEIRA DE NYLON PARA AMARRACAO DE CABOS, COMPRIMENTO DE *230* X *7,6* MM | C13: UN | D13: CR | E13: 1.18
A14: 414 | B14: ABRACADEIRA DE NYLON PARA AMARRACAO DE CABOS, COMPRIMENTO DE 100 X 2,5 MM | C14: UN | D14: CR | E14: 0.07
A15: 410 | B15: ABRACADEIRA DE NYLON PARA AMARRACAO DE CABOS, COMPRIMENTO DE 150 X *3,6* MM | C15: UN | D15: CR | E15: 0.18
A16: 411 | B16: ABRACADEIRA DE NYLON PARA AMARRACAO DE CABOS, COMPRIMENTO DE 200 X *4,6* MM | C16: UN | D16: C | E16: 0.23
A17: 408 | B17: ABRACADEIRA DE NYLON PARA AMARRACAO DE CABOS, COMPRIMENTO DE 390 X *4,6* MM | C17: UN | D17: CR | E17: 1.14
A18: 39131 | B18: ABRACADEIRA EM ACO PARA AMARRACAO DE ELETRODUTOS, TIPO D, COM 1 1/2" E CUNHA DE FIXACAO | C18: UN | D18: CR | E18: 5.1
A19: 394 | B19: ABRACADEIRA EM ACO PARA AMARRACAO DE ELETRODUTOS, TIPO D, COM 1 1/2" E PARAFUSO DE FIXACAO | C19: UN | D19: CR | E19: 5.17
A20: 39130 | B20: ABRACADEIRA EM ACO PARA AMARRACAO DE ELETRODUTOS, TIPO D, COM 1 1/4" E CUNHA DE FIXACAO | C20: UN | D20: CR | E20: 4.65
A21: 395 | B21: ABRACADEIRA EM ACO PARA AMARRACAO DE ELETRODUTOS, TIPO D, COM 1 1/4" E PARAFUSO DE FIXACAO | C21: UN | D21: CR | E21: 4.97
A22: 39129 | B22: ABRACADEIRA EM ACO PARA AMARRACAO DE ELETRODUTOS, TIPO D, COM 1" E CUNHA DE FIXACAO | C22: UN | D22: CR | E22: 2.87
... A54: 36246 | B54: ACABAMENTO SIMPLES/CONVENCIONAL PARA FORRO PVC, TIPO "U" OU "C", COR BRANCA, COMPRIMENTO 6 M | C54: M | D54: CR | E54: 4.26
A55: 37600 | B55: ACESSORIO DE LIGACAO NAO ELETRICO PARA CARGAS EXPLOSIVAS, TUBO DE 6 M | C55: UN | D55: CR
A56: 37599 | B56: ACESSORIO INICIADOR NAO ELETRICO, TUBO DE 6 M, TEMPO DE RETARDO DE *160* MS | C56: UN | D56: CR
A57: 1 | B57: ACETILENO - RECARGA DE GAS PARA CILINDRO (NAO INCLUI TROCA/MANUTENCAO DO CILINDRO) | C57: KG | D57: C
A58: 3 | B58: ACIDO CLORIDRICO / ACIDO MURIATICO, DILUICAO 10% A 12% PARA USO EM LIMPEZA | C58: L | D58: CR | E58: 26.92
A59: 43054 | B59: ACO CA-25, 10,0 MM, OU 12,5 MM, OU 16,0 MM, OU 20,0 MM, OU 25,0 MM, VERGALHAO | C59: KG | D59: CR | E59: 8.02
A60: 42402 | B60: ACO CA-25, 16,0 MM, BARRA DE TRANSFERENCIA | C60: KG | D60: CR | E60: 7.67
A61: 42403 | B61: ACO CA-25, 20,0 MM, BARRA DE TRANSFERENCIA | C61: KG | D61: CR | E61: 9.84
A62: 42404 | B62: ACO CA-25, 25,0 MM, BARRA DE TRANSFERENCIA | C62: KG | D62: CR | E62: 9.78
A63: 42405 | B63: ACO CA-25, 32,0 MM, BARRA DE TRANSFERENCIA | C63: KG | D63: CR | E63: 10.42
A64: 34341 | B64: ACO CA-25, 32,0 MM, VERGALHAO | C64: KG | D64: CR | E64: 9.04
A65: 43053 | B65: ACO CA-25, 6,3 MM OU 8,0 MM, VERGALHAO | C65: KG | D65: CR | E65: 7.17
A66: 43058 | B66: ACO CA-50, 10,0 MM, OU 12,5 MM, OU 16,0 MM, OU 20,0 MM, DOBRADO E CORTADO | C66: KG | D66: CR | E66: 7.43
A67: 34 | B67: ACO CA-50, 10,0 MM, VERGALHAO | C67: KG | D67: CR | E67: 7.47
A68: 43055 | B68: ACO CA-50, 12,5 MM OU 16,0 MM, VERGALHAO | C68: KG | D68: C | E68: 6.47
A69: 43056 | B69: ACO CA-50, 20,0 MM OU 25,0 MM, VERGALHAO | C69: KG | D69: CR | E69: 7.46
... A77: 43060 | B77: ACO CA-60, 8,0 MM OU 9,5 MM, VERGALHAO | C77: KG | D77: CR | E77: 6.16
A78: 40410 | B78: ACOPLAMENTO RIGIDO EM FERRO FUNDIDO PARA SISTEMA DE TUBULACAO RANHURADA, DN 50 MM (2") | C78: UN | D78: C
A79: 40411 | B79: ACOPLAMENTO RIGIDO EM FERRO FUNDIDO PARA SISTEMA DE TUBULACAO RANHURADA, DN 65 MM (2 1/2") | C79: UN | D79: CR
A80: 40412 | B80: ACOPLAMENTO RIGIDO EM FERRO FUNDIDO PARA SISTEMA DE TUBULACAO RANHURADA, DN 80 MM (3") | C80: UN | D80: CR
A81: 44254 | B81: ADAPTADOR CPVC, ROSCAVEL, COM FLANGES E ANEL DE VEDACAO, 15 MM, CAIXA D'AGUA PARA AGUA QUENTE | C81: UN | D81: CR
A82: 44255 | B82: ADAPTADOR CPVC, ROSCAVEL, COM FLANGES E ANEL DE VEDACAO, 22 MM, CAIXA D'AGUA PARA AGUA QUENTE | C82: UN | D82: CR
A83: 44256 | B83: ADAPTADOR CPVC, ROSCAVEL, COM FLANGES E ANEL DE VEDACAO, 28 MM, CAIXA D'AGUA PARA AGUA QUENTE | C83: UN | D83: CR
A84: 44257 | B84: ADAPTADOR CPVC, ROSCAVEL, COM FLANGES E ANEL DE VEDACAO, 35 MM, CAIXA D'AGUA PARA AGUA QUENTE | C84: UN | D84: CR
A85: 44258 | B85: ADAPTADOR CPVC, ROSCAVEL, COM FLANGES E ANEL DE VEDACAO, 42 MM, CAIXA D'AGUA PARA AGUA QUENTE | C85: UN | D85: CR
A86: 44259 | B86: ADAPTADOR CPVC, ROSCAVEL, COM FLANGES E ANEL DE VEDACAO, 54 MM, CAIXA D'AGUA PARA AGUA QUENTE | C86: UN | D86: CR
A87: 37997 | B87: ADAPTADOR CPVC, SOLDAVEL, 15 MM, PARA AGUA QUENTE | C87: UN | D87: CR
A88: 37998 | B88: ADAPTADOR CPVC, SOLDAVEL, 22 MM, PARA AGUA QUENTE | C88: UN | D88: CR
A89: 55 | B89: ADAPTADOR DE COMPRESSAO EM POLIPROPILENO (PP), PARA TUBO EM PEAD, 20 MM X 1/2", PARA LIGACAO PREDIAL DE AGUA (NTS 179) | C89: UN | D89: C
... A91: 62 | B91: ADAPTADOR DE COMPRESSAO EM POLIPROPILENO (PP), PARA TUBO EM PEAD, 32 MM X 1", PARA LIGACAO PREDIAL DE AGUA (NTS 179) | C91: UN | D91: CR
A92: 10899 | B92: ADAPTADOR EM LATAO, ENGATE RAPIDO 2 1/2" X ROSCA INTERNA 5 FIOS 2 1/2", PARA INSTALACAO PREDIAL DE COMBATE A INCENDIO | C92: UN | D92: CR | E92: 100.76
A93: 10900 | B93: ADAPTADOR EM LATAO, ENGATE RAPIDO1 1/2" X ROSCA INTERNA 5 FIOS 2 1/2", PARA INSTALACAO PREDIAL DE COMBATE A INCENDIO | C93: UN | D93: CR | E93: 78.85
A94: 47 | B94: ADAPTADOR PVC PBA, BOLSA/ROSCA, JE, DN 100 / DE 110 MM | C94: UN | D94: CR
A95: 48 | B95: ADAPTADOR PVC PBA, BOLSA/ROSCA, JE, DN 50 / DE 60 MM | C95: UN | D95: CR
A96: 46 | B96: ADAPTADOR PVC PBA, BOLSA/ROSCA, JE, DN 75 / DE 85 MM | C96: UN | D96: CR
A97: 52 | B97: ADAPTADOR PVC PBA, PONTA/ROSCA, JE, DN 50 / DE 60 MM | C97: UN | D97: CR
A98: 43 | B98: ADAPTADOR PVC PBA, PONTA/ROSCA, JE, DN 75 / DE 85 MM | C98: UN | D98: CR
A99: 103 | B99: ADAPTADOR PVC SOLDAVEL CURTO COM BOLSA E ROSCA, 110 MM X 4", PARA AGUA FRIA | C99: UN | D99: CR | E99: 41.56
A100: 107 | B100: ADAPTADOR PVC SOLDAVEL CURTO COM BOLSA E ROSCA, 20 MM X 1/2", PARA AGUA FRIA | C100: UN | D100: CR | E100: 0.78
A101: 65 | B101: ADAPTADOR PVC SOLDAVEL CURTO COM BOLSA E ROSCA, 25 MM X 3/4", PARA AGUA FRIA | C101: UN | D101: CR | E101: 0.85
A102: 108 | B102: ADAPTADOR PVC SOLDAVEL CURTO COM BOLSA E ROSCA, 32 MM X 1", PARA AGUA FRIA | C102: UN | D102: CR | E102: 1.72
A103: 110 | B103: ADAPTADOR PVC SOLDAVEL CURTO COM BOLSA E ROSCA, 40 MM X 1 1/2", PARA AGUA FRIA | C103: UN | D103: CR | E103: 5.98
A104: 109 | B104: ADAPTADOR PVC SOLDAVEL CURTO COM BOLSA E ROSCA, 40 MM X 1 1/4", PARA AGUA FRIA | C104: UN | D104: CR | E104: 3.56
A105: 111 | B105: ADAPTADOR PVC SOLDAVEL CURTO COM BOLSA E ROSCA, 50 MM X 1 1/4", PARA AGUA FRIA | C105: UN | D105: CR | E105: 8.09
A106: 112 | B106: ADAPTADOR PVC SOLDAVEL CURTO COM BOLSA E ROSCA, 50 MM X1 1/2", PARA AGUA FRIA | C106: UN | D106: CR | E106: 4.29
A107: 113 | B107: ADAPTADOR PVC SOLDAVEL CURTO COM BOLSA E ROSCA, 60 MM X 2", PARA AGUA FRIA | C107: UN | D107: CR | E107: 10.73
A108: 104 | B108: ADAPTADOR PVC SOLDAVEL CURTO COM BOLSA E ROSCA, 75 MM X 2 1/2", PARA AGUA FRIA | C108: UN | D108: CR | E108: 18.68
A109: 102 | B109: ADAPTADOR PVC SOLDAVEL CURTO COM BOLSA E ROSCA, 85 MM X 3", PARA AGUA FRIA | C109: UN | D109: CR | E109: 25.75
A110: 95 | B110: ADAPTADOR PVC SOLDAVEL, COM FLANGE E ANEL DE VEDACAO, 20 MM X 1/2", PARA CAIXA D'AGUA | C110: UN | D110: CR | E110: 10.88
... A114: 99 | B114: ADAPTADOR PVC SOLDAVEL, COM FLANGE E ANEL DE VEDACAO, 50 MM X 1 1/2", PARA CAIXA D'AGUA | C114: UN | D114: CR | E114: 25.19
A115: 60 | B115: ADAPTADOR PVC, COM REGISTRO, PARA PEAD, 20 MM X 3/4", PARA LIGACAO PREDIAL DE AGUA | C115: UN | D115: CR
A116: 72 | B116: ADAPTADOR PVC, ROSCAVEL, COM FLANGES E ANEL DE VEDACAO, 1 1/2", PARA CAIXA D'AGUA | C116: UN | D116: CR | E116: 48.32
A117: 71 | B117: ADAPTADOR PVC, ROSCAVEL, COM FLANGES E ANEL DE VEDACAO, 1", PARA CAIXA D'AGUA | C117: UN | D117: CR | E117: 29.84
A118: 67 | B118: ADAPTADOR PVC, ROSCAVEL, COM FLANGES E ANEL DE VEDACAO, 1/2", PARA CAIXA D'AGUA | C118: UN | D118: CR | E118: 15.62
A119: 73 | B119: ADAPTADOR PVC, ROSCAVEL, COM FLANGES E ANEL DE VEDACAO, 3/4", PARA CAIXA D'AGUA | C119: UN | D119: CR | E119: 14.95
A120: 100 | B120: ADAPTADOR PVC, SOLDAVEL, COM FLANGES E ANEL DE VEDACAO, 60 MM X 2", PARA CAIXA D'AGUA | C120: UN | D120: CR | E120: 44.02
A121: 75 | B121: ADAPTADOR PVC, SOLDAVEL, COM FLANGES LIVRES, 110 MM X 4", PARA CAIXA D'AGUA | C121: UN | D121: CR | E121: 256.64
A122: 83 | B122: ADAPTADOR PVC, SOLDAVEL, COM FLANGES LIVRES, 75 MM X 2 1/2", PARA CAIXA D'AGUA | C122: UN | D122: CR | E122: 205.17
A123: 74 | B123: ADAPTADOR PVC, SOLDAVEL, COM FLANGES LIVRES, 85 MM X 3", PARA CAIXA D'AGUA | C123: UN | D123: CR | E123: 293.34
A124: 106 | B124: ADAPTADOR PVC, SOLDAVEL, LONGO, COM FLANGE LIVRE, 110 MM X 4", PARA CAIXA D'AGUA | C124: UN | D124: CR | E124: 370.94
A125: 88 | B125: ADAPTADOR PVC, SOLDAVEL, LONGO, COM FLANGE LIVRE, 32 MM X 1", PARA CAIXA D'AGUA | C125: UN | D125: CR | E125: 10.42
A126: 82 | B126: ADAPTADOR PVC, SOLDAVEL, LONGO, COM FLANGE LIVRE, 75 MM X 2 1/2", PARA CAIXA D'AGUA | C126: UN | D126: CR | E126: 195.2
A127: 105 | B127: ADAPTADOR PVC, SOLDAVEL, LONGO, COM FLANGE LIVRE, 85 MM X 3", PARA CAIXA D'AGUA | C127: UN | D127: CR | E127: 276.6
... A152: 42409 | B152: AGENTE DE CURA, PROTETOR DA EVAPORACAO DA AGUA DE HIDRATACAO DO CONCRETO | C152: KG | D152: CR | E152: 12.87
A153: 40553 | B153: AGREGADO RECICLADO, TIPO RACHAO RECICLADO CINZA, CLASSE A | C153: M3 | D153: C
A154: 6114 | B154: AJUDANTE DE ARMADOR (HORISTA) | C154: H | D154: CR | E154: 16.02
A155: 40912 | B155: AJUDANTE DE ARMADOR (MENSALISTA) | C155: MES | D155: CR | E155: 2805.34
A156: 247 | B156: AJUDANTE DE ELETRICISTA (HORISTA) | C156: H | D156: CR | E156: 16.02
A157: 40919 | B157: AJUDANTE DE ELETRICISTA (MENSALISTA) | C157: MES | D157: CR | E157: 2805.34
A158: 44499 | B158: AJUDANTE DE ESTRUTURAS METALICAS (HORISTA) | C158: H | D158: CR | E158: 16.02
A159: 40984 | B159: AJUDANTE DE ESTRUTURAS METALICAS (MENSALISTA) | C159: MES | D159: CR | E159: 2805.34
A160: 248 | B160: AJUDANTE DE OPERACAO EM GERAL (HORISTA) | C160: H | D160: CR | E160: 16.15
A161: 41086 | B161: AJUDANTE DE OPERACAO EM GERAL (MENSALISTA) | C161: MES | D161: CR | E161: 2830.19
A162: 34466 | B162: AJUDANTE DE PINTOR (HORISTA) | C162: H | D162: CR | E162: 16.02
A163: 41083 | B163: AJUDANTE DE PINTOR (MENSALISTA) | C163: MES | D163: CR | E163: 2805.34
A164: 252 | B164: AJUDANTE DE SERRALHEIRO (HORISTA) | C164: H | D164: CR | E164: 16.02
A165: 40909 | B165: AJUDANTE DE SERRALHEIRO (MENSALISTA) | C165: MES | D165: CR | E165: 2805.34
... A167: 41085 | B167: AJUDANTE ESPECIALIZADO (MENSALISTA) | C167: MES | D167: CR | E167: 2830.19
A168: 427 | B168: ALCA PREFORMADA DE CONTRA POSTE, EM ACO GALVANIZADO, PARA CABO 3/16", COMPRIMENTO *860* MM | C168: UN | D168: CR
...

Sheet CCD
A1: SINAPI - Sistema Nacional de Pesquisa de Custos e Índices da Construção Civil
A2: RELATÓRIO DE CUSTOS DE COMPOSIÇÕES - ENCARGOS SOCIAIS COM DESONERAÇÃO
A3: Mês de Referência: | B3: 12/2025 | D3: Encargos sociais sobre a mão de obra:
A4: Data de emissão: | B4: 09/01/2026 | D4: (COM DESONERAÇÃO) | E4: PE
D5: Localidade | E5: RECIFE
A6: Observação: | B6: %AS (porcentagem Atribuído São Paulo) corresponde a porcentagem do custo total da | D6: Horista | E6: 0.9123
B7: composição que foi obtida utilizando preços de insumos de São Paulo por indisponibilidade | D7: Mensalista | E7: 0.5209
B8: dos preços de insumos necessários à composição no estado em questão. Custo zerado (hífen)
A9: indica que pelo menos um dos itens da composição não tem custo/preço. | D9: PE
A10: Código da Composição | B10: Descrição | C10: Unidade | D10: Custo (R$) | E10: %AS
A11: 104658 | B11: PISO PODOTÁTIL DE ALERTA OU DIRECIONAL, DE CONCRETO, ASSENTADO SOBRE ARGAMASSA. AF_03/2024 | C11: M2 | D11: 155.02 | E11: 0
A12: 105002 | B12: RAMPA DE ACESSIBILIDADE EM CONCRETO MOLDADO IN LOCO, EM CALÇADA NOVA COM LARGURA MAIOR OU IGUAL À 3,00 M, FCK 25MPA, COM PISO PODOTÁTIL. AF_03/2024 | C12: UN | D12: 745.87 | E12: 0
A13: 105004 | B13: RAMPA DE ACESSIBILIDADE EM CONCRETO MOLDADO IN LOCO, EM CALÇADA NOVA COM LARGURA MENOR À 3,00 M, FCK 25MPA, COM PISO PODOTÁTIL. AF_03/2024 | C13: M2 | D13: 126.98 | E13: 0
A14: 105003 | B14: RAMPA DE ACESSIBILIDADE EM CONCRETO MOLDADO IN LOCO, EM CALÇADA PRÉ EXISTENTE COM LARGURA MAIOR OU IGUAL À 3,00 M, FCK 25MPA, COM PISO PODOTÁTIL. AF_03/2024 | C14: UN | D14: 1156.3 | E14: 0.0578
A15: 105005 | B15: RAMPA DE ACESSIBILIDADE EM CONCRETO MOLDADO IN LOCO, EM CALÇADA PRÉ EXISTENTE COM LARGURA MENOR À 3,00 M, FCK 25MPA, COM PISO PODOTÁTIL. AF_03/2024 | C15: M2 | D15: 202.99 | E15: 0.0609
A16: 105006 | B16: RAMPA DE ACESSIBILIDADE EM CONCRETO PRÉ MOLDADO, EM CALÇADA NOVA COM LARGURA MAIOR OU IGUAL À 3,00 M, FCK 25MPA, COM PISO PODOTÁTIL. AF_03/2024 | C16: UN | D16: 0
A17: 104999 | B17: RAMPA DE ACESSIBILIDADE EM CONCRETO PRÉ MOLDADO, EM CALÇADA PRÉ EXISTENTE COM LARGURA MAIOR OU IGUAL À 3,00 M, FCK 25MPA, COM PISO PODOTÁTIL. AF_03/2024 | C17: UN | D17: 0
A18: 105000 | B18: RAMPA DE ACESSIBILIDADE PARA ACESSO A EDIFICAÇÕES COM INCLINAÇÃO DE 8,33% EM CONCRETO MOLDADO IN LOCO, COM LARGURA DE 1,20M, FCK 25MPA, NÃO ARMADA, COM JUNTA A CADA 2M COM CORTE À SECO. AF_03/2024 | C18: M | D18: 1113.18 | E18: 0
A19: 105001 | B19: RAMPA DE ACESSIBILIDADE PARA ACESSO A EDIFICAÇÕES COM INCLINAÇÃO DE 8,33% EM CONCRETO MOLDADO IN LOCO, COM LARGURA DE 1,50M, FCK 25MPA, NÃO ARMADA, COM JUNTA A CADA 2M COM CORTE À SECO. AF_03/2024 | C19: M | D19: 1144.97 | E19: 0
A20: 89306 | B20: ALVENARIA ESTRUTURAL DE BLOCOS CERÂMICOS 14X19X29, (ESPESSURA DE 14 CM), UTILIZANDO COLHER DE PEDREIRO E ARGAMASSA DE ASSENTAMENTO COM PREPARO EM BETONEIRA. AF_03/2023 | C20: M2 | D20: 88.48 | E20: 0
A21: 89307 | B21: ALVENARIA ESTRUTURAL DE BLOCOS CERÂMICOS 14X19X29, (ESPESSURA DE 14 CM), UTILIZANDO COLHER DE PEDREIRO E ARGAMASSA DE ASSENTAMENTO COM PREPARO MANUAL. AF_03/2023 | C21: M2 | D21: 91.06 | E21: 0
A22: 89290 | B22: ALVENARIA ESTRUTURAL DE BLOCOS CERÂMICOS 14X19X29, (ESPESSURA DE 14 CM), UTILIZANDO PALHETA E ARGAMASSA DE ASSENTAMENTO COM PREPARO EM BETONEIRA. AF_03/2023 | C22: M2 | D22: 71.92 | E22: 0
A23: 89291 | B23: ALVENARIA ESTRUTURAL DE BLOCOS CERÂMICOS 14X19X29, (ESPESSURA DE 14 CM), UTILIZANDO PALHETA E ARGAMASSA DE ASSENTAMENTO COM PREPARO MANUAL. AF_03/2023 | C23: M2 | D23: 73.83 | E23: 0
A24: 89298 | B24: ALVENARIA ESTRUTURAL DE BLOCOS CERÂMICOS 14X19X39, (ESPESSURA DE 14 CM), UTILIZANDO COLHER DE PEDREIRO E ARGAMASSA DE ASSENTAMENTO COM PREPARO EM BETONEIRA. AF_03/2023 | C24: M2 | D24: 75.48 | E24: 0
A25: 89299 | B25: ALVENARIA ESTRUTURAL DE BLOCOS CERÂMICOS 14X19X39, (ESPESSURA DE 14 CM), UTILIZANDO COLHER DE PEDREIRO E ARGAMASSA DE ASSENTAMENTO COM PREPARO MANUAL. AF_03/2023 | C25: M2 | D25: 77.78 | E25: 0
A26: 89282 | B26: ALVENARIA ESTRUTURAL DE BLOCOS CERÂMICOS 14X19X39, (ESPESSURA DE 14 CM), UTILIZANDO PALHETA E ARGAMASSA DE ASSENTAMENTO COM PREPARO EM BETONEIRA. AF_03/2023 | C26: M2 | D26: 63.69 | E26: 0
A27: 89283 | B27: ALVENARIA ESTRUTURAL DE BLOCOS CERÂMICOS 14X19X39, (ESPESSURA DE 14 CM), UTILIZANDO PALHETA E ARGAMASSA DE ASSENTAMENTO COM PREPARO MANUAL. AF_03/2023 | C27: M2 | D27: 65.41 | E27: 0
A28: 89480 | B28: ALVENARIA DE BLOCOS DE CONCRETO ESTRUTURAL 14X19X29 CM (ESPESSURA 14 CM), FBK = 14 MPA, UTILIZANDO COLHER DE PEDREIRO. AF_10/2022 | C28: M2 | D28: 158.46 | E28: 0
A29: 89464 | B29: ALVENARIA DE BLOCOS DE CONCRETO ESTRUTURAL 14X19X29 CM (ESPESSURA 14 CM), FBK = 14,0 MPA, UTILIZANDO PALHETA. AF_10/2022 | C29: M2 | D29: 137.94 | E29: 0
... A31: 89462 | B31: ALVENARIA DE BLOCOS DE CONCRETO ESTRUTURAL 14X19X29 CM (ESPESSURA 14 CM), FBK = 4,5 MPA, UTILIZANDO PALHETA. AF_10/2022 | C31: M2 | D31: 117.57 | E31: 0
A32: 104444 | B32: ALVENARIA DE BLOCOS DE CONCRETO ESTRUTURAL 14X19X29 CM (ESPESSURA 14 CM), FBK = 8 MPA, UTILIZANDO COLHER DE PEDREIRO. AF_10/2022 | C32: M2 | D32: 0
A33: 104442 | B33: ALVENARIA DE BLOCOS DE CONCRETO ESTRUTURAL 14X19X29 CM (ESPESSURA 14 CM), FBK = 8 MPA, UTILIZANDO PALHETA. AF_10/2022 | C33: M2 | D33: 0
A34: 89472 | B34: ALVENARIA DE BLOCOS DE CONCRETO ESTRUTURAL 14X19X39 CM (ESPESSURA 14 CM), FBK = 14 MPA, UTILIZANDO COLHER DE PEDREIRO. AF_10/2022 | C34: M2 | D34: 121.45 | E34: 0
A35: 89455 | B35: ALVENARIA DE BLOCOS DE CONCRETO ESTRUTURAL 14X19X39 CM (ESPESSURA 14 CM), FBK = 14 MPA, UTILIZANDO PALHETA. AF_10/2022 | C35: M2 | D35: 108.35 | E35: 0
A36: 89470 | B36: ALVENARIA DE BLOCOS DE CONCRETO ESTRUTURAL 14X19X39 CM (ESPESSURA 14 CM), FBK = 4,5 MPA, UTILIZANDO COLHER DE PEDREIRO. AF_10/2022 | C36: M2 | D36: 101.95 | E36: 0
A37: 89453 | B37: ALVENARIA DE BLOCOS DE CONCRETO ESTRUTURAL 14X19X39 CM (ESPESSURA 14 CM), FBK = 4,5 MPA, UTILIZANDO PALHETA. AF_10/2022 | C37: M2 | D37: 89.67 | E37: 0
A38: 104443 | B38: ALVENARIA DE BLOCOS DE CONCRETO ESTRUTURAL 14X19X39 CM (ESPESSURA 14 CM), FBK = 8 MPA, UTILIZANDO COLHER DE PEDREIRO. AF_10/2022 | C38: M2 | D38: 0
A39: 104441 | B39: ALVENARIA DE BLOCOS DE CONCRETO ESTRUTURAL 14X19X39 CM (ESPESSURA 14 CM), FBK = 8 MPA, UTILIZANDO PALHETA. AF_10/2022 | C39: M2 | D39: 0
A40: 103354 | B40: ALVENARIA DE VEDAÇÃO DE BLOCOS CERÂMICOS FURADOS NA HORIZONTAL DE 11,5X14X24 CM (ESPESSURA 11,5 CM) E ARGAMASSA DE ASSENTAMENTO COM PREPARO EM BETONEIRA. AF_12/2021 | C40: M2 | D40: 82.5 | E40: 0.0251
A41: 103355 | B41: ALVENARIA DE VEDAÇÃO DE BLOCOS CERÂMICOS FURADOS NA HORIZONTAL DE 11,5X14X24 CM (ESPESSURA 11,5 CM) E ARGAMASSA DE ASSENTAMENTO COM PREPARO MANUAL. AF_12/2021 | C41: M2 | D41: 83.95 | E41: 0.0247
A42: 103330 | B42: ALVENARIA DE VEDAÇÃO DE BLOCOS CERÂMICOS FURADOS NA HORIZONTAL DE 11,5X19X19 CM (ESPESSURA 11,5 CM) E ARGAMASSA DE ASSENTAMENTO COM PREPARO EM BETONEIRA. AF_12/2021 | C42: M2 | D42: 75.88 | E42: 0.0198
A43: 103331 | B43: ALVENARIA DE VEDAÇÃO DE BLOCOS CERÂMICOS FURADOS NA HORIZONTAL DE 11,5X19X19 CM (ESPESSURA 11,5 CM) E ARGAMASSA DE ASSENTAMENTO COM PREPARO MANUAL. AF_12/2021 | C43: M2 | D43: 77.25 | E43: 0.0194
A44: 103358 | B44: ALVENARIA DE VEDAÇÃO DE BLOCOS CERÂMICOS FURADOS NA HORIZONTAL DE 11,5X19X29 CM (ESPESSURA 11,5 CM) E ARGAMASSA DE ASSENTAMENTO COM PREPARO EM BETONEIRA. AF_12/2021 | C44: M2 | D44: 63.83 | E44: 0.0235
A45: 103359 | B45: ALVENARIA DE VEDAÇÃO DE BLOCOS CERÂMICOS FURADOS NA HORIZONTAL DE 11,5X19X29 CM (ESPESSURA 11,5 CM) E ARGAMASSA DE ASSENTAMENTO COM PREPARO MANUAL. AF_12/2021 | C45: M2 | D45: 64.99 | E45: 0.0231
A46: 103366 | B46: ALVENARIA DE VEDAÇÃO DE BLOCOS CERÂMICOS FURADOS NA HORIZONTAL DE 11,5X19X39 CM (ESPESSURA 11,5 CM) E ARGAMASSA DE ASSENTAMENTO COM PREPARO EM BETONEIRA. AF_12/2021 | C46: M2 | D46: 55.18 | E46: 0.0272
A47: 103367 | B47: ALVENARIA DE VEDAÇÃO DE BLOCOS CERÂMICOS FURADOS NA HORIZONTAL DE 11,5X19X39 CM (ESPESSURA 11,5 CM) E ARGAMASSA DE ASSENTAMENTO COM PREPARO MANUAL. AF_12/2021 | C47: M2 | D47: 56.23 | E47: 0.0267
A48: 103360 | B48: ALVENARIA DE VEDAÇÃO DE BLOCOS CERÂMICOS FURADOS NA HORIZONTAL DE 14X19X29 CM (ESPESSURA 14 CM) E ARGAMASSA DE ASSENTAMENTO COM PREPARO EM BETONEIRA. AF_12/2021 | C48: M2 | D48: 74.88 | E48: 0.0232
A49: 103361 | B49: ALVENARIA DE VEDAÇÃO DE BLOCOS CERÂMICOS FURADOS NA HORIZONTAL DE 14X19X29 CM (ESPESSURA 14 CM) E ARGAMASSA DE ASSENTAMENTO COM PREPARO MANUAL. AF_12/2021 | C49: M2 | D49: 76.34 | E49: 0.0228
A50: 103368 | B50: ALVENARIA DE VEDAÇÃO DE BLOCOS CERÂMICOS FURADOS NA HORIZONTAL DE 14X19X39 CM (ESPESSURA 14 CM) E ARGAMASSA DE ASSENTAMENTO COM PREPARO EM BETONEIRA. AF_12/2021 | C50: M2 | D50: 62.94 | E50: 0.0276
A51: 103369 | B51: ALVENARIA DE VEDAÇÃO DE BLOCOS CERÂMICOS FURADOS NA HORIZONTAL DE 14X19X39 CM (ESPESSURA 14 CM) E ARGAMASSA DE ASSENTAMENTO COM PREPARO MANUAL. AF_12/2021 | C51: M2 | D51: 64.26 | E51: 0.0271
... A101: 101161 | B101: ALVENARIA DE VEDAÇÃO COM ELEMENTO VAZADO DE CONCRETO (COBOGÓ) DE 7X50X50CM E ARGAMASSA DE ASSENTAMENTO COM PREPARO EM BETONEIRA. AF_05/2020 | C101: M2 | D101: 229.23 | E101: 0
A102: 101160 | B102: ALVENARIA DE VEDAÇÃO DE BLOCO DE SOLO-CIMENTO (TIJOLO ECOLÓGICO) DE 7X15X30CM (ESPESSURA 15CM). AF_05/2020 | C102: M2 | D102: 0
A103: 101159 | B103: ALVENARIA DE VEDAÇÃO DE BLOCOS CERÂMICOS MACIÇOS DE 5X10X20CM (ESPESSURA 10CM) E ARGAMASSA DE ASSENTAMENTO COM PREPARO EM BETONEIRA. AF_05/2020 | C103: M2 | D103: 127.64 | E103: 0
A104: 101154 | B104: ALVENARIA DE VEDAÇÃO DE BLOCOS DE CONCRETO CELULAR DE 10X30X60CM (ESPESSURA 10CM) E ARGAMASSA DE ASSENTAMENTO COM PREPARO EM BETONEIRA. AF_05/2020 | C104: M2 | D104: 150.11 | E104: 0.7155
A105: 101155 | B105: ALVENARIA DE VEDAÇÃO DE BLOCOS DE CONCRETO CELULAR DE 15X30X60CM (ESPESSURA 15CM) E ARGAMASSA DE ASSENTAMENTO COM PREPARO EM BETONEIRA. AF_05/2020 | C105: M2 | D105: 211.06 | E105: 0.748
A106: 101156 | B106: ALVENARIA DE VEDAÇÃO DE BLOCOS DE CONCRETO CELULAR DE 20X30X60CM (ESPESSURA 20CM) E ARGAMASSA DE ASSENTAMENTO COM PREPARO EM BETONEIRA. AF_05/2020 | C106: M2 | D106: 310.33 | E106: 0.7798
A107: 101158 | B107: ALVENARIA DE VEDAÇÃO DE BLOCOS DE GESSO DE 10X50X66CM (ESPESSURA 10CM). AF_05/2020 | C107: M2 | D107: 77.3 | E107: 0
A108: 101157 | B108: ALVENARIA DE VEDAÇÃO DE BLOCOS DE GESSO DE 7X50X66CM (ESPESSURA 7CM). AF_05/2020 | C108: M2 | D108: 59.31 | E108: 0
A109: 87382 | B109: ARGAMASSA INDUSTRIALIZADA MULTIUSO PARA REVESTIMENTOS E ASSENTAMENTO DA ALVENARIA, PREPARO COM MISTURADOR DE EIXO HORIZONTAL DE 160 KG. AF_08/2019 | C109: M3 | D109: 2105.69 | E109: 0
A110: 87383 | B110: ARGAMASSA INDUSTRIALIZADA MULTIUSO PARA REVESTIMENTOS E ASSENTAMENTO DA ALVENARIA, PREPARO COM MISTURADOR DE EIXO HORIZONTAL DE 300 KG. AF_08/2019 | C110: M3 | D110: 2105.72 | E110: 0
A111: 87384 | B111: ARGAMASSA INDUSTRIALIZADA MULTIUSO PARA REVESTIMENTOS E ASSENTAMENTO DA ALVENARIA, PREPARO COM MISTURADOR DE EIXO HORIZONTAL DE 600 KG. AF_08/2019 | C111: M3 | D111: 2101.63 | E111: 0
A112: 87398 | B112: ARGAMASSA INDUSTRIALIZADA MULTIUSO PARA REVESTIMENTOS E ASSENTAMENTO DA ALVENARIA, PREPARO MANUAL. AF_08/2019 | C112: M3 | D112: 2340.35 | E112: 0
A113: 87395 | B113: ARGAMASSA INDUSTRIALIZADA PARA CHAPISCO COLANTE, PREPARO COM MISTURADOR DE EIXO HORIZONTAL DE 160 KG. AF_08/2019 | C113: M3 | D113: 4119.27 | E113: 0
A114: 87396 | B114: ARGAMASSA INDUSTRIALIZADA PARA CHAPISCO COLANTE, PREPARO COM MISTURADOR DE EIXO HORIZONTAL DE 300 KG. AF_08/2019 | C114: M3 | D114: 4149.81 | E114: 0
... A132: 88627 | B132: ARGAMASSA TRAÇO 1:0,5:4,5 (EM VOLUME DE CIMENTO, CAL E AREIA MÉDIA ÚMIDA) PARA ASSENTAMENTO DE ALVENARIA, PREPARO MANUAL. AF_08/2019 | C132: M3 | D132: 776.64 | E132: 0
A133: 100463 | B133: ARGAMASSA TRAÇO 1:0,5:4,5 (EM VOLUME DE CIMENTO, CAL E AREIA MÉDIA ÚMIDA), PREPARO MECÂNICO COM BETONEIRA 250 L. AF_08/2019 | C133: M3 | D133: 0
A134: 88626 | B134: ARGAMASSA TRAÇO 1:0,5:4,5 (EM VOLUME DE CIMENTO, CAL E AREIA MÉDIA ÚMIDA), PREPARO MECÂNICO COM BETONEIRA 400 L. AF_08/2019 | C134: M3 | D134: 664.98 | E134: 0
A135: 100488 | B135: ARGAMASSA TRAÇO 1:0,5:4,5 (EM VOLUME DE CIMENTO, CAL E AREIA MÉDIA ÚMIDA), PREPARO MECÂNICO COM BETONEIRA 600 L. AF_08/2019 | C135: M3 | D135: 659.54 | E135: 0
A136: 100464 | B136: ARGAMASSA TRAÇO 1:0,5:4,5 (EM VOLUME DE CIMENTO, CAL E AREIA MÉDIA ÚMIDA), PREPARO MECÂNICO COM MISTURADOR DE EIXO HORIZONTAL DE 160 KG. AF_08/2019 | C136: M3 | D136: 685.91 | E136: 0
A137: 100465 | B137: ARGAMASSA TRAÇO 1:0,5:4,5 (EM VOLUME DE CIMENTO, CAL E AREIA MÉDIA ÚMIDA), PREPARO MECÂNICO COM MISTURADOR DE EIXO HORIZONTAL DE 300 KG. AF_08/2019 | C137: M3 | D137: 650.79 | E137: 0
A138: 100466 | B138: ARGAMASSA TRAÇO 1:0,5:4,5 (EM VOLUME DE CIMENTO, CAL E AREIA MÉDIA ÚMIDA), PREPARO MECÂNICO COM MISTURADOR DE EIXO HORIZONTAL DE 600 KG. AF_08/2019 | C138: M3 | D138: 634.71 | E138: 0
A139: 87368 | B139: ARGAMASSA TRAÇO 1:1,5:7,5 (EM VOLUME DE CIMENTO, CAL E AREIA MÉDIA ÚMIDA) PARA EMBOÇO/MASSA ÚNICA/ASSENTAMENTO DE ALVENARIA DE VEDAÇÃO, PREPARO MANUAL. AF_08/2019 | C139: M3 | D139: 837.57 | E139: 0
A140: 100450 | B140: ARGAMASSA TRAÇO 1:1,5:7,5 (EM VOLUME DE CIMENTO, CAL E AREIA MÉDIA ÚMIDA) PARA EMBOÇO/MASSA ÚNICA/ASSENTAMENTO DE ALVENARIA DE VEDAÇÃO, PREPARO MECÂNICO COM BETONEIRA 250 L. AF_08/2019 | C140: M3 | D140: 0
A141: 87289 | B141: ARGAMASSA TRAÇO 1:1,5:7,5 (EM VOLUME DE CIMENTO, CAL E AREIA MÉDIA ÚMIDA) PARA EMBOÇO/MASSA ÚNICA/ASSENTAMENTO DE ALVENARIA DE VEDAÇÃO, PREPARO MECÂNICO COM BETONEIRA 400 L. AF_08/2019 | C141: M3 | D141: 700.9 | E141: 0
A142: 87290 | B142: ARGAMASSA TRAÇO 1:1,5:7,5 (EM VOLUME DE CIMENTO, CAL E AREIA MÉDIA ÚMIDA) PARA EMBOÇO/MASSA ÚNICA/ASSENTAMENTO DE ALVENARIA DE VEDAÇÃO, PREPARO MECÂNICO COM BETONEIRA 600 L. AF_08/2019 | C142: M3 | D142: 694.25 | E142: 0
A143: 87333 | B143: ARGAMASSA TRAÇO 1:1,5:7,5 (EM VOLUME DE CIMENTO, CAL E AREIA MÉDIA ÚMIDA) PARA EMBOÇO/MASSA ÚNICA/ASSENTAMENTO DE ALVENARIA DE VEDAÇÃO, PREPARO MECÂNICO COM MISTURADOR DE EIXO HORIZONTAL DE 300 KG. AF_08/2019 | C143: M3 | D143: 700.52 | E143: 0
A144: 87334 | B144: ARGAMASSA TRAÇO 1:1,5:7,5 (EM VOLUME DE CIMENTO, CAL E AREIA MÉDIA ÚMIDA) PARA EMBOÇO/MASSA ÚNICA/ASSENTAMENTO DE ALVENARIA DE VEDAÇÃO, PREPARO MECÂNICO COM MISTURADOR DE EIXO HORIZONTAL DE 600 KG. AF_08/2019 | C144: M3 | D144: 667.3 | E144: 0
A145: 105515 | B145: ARGAMASSA TRAÇO 1:1,93 (EM VOLUME DE CIMENTO E AREIA MÉDIA ÚMIDA), FCK 20MPA, PREPARO MECÂNICO COM MISTURADOR DUPLO HORIZONTAL DE ALTA TURBULÊNCIA. AF_03/2020 | C145: M3 | D145: 914.9 | E145: 0
A146: 87367 | B146: ARGAMASSA TRAÇO 1:1:6 (EM VOLUME DE CIMENTO, CAL E AREIA MÉDIA ÚMIDA) PARA EMBOÇO/MASSA ÚNICA/ASSENTAMENTO DE ALVENARIA DE VEDAÇÃO, PREPARO MANUAL. AF_08/2019 | C146: M3 | D146: 841.85 | E146: 0
A147: 100449 | B147: ARGAMASSA TRAÇO 1:1:6 (EM VOLUME DE CIMENTO, CAL E AREIA MÉDIA ÚMIDA) PARA EMBOÇO/MASSA ÚNICA/ASSENTAMENTO DE ALVENARIA DE VEDAÇÃO, PREPARO MECÂNICO COM BETONEIRA 250 L. AF_08/2019 | C147: M3 | D147: 0
A148: 87286 | B148: ARGAMASSA TRAÇO 1:1:6 (EM VOLUME DE CIMENTO, CAL E AREIA MÉDIA ÚMIDA) PARA EMBOÇO/MASSA ÚNICA/ASSENTAMENTO DE ALVENARIA DE VEDAÇÃO, PREPARO MECÂNICO COM BETONEIRA 400 L. AF_08/2019 | C148: M3 | D148: 707.77 | E148: 0
A149: 87287 | B149: ARGAMASSA TRAÇO 1:1:6 (EM VOLUME DE CIMENTO, CAL E AREIA MÉDIA ÚMIDA) PARA EMBOÇO/MASSA ÚNICA/ASSENTAMENTO DE ALVENARIA DE VEDAÇÃO, PREPARO MECÂNICO COM BETONEIRA 600 L. AF_08/2019 | C149: M3 | D149: 694.87 | E149: 0
A150: 87331 | B150: ARGAMASSA TRAÇO 1:1:6 (EM VOLUME DE CIMENTO, CAL E AREIA MÉDIA ÚMIDA) PARA EMBOÇO/MASSA ÚNICA/ASSENTAMENTO DE ALVENARIA DE VEDAÇÃO, PREPARO MECÂNICO COM MISTURADOR DE EIXO HORIZONTAL DE 300 KG. AF_08/2019 | C150: M3 | D150: 726.22 | E150: 0
A151: 87332 | B151: ARGAMASSA TRAÇO 1:1:6 (EM VOLUME DE CIMENTO, CAL E AREIA MÉDIA ÚMIDA) PARA EMBOÇO/MASSA ÚNICA/ASSENTAMENTO DE ALVENARIA DE VEDAÇÃO, PREPARO MECÂNICO COM MISTURADOR DE EIXO HORIZONTAL DE 600 KG. AF_08/2019 | C151: M3 | D151: 670.79 | E151: 0
A152: 87369 | B152: ARGAMASSA TRAÇO 1:2:8 (EM VOLUME DE CIMENTO, CAL E AREIA MÉDIA ÚMIDA) PARA EMBOÇO/MASSA ÚNICA/ASSENTAMENTO DE ALVENARIA DE VEDAÇÃO, PREPARO MANUAL. AF_08/2019 | C152: M3 | D152: 873.56 | E152: 0
A153: 100451 | B153: ARGAMASSA TRAÇO 1:2:8 (EM VOLUME DE CIMENTO, CAL E AREIA MÉDIA ÚMIDA) PARA EMBOÇO/MASSA ÚNICA/ASSENTAMENTO DE ALVENARIA DE VEDAÇÃO, PREPARO MECÂNICO COM BETONEIRA 250 L. AF_08/2019 | C153: M3 | D153: 0
A154: 87292 | B154: ARGAMASSA TRAÇO 1:2:8 (EM VOLUME DE CIMENTO, CAL E AREIA MÉDIA ÚMIDA) PARA EMBOÇO/MASSA ÚNICA/ASSENTAMENTO DE ALVENARIA DE VEDAÇÃO, PREPARO MECÂNICO COM BETONEIRA 400 L. AF_08/2019 | C154: M3 | D154: 734.59 | E154: 0
A155: 87335 | B155: ARGAMASSA TRAÇO 1:2:8 (EM VOLUME DE CIMENTO, CAL E AREIA MÉDIA ÚMIDA) PARA EMBOÇO/MASSA ÚNICA/ASSENTAMENTO DE ALVENARIA DE VEDAÇÃO, PREPARO MECÂNICO COM MISTURADOR DE EIXO HORIZONTAL DE 300 KG. AF_08/2019 | C155: M3 | D155: 694.56 | E155: 0
A156: 87336 | B156: ARGAMASSA TRAÇO 1:2:8 (EM VOLUME DE CIMENTO, CAL E AREIA MÉDIA ÚMIDA) PARA EMBOÇO/MASSA ÚNICA/ASSENTAMENTO DE ALVENARIA DE VEDAÇÃO, PREPARO MECÂNICO COM MISTURADOR DE EIXO HORIZONTAL DE 600 KG. AF_08/2019 | C156: M3 | D156: 704.96 | E156: 0
A157: 87370 | B157: ARGAMASSA TRAÇO 1:2:9 (EM VOLUME DE CIMENTO, CAL E AREIA MÉDIA ÚMIDA) PARA EMBOÇO/MASSA ÚNICA/ASSENTAMENTO DE ALVENARIA DE VEDAÇÃO, PREPARO MANUAL. AF_08/2019 | C157: M3 | D157: 838.32 | E157: 0
A158: 100452 | B158: ARGAMASSA TRAÇO 1:2:9 (EM VOLUME DE CIMENTO, CAL E AREIA MÉDIA ÚMIDA) PARA EMBOÇO/MASSA ÚNICA/ASSENTAMENTO DE ALVENARIA DE VEDAÇÃO, PREPARO MECÂNICO COM BETONEIRA 250 L. AF_08/2019 | C158: M3 | D158: 0
A159: 88715 | B159: ARGAMASSA TRAÇO 1:2:9 (EM VOLUME DE CIMENTO, CAL E AREIA MÉDIA ÚMIDA) PARA EMBOÇO/MASSA ÚNICA/ASSENTAMENTO DE ALVENARIA DE VEDAÇÃO, PREPARO MECÂNICO COM BETONEIRA 400 L. AF_08/2019 | C159: M3 | D159: 692.92 | E159: 0
A160: 87294 | B160: ARGAMASSA TRAÇO 1:2:9 (EM VOLUME DE CIMENTO, CAL E AREIA MÉDIA ÚMIDA) PARA EMBOÇO/MASSA ÚNICA/ASSENTAMENTO DE ALVENARIA DE VEDAÇÃO, PREPARO MECÂNICO COM BETONEIRA 600 L. AF_08/2019 | C160: M3 | D160: 698.67 | E160: 0
A161: 87337 | B161: ARGAMASSA TRAÇO 1:2:9 (EM VOLUME DE CIMENTO, CAL E AREIA MÉDIA ÚMIDA) PARA EMBOÇO/MASSA ÚNICA/ASSENTAMENTO DE ALVENARIA DE VEDAÇÃO, PREPARO MECÂNICO COM MISTURADOR DE EIXO HORIZONTAL DE 300 KG. AF_08/2019 | C161: M3 | D161: 696.24 | E161: 0
A162: 100487 | B162: ARGAMASSA TRAÇO 1:2:9 (EM VOLUME DE CIMENTO, CAL E AREIA MÉDIA ÚMIDA) PARA EMBOÇO/MASSA ÚNICA/ASSENTAMENTO DE ALVENARIA DE VEDAÇÃO, PREPARO MECÂNICO COM MISTURADOR DE EIXO HORIZONTAL DE 600 KG. AF_08/2019 | C162: M3 | D162: 666.21 | E162: 0
A163: 87380 | B163: ARGAMASSA TRAÇO 1:3 (EM VOLUME DE CIMENTO E AREIA GROSSA ÚMIDA) COM ADIÇÃO DE EMULSÃO POLIMÉRICA PARA CHAPISCO ROLADO, PREPARO MANUAL. AF_08/2019 | C163: M3 | D163: 3864.7 | E163: 0
A164: 100461 | B164: ARGAMASSA TRAÇO 1:3 (EM VOLUME DE CIMENTO E AREIA GROSSA ÚMIDA) COM ADIÇÃO DE EMULSÃO POLIMÉRICA PARA CHAPISCO ROLADO, PREPARO MECÂNICO COM BETONEIRA 250 L. AF_08/2019 | C164: M3 | D164: 0
A165: 87322 | B165: ARGAMASSA TRAÇO 1:3 (EM VOLUME DE CIMENTO E AREIA GROSSA ÚMIDA) COM ADIÇÃO DE EMULSÃO POLIMÉRICA PARA CHAPISCO ROLADO, PREPARO MECÂNICO COM BETONEIRA 400 L. AF_08/2019 | C165: M3 | D165: 3759.21 | E165: 0
A166: 87323 | B166: ARGAMASSA TRAÇO 1:3 (EM VOLUME DE CIMENTO E AREIA GROSSA ÚMIDA) COM ADIÇÃO DE EMULSÃO POLIMÉRICA PARA CHAPISCO ROLADO, PREPARO MECÂNICO COM BETONEIRA 600 L. AF_08/2019 | C166: M3 | D166: 3760.86 | E166: 0
A167: 87360 | B167: ARGAMASSA TRAÇO 1:3 (EM VOLUME DE CIMENTO E AREIA GROSSA ÚMIDA) COM ADIÇÃO DE EMULSÃO POLIMÉRICA PARA CHAPISCO ROLADO, PREPARO MECÂNICO COM MISTURADOR DE EIXO HORIZONTAL DE 160 KG. AF_08/2019 | C167: M3 | D167: 3710.39 | E167: 0
...

Sheet ISD
A1: SINAPI - Sistema Nacional de Pesquisa de Custos e Índices da Construção Civil
A2: RELATÓRIO DE PREÇOS DE INSUMOS - ENGARGOS SOCIAIS SEM DESONERAÇÃO
A3: Mês de Referência: | B3: 12/2025 | E3: Encargos sociais sobre a mão de obra:
A4: Data de emissão: | B4: 09/01/2026 | E4: (SEM DESONERAÇÃO) | F4: PE
E5: Localidade | F5: RECIFE
A6: Origem de preço: | B6: C = COLETADO | C6: CR = COEFICIENTE DE REPRESENTATIVIDADE | E6: Horista | F6: 1.1384
A7: Preço em branco para determinado estado significa que não houve coleta mínima de preços no mês de referência | E7: Mensalista | F7: 0.7011
A9: Acessar Fichas de Especificação Técnico dos Insumos | E9: Preços Medianos (R$):
A10: Código do Insumo | B10: Descrição do Insumo | C10: Unidade | D10: Origem de Preço | E10: PE
A11: 45333 | B11: ABERTURA PARA ENCAIXE DE CUBA OU LAVATORIO EM BANCADA DE MARMORE/ GRANITO OU OUTRO TIPO DE PEDRA NATURAL | C11: UN | D11: CR | E11: 199.02
A12: 11270 | B12: ABRACADEIRA DE LATAO PARA FIXACAO DE CABO PARA-RAIO, DIMENSOES 32 X 24 X 24 MM | C12: UN | D12: CR | E12: 4.05
A13: 412 | B13: ABRACADEIRA DE NYLON PARA AMARRACAO DE CABOS, COMPRIMENTO DE *230* X *7,6* MM | C13: UN | D13: CR | E13: 1.18
A14: 414 | B14: ABRACADEIRA DE NYLON PARA AMARRACAO DE CABOS, COMPRIMENTO DE 100 X 2,5 MM | C14: UN | D14: CR | E14: 0.07
A15: 410 | B15: ABRACADEIRA DE NYLON PARA AMARRACAO DE CABOS, COMPRIMENTO DE 150 X *3,6* MM | C15: UN | D15: CR | E15: 0.18
A16: 411 | B16: ABRACADEIRA DE NYLON PARA AMARRACAO DE CABOS, COMPRIMENTO DE 200 X *4,6* MM | C16: UN | D16: C | E16: 0.23
A17: 408 | B17: ABRACADEIRA DE NYLON PARA AMARRACAO DE CABOS, COMPRIMENTO DE 390 X *4,6* MM | C17: UN | D17: CR | E17: 1.14
A18: 39131 | B18: ABRACADEIRA EM ACO PARA AMARRACAO DE ELETRODUTOS, TIPO D, COM 1 1/2" E CUNHA DE FIXACAO | C18: UN | D18: CR | E18: 5.1
A19: 394 | B19: ABRACADEIRA EM ACO PARA AMARRACAO DE ELETRODUTOS, TIPO D, COM 1 1/2" E PARAFUSO DE FIXACAO | C19: UN | D19: CR | E19: 5.17
A20: 39130 | B20: ABRACADEIRA EM ACO PARA AMARRACAO DE ELETRODUTOS, TIPO D, COM 1 1/4" E CUNHA DE FIXACAO | C20: UN | D20: CR | E20: 4.65
A21: 395 | B21: ABRACADEIRA EM ACO PARA AMARRACAO DE ELETRODUTOS, TIPO D, COM 1 1/4" E PARAFUSO DE FIXACAO | C21: UN | D21: CR | E21: 4.97
A22: 39129 | B22: ABRACADEIRA EM ACO PARA AMARRACAO DE ELETRODUTOS, TIPO D, COM 1" E CUNHA DE FIXACAO | C22: UN | D22: CR | E22: 2.87
... A54: 36246 | B54: ACABAMENTO SIMPLES/CONVENCIONAL PARA FORRO PVC, TIPO "U" OU "C", COR BRANCA, COMPRIMENTO 6 M | C54: M | D54: CR | E54: 4.26
A55: 37600 | B55: ACESSORIO DE LIGACAO NAO ELETRICO PARA CARGAS EXPLOSIVAS, TUBO DE 6 M | C55: UN | D55: CR
A56: 37599 | B56: ACESSORIO INICIADOR NAO ELETRICO, TUBO DE 6 M, TEMPO DE RETARDO DE *160* MS | C56: UN | D56: CR
A57: 1 | B57: ACETILENO - RECARGA DE GAS PARA CILINDRO (NAO INCLUI TROCA/MANUTENCAO DO CILINDRO) | C57: KG | D57: C
A58: 3 | B58: ACIDO CLORIDRICO / ACIDO MURIATICO, DILUICAO 10% A 12% PARA USO EM LIMPEZA | C58: L | D58: CR | E58: 26.92
A59: 43054 | B59: ACO CA-25, 10,0 MM, OU 12,5 MM, OU 16,0 MM, OU 20,0 MM, OU 25,0 MM, VERGALHAO | C59: KG | D59: CR | E59: 8.02
A60: 42402 | B60: ACO CA-25, 16,0 MM, BARRA DE TRANSFERENCIA | C60: KG | D60: CR | E60: 7.67
A61: 42403 | B61: ACO CA-25, 20,0 MM, BARRA DE TRANSFERENCIA | C61: KG | D61: CR | E61: 9.84
A62: 42404 | B62: ACO CA-25, 25,0 MM, BARRA DE TRANSFERENCIA | C62: KG | D62: CR | E62: 9.78
A63: 42405 | B63: ACO CA-25, 32,0 MM, BARRA DE TRANSFERENCIA | C63: KG | D63: CR | E63: 10.42
A64: 34341 | B64: ACO CA-25, 32,0 MM, VERGALHAO | C64: KG | D64: CR | E64: 9.04
A65: 43053 | B65: ACO CA-25, 6,3 MM OU 8,0 MM, VERGALHAO | C65: KG | D65: CR | E65: 7.17
A66: 43058 | B66: ACO CA-50, 10,0 MM, OU 12,5 MM, OU 16,0 MM, OU 20,0 MM, DOBRADO E CORTADO | C66: KG | D66: CR | E66: 7.43
A67: 34 | B67: ACO CA-50, 10,0 MM, VERGALHAO | C67: KG | D67: CR | E67: 7.47
A68: 43055 | B68: ACO CA-50, 12,5 MM OU 16,0 MM, VERGALHAO | C68: KG | D68: C | E68: 6.47
A69: 43056 | B69: ACO CA-50, 20,0 MM OU 25,0 MM, VERGALHAO | C69: KG | D69: CR | E69: 7.46
... A77: 43060 | B77: ACO CA-60, 8,0 MM OU 9,5 MM, VERGALHAO | C77: KG | D77: CR | E77: 6.16
A78: 40410 | B78: ACOPLAMENTO RIGIDO EM FERRO FUNDIDO PARA SISTEMA DE TUBULACAO RANHURADA, DN 50 MM (2") | C78: UN | D78: C
A79: 40411 | B79: ACOPLAMENTO RIGIDO EM FERRO FUNDIDO PARA SISTEMA DE TUBULACAO RANHURADA, DN 65 MM (2 1/2") | C79: UN | D79: CR
A80: 40412 | B80: ACOPLAMENTO RIGIDO EM FERRO FUNDIDO PARA SISTEMA DE TUBULACAO RANHURADA, DN 80 MM (3") | C80: UN | D80: CR
A81: 44254 | B81: ADAPTADOR CPVC, ROSCAVEL, COM FLANGES E ANEL DE VEDACAO, 15 MM, CAIXA D'AGUA PARA AGUA QUENTE | C81: UN | D81: CR
A82: 44255 | B82: ADAPTADOR CPVC, ROSCAVEL, COM FLANGES E ANEL DE VEDACAO, 22 MM, CAIXA D'AGUA PARA AGUA QUENTE | C82: UN | D82: CR
A83: 44256 | B83: ADAPTADOR CPVC, ROSCAVEL, COM FLANGES E ANEL DE VEDACAO, 28 MM, CAIXA D'AGUA PARA AGUA QUENTE | C83: UN | D83: CR
A84: 44257 | B84: ADAPTADOR CPVC, ROSCAVEL, COM FLANGES E ANEL DE VEDACAO, 35 MM, CAIXA D'AGUA PARA AGUA QUENTE | C84: UN | D84: CR
A85: 44258 | B85: ADAPTADOR CPVC, ROSCAVEL, COM FLANGES E ANEL DE VEDACAO, 42 MM, CAIXA D'AGUA PARA AGUA QUENTE | C85: UN | D85: CR
A86: 44259 | B86: ADAPTADOR CPVC, ROSCAVEL, COM FLANGES E ANEL DE VEDACAO, 54 MM, CAIXA D'AGUA PARA AGUA QUENTE | C86: UN | D86: CR
A87: 37997 | B87: ADAPTADOR CPVC, SOLDAVEL, 15 MM, PARA AGUA QUENTE | C87: UN | D87: CR
A88: 37998 | B88: ADAPTADOR CPVC, SOLDAVEL, 22 MM, PARA AGUA QUENTE | C88: UN | D88: CR
A89: 55 | B89: ADAPTADOR DE COMPRESSAO EM POLIPROPILENO (PP), PARA TUBO EM PEAD, 20 MM X 1/2", PARA LIGACAO PREDIAL DE AGUA (NTS 179) | C89: UN | D89: C
... A91: 62 | B91: ADAPTADOR DE COMPRESSAO EM POLIPROPILENO (PP), PARA TUBO EM PEAD, 32 MM X 1", PARA LIGACAO PREDIAL DE AGUA (NTS 179) | C91: UN | D91: CR
A92: 10899 | B92: ADAPTADOR EM LATAO, ENGATE RAPIDO 2 1/2" X ROSCA INTERNA 5 FIOS 2 1/2", PARA INSTALACAO PREDIAL DE COMBATE A INCENDIO | C92: UN | D92: CR | E92: 100.76
A93: 10900 | B93: ADAPTADOR EM LATAO, ENGATE RAPIDO1 1/2" X ROSCA INTERNA 5 FIOS 2 1/2", PARA INSTALACAO PREDIAL DE COMBATE A INCENDIO | C93: UN | D93: CR | E93: 78.85
A94: 47 | B94: ADAPTADOR PVC PBA, BOLSA/ROSCA, JE, DN 100 / DE 110 MM | C94: UN | D94: CR
A95: 48 | B95: ADAPTADOR PVC PBA, BOLSA/ROSCA, JE, DN 50 / DE 60 MM | C95: UN | D95: CR
A96: 46 | B96: ADAPTADOR PVC PBA, BOLSA/ROSCA, JE, DN 75 / DE 85 MM | C96: UN | D96: CR
A97: 52 | B97: ADAPTADOR PVC PBA, PONTA/ROSCA, JE, DN 50 / DE 60 MM | C97: UN | D97: CR
A98: 43 | B98: ADAPTADOR PVC PBA, PONTA/ROSCA, JE, DN 75 / DE 85 MM | C98: UN | D98: CR
A99: 103 | B99: ADAPTADOR PVC SOLDAVEL CURTO COM BOLSA E ROSCA, 110 MM X 4", PARA AGUA FRIA | C99: UN | D99: CR | E99: 41.56
A100: 107 | B100: ADAPTADOR PVC SOLDAVEL CURTO COM BOLSA E ROSCA, 20 MM X 1/2", PARA AGUA FRIA | C100: UN | D100: CR | E100: 0.78
A101: 65 | B101: ADAPTADOR PVC SOLDAVEL CURTO COM BOLSA E ROSCA, 25 MM X 3/4", PARA AGUA FRIA | C101: UN | D101: CR | E101: 0.85
A102: 108 | B102: ADAPTADOR PVC SOLDAVEL CURTO COM BOLSA E ROSCA, 32 MM X 1", PARA AGUA FRIA | C102: UN | D102: CR | E102: 1.72
A103: 110 | B103: ADAPTADOR PVC SOLDAVEL CURTO COM BOLSA E ROSCA, 40 MM X 1 1/2", PARA AGUA FRIA | C103: UN | D103: CR | E103: 5.98
A104: 109 | B104: ADAPTADOR PVC SOLDAVEL CURTO COM BOLSA E ROSCA, 40 MM X 1 1/4", PARA AGUA FRIA | C104: UN | D104: CR | E104: 3.56
A105: 111 | B105: ADAPTADOR PVC SOLDAVEL CURTO COM BOLSA E ROSCA, 50 MM X 1 1/4", PARA AGUA FRIA | C105: UN | D105: CR | E105: 8.09
A106: 112 | B106: ADAPTADOR PVC SOLDAVEL CURTO COM BOLSA E ROSCA, 50 MM X1 1/2", PARA AGUA FRIA | C106: UN | D106: CR | E106: 4.29
A107: 113 | B107: ADAPTADOR PVC SOLDAVEL CURTO COM BOLSA E ROSCA, 60 MM X 2", PARA AGUA FRIA | C107: UN | D107: CR | E107: 10.73
A108: 104 | B108: ADAPTADOR PVC SOLDAVEL CURTO COM BOLSA E ROSCA, 75 MM X 2 1/2", PARA AGUA FRIA | C108: UN | D108: CR | E108: 18.68
A109: 102 | B109: ADAPTADOR PVC SOLDAVEL CURTO COM BOLSA E ROSCA, 85 MM X 3", PARA AGUA FRIA | C109: UN | D109: CR | E109: 25.75
A110: 95 | B110: ADAPTADOR PVC SOLDAVEL, COM FLANGE E ANEL DE VEDACAO, 20 MM X 1/2", PARA CAIXA D'AGUA | C110: UN | D110: CR | E110: 10.88
... A114: 99 | B114: ADAPTADOR PVC SOLDAVEL, COM FLANGE E ANEL DE VEDACAO, 50 MM X 1 1/2", PARA CAIXA D'AGUA | C114: UN | D114: CR | E114: 25.19
A115: 60 | B115: ADAPTADOR PVC, COM REGISTRO, PARA PEAD, 20 MM X 3/4", PARA LIGACAO PREDIAL DE AGUA | C115: UN | D115: CR
A116: 72 | B116: ADAPTADOR PVC, ROSCAVEL, COM FLANGES E ANEL DE VEDACAO, 1 1/2", PARA CAIXA D'AGUA | C116: UN | D116: CR | E116: 48.32
A117: 71 | B117: ADAPTADOR PVC, ROSCAVEL, COM FLANGES E ANEL DE VEDACAO, 1", PARA CAIXA D'AGUA | C117: UN | D117: CR | E117: 29.84
A118: 67 | B118: ADAPTADOR PVC, ROSCAVEL, COM FLANGES E ANEL DE VEDACAO, 1/2", PARA CAIXA D'AGUA | C118: UN | D118: CR | E118: 15.62
A119: 73 | B119: ADAPTADOR PVC, ROSCAVEL, COM FLANGES E ANEL DE VEDACAO, 3/4", PARA CAIXA D'AGUA | C119: UN | D119: CR | E119: 14.95
A120: 100 | B120: ADAPTADOR PVC, SOLDAVEL, COM FLANGES E ANEL DE VEDACAO, 60 MM X 2", PARA CAIXA D'AGUA | C120: UN | D120: CR | E120: 44.02
A121: 75 | B121: ADAPTADOR PVC, SOLDAVEL, COM FLANGES LIVRES, 110 MM X 4", PARA CAIXA D'AGUA | C121: UN | D121: CR | E121: 256.64
A122: 83 | B122: ADAPTADOR PVC, SOLDAVEL, COM FLANGES LIVRES, 75 MM X 2 1/2", PARA CAIXA D'AGUA | C122: UN | D122: CR | E122: 205.17
A123: 74 | B123: ADAPTADOR PVC, SOLDAVEL, COM FLANGES LIVRES, 85 MM X 3", PARA CAIXA D'AGUA | C123: UN | D123: CR | E123: 293.34
A124: 106 | B124: ADAPTADOR PVC, SOLDAVEL, LONGO, COM FLANGE LIVRE, 110 MM X 4", PARA CAIXA D'AGUA | C124: UN | D124: CR | E124: 370.94
A125: 88 | B125: ADAPTADOR PVC, SOLDAVEL, LONGO, COM FLANGE LIVRE, 32 MM X 1", PARA CAIXA D'AGUA | C125: UN | D125: CR | E125: 10.42
A126: 82 | B126: ADAPTADOR PVC, SOLDAVEL, LONGO, COM FLANGE LIVRE, 75 MM X 2 1/2", PARA CAIXA D'AGUA | C126: UN | D126: CR | E126: 195.2
A127: 105 | B127: ADAPTADOR PVC, SOLDAVEL, LONGO, COM FLANGE LIVRE, 85 MM X 3", PARA CAIXA D'AGUA | C127: UN | D127: CR | E127: 276.6
... A152: 42409 | B152: AGENTE DE CURA, PROTETOR DA EVAPORACAO DA AGUA DE HIDRATACAO DO CONCRETO | C152: KG | D152: CR | E152: 12.87
A153: 40553 | B153: AGREGADO RECICLADO, TIPO RACHAO RECICLADO CINZA, CLASSE A | C153: M3 | D153: C
A154: 6114 | B154: AJUDANTE DE ARMADOR (HORISTA) | C154: H | D154: CR | E154: 17.91
A155: 40912 | B155: AJUDANTE DE ARMADOR (MENSALISTA) | C155: MES | D155: CR | E155: 3137.72
A156: 247 | B156: AJUDANTE DE ELETRICISTA (HORISTA) | C156: H | D156: CR | E156: 17.91
A157: 40919 | B157: AJUDANTE DE ELETRICISTA (MENSALISTA) | C157: MES | D157: CR | E157: 3137.72
A158: 44499 | B158: AJUDANTE DE ESTRUTURAS METALICAS (HORISTA) | C158: H | D158: CR | E158: 17.91
A159: 40984 | B159: AJUDANTE DE ESTRUTURAS METALICAS (MENSALISTA) | C159: MES | D159: CR | E159: 3137.72
A160: 248 | B160: AJUDANTE DE OPERACAO EM GERAL (HORISTA) | C160: H | D160: CR | E160: 18.06
A161: 41086 | B161: AJUDANTE DE OPERACAO EM GERAL (MENSALISTA) | C161: MES | D161: CR | E161: 3165.52
A162: 34466 | B162: AJUDANTE DE PINTOR (HORISTA) | C162: H | D162: CR | E162: 17.91
A163: 41083 | B163: AJUDANTE DE PINTOR (MENSALISTA) | C163: MES | D163: CR | E163: 3137.72
A164: 252 | B164: AJUDANTE DE SERRALHEIRO (HORISTA) | C164: H | D164: CR | E164: 17.91
A165: 40909 | B165: AJUDANTE DE SERRALHEIRO (MENSALISTA) | C165: MES | D165: CR | E165: 3137.72
... A167: 41085 | B167: AJUDANTE ESPECIALIZADO (MENSALISTA) | C167: MES | D167: CR | E167: 3165.52
A168: 427 | B168: ALCA PREFORMADA DE CONTRA POSTE, EM ACO GALVANIZADO, PARA CABO 3/16", COMPRIMENTO *860* MM | C168: UN | D168: CR
...

Sheet CSD
A1: SINAPI - Sistema Nacional de Pesquisa de Custos e Índices da Construção Civil
A2: RELATÓRIO DE CUSTOS DE COMPOSIÇÕES - ENCARGOS SOCIAIS SEM DESONERAÇÃO
A3: Mês de Referência: | B3: 12/2025 | D3: Encargos sociais sobre a mão de obra:
A4: Data de emissão: | B4: 09/01/2026 | D4: (SEM DESONERAÇÃO) | E4: PE
D5: Localidade | E5: RECIFE
A6: Observação: | B6: %AS (porcentagem Atribuído São Paulo) corresponde a porcentagem do custo total da | D6: Horista | E6: 1.1384
B7: composição que foi obtida utilizando preços de insumos de São Paulo por indisponibilidade | D7: Mensalista | E7: 0.7011
B8: dos preços de insumos necessários à composição no estado em questão. Custo zerado (hífen)
B9: indica que pelo menos um dos itens da composição não tem custo/preço. | E9: PE
A10: Código da Composição | B10: Descrição | C10: Unidade | D10: Custo (R$) | E10: %AS
A11: 104658 | B11: PISO PODOTÁTIL DE ALERTA OU DIRECIONAL, DE CONCRETO, ASSENTADO SOBRE ARGAMASSA. AF_03/2024 | C11: M2 | D11: 158.89 | E11: 0
A12: 105002 | B12: RAMPA DE ACESSIBILIDADE EM CONCRETO MOLDADO IN LOCO, EM CALÇADA NOVA COM LARGURA MAIOR OU IGUAL À 3,00 M, FCK 25MPA, COM PISO PODOTÁTIL. AF_03/2024 | C12: UN | D12: 774.13 | E12: 0
A13: 105004 | B13: RAMPA DE ACESSIBILIDADE EM CONCRETO MOLDADO IN LOCO, EM CALÇADA NOVA COM LARGURA MENOR À 3,00 M, FCK 25MPA, COM PISO PODOTÁTIL. AF_03/2024 | C13: M2 | D13: 131.88 | E13: 0
A14: 105003 | B14: RAMPA DE ACESSIBILIDADE EM CONCRETO MOLDADO IN LOCO, EM CALÇADA PRÉ EXISTENTE COM LARGURA MAIOR OU IGUAL À 3,00 M, FCK 25MPA, COM PISO PODOTÁTIL. AF_03/2024 | C14: UN | D14: 1210.32 | E14: 0.0552
A15: 105005 | B15: RAMPA DE ACESSIBILIDADE EM CONCRETO MOLDADO IN LOCO, EM CALÇADA PRÉ EXISTENTE COM LARGURA MENOR À 3,00 M, FCK 25MPA, COM PISO PODOTÁTIL. AF_03/2024 | C15: M2 | D15: 212.65 | E15: 0.0581
A16: 105006 | B16: RAMPA DE ACESSIBILIDADE EM CONCRETO PRÉ MOLDADO, EM CALÇADA NOVA COM LARGURA MAIOR OU IGUAL À 3,00 M, FCK 25MPA, COM PISO PODOTÁTIL. AF_03/2024 | C16: UN | D16: 0
A17: 104999 | B17: RAMPA DE ACESSIBILIDADE EM CONCRETO PRÉ MOLDADO, EM CALÇADA PRÉ EXISTENTE COM LARGURA MAIOR OU IGUAL À 3,00 M, FCK 25MPA, COM PISO PODOTÁTIL. AF_03/2024 | C17: UN | D17: 0
A18: 105000 | B18: RAMPA DE ACESSIBILIDADE PARA ACESSO A EDIFICAÇÕES COM INCLINAÇÃO DE 8,33% EM CONCRETO MOLDADO IN LOCO, COM LARGURA DE 1,20M, FCK 25MPA, NÃO ARMADA, COM JUNTA A CADA 2M COM CORTE À SECO. AF_03/2024 | C18: M | D18: 1146.45 | E18: 0
A19: 105001 | B19: RAMPA DE ACESSIBILIDADE PARA ACESSO A EDIFICAÇÕES COM INCLINAÇÃO DE 8,33% EM CONCRETO MOLDADO IN LOCO, COM LARGURA DE 1,50M, FCK 25MPA, NÃO ARMADA, COM JUNTA A CADA 2M COM CORTE À SECO. AF_03/2024 | C19: M | D19: 1178.72 | E19: 0
A20: 89306 | B20: ALVENARIA ESTRUTURAL DE BLOCOS CERÂMICOS 14X19X29, (ESPESSURA DE 14 CM), UTILIZANDO COLHER DE PEDREIRO E ARGAMASSA DE ASSENTAMENTO COM PREPARO EM BETONEIRA. AF_03/2023 | C20: M2 | D20: 92.67 | E20: 0
A21: 89307 | B21: ALVENARIA ESTRUTURAL DE BLOCOS CERÂMICOS 14X19X29, (ESPESSURA DE 14 CM), UTILIZANDO COLHER DE PEDREIRO E ARGAMASSA DE ASSENTAMENTO COM PREPARO MANUAL. AF_03/2023 | C21: M2 | D21: 95.46 | E21: 0
A22: 89290 | B22: ALVENARIA ESTRUTURAL DE BLOCOS CERÂMICOS 14X19X29, (ESPESSURA DE 14 CM), UTILIZANDO PALHETA E ARGAMASSA DE ASSENTAMENTO COM PREPARO EM BETONEIRA. AF_03/2023 | C22: M2 | D22: 74.92 | E22: 0
A23: 89291 | B23: ALVENARIA ESTRUTURAL DE BLOCOS CERÂMICOS 14X19X29, (ESPESSURA DE 14 CM), UTILIZANDO PALHETA E ARGAMASSA DE ASSENTAMENTO COM PREPARO MANUAL. AF_03/2023 | C23: M2 | D23: 77 | E23: 0
A24: 89298 | B24: ALVENARIA ESTRUTURAL DE BLOCOS CERÂMICOS 14X19X39, (ESPESSURA DE 14 CM), UTILIZANDO COLHER DE PEDREIRO E ARGAMASSA DE ASSENTAMENTO COM PREPARO EM BETONEIRA. AF_03/2023 | C24: M2 | D24: 78.58 | E24: 0
A25: 89299 | B25: ALVENARIA ESTRUTURAL DE BLOCOS CERÂMICOS 14X19X39, (ESPESSURA DE 14 CM), UTILIZANDO COLHER DE PEDREIRO E ARGAMASSA DE ASSENTAMENTO COM PREPARO MANUAL. AF_03/2023 | C25: M2 | D25: 81.08 | E25: 0
A26: 89282 | B26: ALVENARIA ESTRUTURAL DE BLOCOS CERÂMICOS 14X19X39, (ESPESSURA DE 14 CM), UTILIZANDO PALHETA E ARGAMASSA DE ASSENTAMENTO COM PREPARO EM BETONEIRA. AF_03/2023 | C26: M2 | D26: 65.98 | E26: 0
A27: 89283 | B27: ALVENARIA ESTRUTURAL DE BLOCOS CERÂMICOS 14X19X39, (ESPESSURA DE 14 CM), UTILIZANDO PALHETA E ARGAMASSA DE ASSENTAMENTO COM PREPARO MANUAL. AF_03/2023 | C27: M2 | D27: 67.86 | E27: 0
A28: 89480 | B28: ALVENARIA DE BLOCOS DE CONCRETO ESTRUTURAL 14X19X29 CM (ESPESSURA 14 CM), FBK = 14 MPA, UTILIZANDO COLHER DE PEDREIRO. AF_10/2022 | C28: M2 | D28: 163.4 | E28: 0
A29: 89464 | B29: ALVENARIA DE BLOCOS DE CONCRETO ESTRUTURAL 14X19X29 CM (ESPESSURA 14 CM), FBK = 14,0 MPA, UTILIZANDO PALHETA. AF_10/2022 | C29: M2 | D29: 141.43 | E29: 0
... A31: 89462 | B31: ALVENARIA DE BLOCOS DE CONCRETO ESTRUTURAL 14X19X29 CM (ESPESSURA 14 CM), FBK = 4,5 MPA, UTILIZANDO PALHETA. AF_10/2022 | C31: M2 | D31: 120.79 | E31: 0
A32: 104444 | B32: ALVENARIA DE BLOCOS DE CONCRETO ESTRUTURAL 14X19X29 CM (ESPESSURA 14 CM), FBK = 8 MPA, UTILIZANDO COLHER DE PEDREIRO. AF_10/2022 | C32: M2 | D32: 0
A33: 104442 | B33: ALVENARIA DE BLOCOS DE CONCRETO ESTRUTURAL 14X19X29 CM (ESPESSURA 14 CM), FBK = 8 MPA, UTILIZANDO PALHETA. AF_10/2022 | C33: M2 | D33: 0
A34: 89472 | B34: ALVENARIA DE BLOCOS DE CONCRETO ESTRUTURAL 14X19X39 CM (ESPESSURA 14 CM), FBK = 14 MPA, UTILIZANDO COLHER DE PEDREIRO. AF_10/2022 | C34: M2 | D34: 124.4 | E34: 0
A35: 89455 | B35: ALVENARIA DE BLOCOS DE CONCRETO ESTRUTURAL 14X19X39 CM (ESPESSURA 14 CM), FBK = 14 MPA, UTILIZANDO PALHETA. AF_10/2022 | C35: M2 | D35: 110.46 | E35: 0
A36: 89470 | B36: ALVENARIA DE BLOCOS DE CONCRETO ESTRUTURAL 14X19X39 CM (ESPESSURA 14 CM), FBK = 4,5 MPA, UTILIZANDO COLHER DE PEDREIRO. AF_10/2022 | C36: M2 | D36: 104.69 | E36: 0
A37: 89453 | B37: ALVENARIA DE BLOCOS DE CONCRETO ESTRUTURAL 14X19X39 CM (ESPESSURA 14 CM), FBK = 4,5 MPA, UTILIZANDO PALHETA. AF_10/2022 | C37: M2 | D37: 91.68 | E37: 0
A38: 104443 | B38: ALVENARIA DE BLOCOS DE CONCRETO ESTRUTURAL 14X19X39 CM (ESPESSURA 14 CM), FBK = 8 MPA, UTILIZANDO COLHER DE PEDREIRO. AF_10/2022 | C38: M2 | D38: 0
A39: 104441 | B39: ALVENARIA DE BLOCOS DE CONCRETO ESTRUTURAL 14X19X39 CM (ESPESSURA 14 CM), FBK = 8 MPA, UTILIZANDO PALHETA. AF_10/2022 | C39: M2 | D39: 0
A40: 103354 | B40: ALVENARIA DE VEDAÇÃO DE BLOCOS CERÂMICOS FURADOS NA HORIZONTAL DE 11,5X14X24 CM (ESPESSURA 11,5 CM) E ARGAMASSA DE ASSENTAMENTO COM PREPARO EM BETONEIRA. AF_12/2021 | C40: M2 | D40: 87.21 | E40: 0.0237
A41: 103355 | B41: ALVENARIA DE VEDAÇÃO DE BLOCOS CERÂMICOS FURADOS NA HORIZONTAL DE 11,5X14X24 CM (ESPESSURA 11,5 CM) E ARGAMASSA DE ASSENTAMENTO COM PREPARO MANUAL. AF_12/2021 | C41: M2 | D41: 88.78 | E41: 0.0233
A42: 103330 | B42: ALVENARIA DE VEDAÇÃO DE BLOCOS CERÂMICOS FURADOS NA HORIZONTAL DE 11,5X19X19 CM (ESPESSURA 11,5 CM) E ARGAMASSA DE ASSENTAMENTO COM PREPARO EM BETONEIRA. AF_12/2021 | C42: M2 | D42: 79.97 | E42: 0.0188
A43: 103331 | B43: ALVENARIA DE VEDAÇÃO DE BLOCOS CERÂMICOS FURADOS NA HORIZONTAL DE 11,5X19X19 CM (ESPESSURA 11,5 CM) E ARGAMASSA DE ASSENTAMENTO COM PREPARO MANUAL. AF_12/2021 | C43: M2 | D43: 81.45 | E43: 0.0184
A44: 103358 | B44: ALVENARIA DE VEDAÇÃO DE BLOCOS CERÂMICOS FURADOS NA HORIZONTAL DE 11,5X19X29 CM (ESPESSURA 11,5 CM) E ARGAMASSA DE ASSENTAMENTO COM PREPARO EM BETONEIRA. AF_12/2021 | C44: M2 | D44: 67.1 | E44: 0.0224
A45: 103359 | B45: ALVENARIA DE VEDAÇÃO DE BLOCOS CERÂMICOS FURADOS NA HORIZONTAL DE 11,5X19X29 CM (ESPESSURA 11,5 CM) E ARGAMASSA DE ASSENTAMENTO COM PREPARO MANUAL. AF_12/2021 | C45: M2 | D45: 68.35 | E45: 0.0219
A46: 103366 | B46: ALVENARIA DE VEDAÇÃO DE BLOCOS CERÂMICOS FURADOS NA HORIZONTAL DE 11,5X19X39 CM (ESPESSURA 11,5 CM) E ARGAMASSA DE ASSENTAMENTO COM PREPARO EM BETONEIRA. AF_12/2021 | C46: M2 | D46: 57.7 | E46: 0.026
A47: 103367 | B47: ALVENARIA DE VEDAÇÃO DE BLOCOS CERÂMICOS FURADOS NA HORIZONTAL DE 11,5X19X39 CM (ESPESSURA 11,5 CM) E ARGAMASSA DE ASSENTAMENTO COM PREPARO MANUAL. AF_12/2021 | C47: M2 | D47: 58.84 | E47: 0.0255
A48: 103360 | B48: ALVENARIA DE VEDAÇÃO DE BLOCOS CERÂMICOS FURADOS NA HORIZONTAL DE 14X19X29 CM (ESPESSURA 14 CM) E ARGAMASSA DE ASSENTAMENTO COM PREPARO EM BETONEIRA. AF_12/2021 | C48: M2 | D48: 78.74 | E48: 0.0221
A49: 103361 | B49: ALVENARIA DE VEDAÇÃO DE BLOCOS CERÂMICOS FURADOS NA HORIZONTAL DE 14X19X29 CM (ESPESSURA 14 CM) E ARGAMASSA DE ASSENTAMENTO COM PREPARO MANUAL. AF_12/2021 | C49: M2 | D49: 80.33 | E49: 0.0217
A50: 103368 | B50: ALVENARIA DE VEDAÇÃO DE BLOCOS CERÂMICOS FURADOS NA HORIZONTAL DE 14X19X39 CM (ESPESSURA 14 CM) E ARGAMASSA DE ASSENTAMENTO COM PREPARO EM BETONEIRA. AF_12/2021 | C50: M2 | D50: 65.89 | E50: 0.0264
A51: 103369 | B51: ALVENARIA DE VEDAÇÃO DE BLOCOS CERÂMICOS FURADOS NA HORIZONTAL DE 14X19X39 CM (ESPESSURA 14 CM) E ARGAMASSA DE ASSENTAMENTO COM PREPARO MANUAL. AF_12/2021 | C51: M2 | D51: 67.33 | E51: 0.0258
... A101: 101161 | B101: ALVENARIA DE VEDAÇÃO COM ELEMENTO VAZADO DE CONCRETO (COBOGÓ) DE 7X50X50CM E ARGAMASSA DE ASSENTAMENTO COM PREPARO EM BETONEIRA. AF_05/2020 | C101: M2 | D101: 236.16 | E101: 0
A102: 101160 | B102: ALVENARIA DE VEDAÇÃO DE BLOCO DE SOLO-CIMENTO (TIJOLO ECOLÓGICO) DE 7X15X30CM (ESPESSURA 15CM). AF_05/2020 | C102: M2 | D102: 0
A103: 101159 | B103: ALVENARIA DE VEDAÇÃO DE BLOCOS CERÂMICOS MACIÇOS DE 5X10X20CM (ESPESSURA 10CM) E ARGAMASSA DE ASSENTAMENTO COM PREPARO EM BETONEIRA. AF_05/2020 | C103: M2 | D103: 134.34 | E103: 0
A104: 101154 | B104: ALVENARIA DE VEDAÇÃO DE BLOCOS DE CONCRETO CELULAR DE 10X30X60CM (ESPESSURA 10CM) E ARGAMASSA DE ASSENTAMENTO COM PREPARO EM BETONEIRA. AF_05/2020 | C104: M2 | D104: 152.93 | E104: 0.7023
A105: 101155 | B105: ALVENARIA DE VEDAÇÃO DE BLOCOS DE CONCRETO CELULAR DE 15X30X60CM (ESPESSURA 15CM) E ARGAMASSA DE ASSENTAMENTO COM PREPARO EM BETONEIRA. AF_05/2020 | C105: M2 | D105: 214.78 | E105: 0.735
A106: 101156 | B106: ALVENARIA DE VEDAÇÃO DE BLOCOS DE CONCRETO CELULAR DE 20X30X60CM (ESPESSURA 20CM) E ARGAMASSA DE ASSENTAMENTO COM PREPARO EM BETONEIRA. AF_05/2020 | C106: M2 | D106: 315.39 | E106: 0.7673
A107: 101158 | B107: ALVENARIA DE VEDAÇÃO DE BLOCOS DE GESSO DE 10X50X66CM (ESPESSURA 10CM). AF_05/2020 | C107: M2 | D107: 79.19 | E107: 0
A108: 101157 | B108: ALVENARIA DE VEDAÇÃO DE BLOCOS DE GESSO DE 7X50X66CM (ESPESSURA 7CM). AF_05/2020 | C108: M2 | D108: 60.92 | E108: 0
A109: 87382 | B109: ARGAMASSA INDUSTRIALIZADA MULTIUSO PARA REVESTIMENTOS E ASSENTAMENTO DA ALVENARIA, PREPARO COM MISTURADOR DE EIXO HORIZONTAL DE 160 KG. AF_08/2019 | C109: M3 | D109: 2113.63 | E109: 0
A110: 87383 | B110: ARGAMASSA INDUSTRIALIZADA MULTIUSO PARA REVESTIMENTOS E ASSENTAMENTO DA ALVENARIA, PREPARO COM MISTURADOR DE EIXO HORIZONTAL DE 300 KG. AF_08/2019 | C110: M3 | D110: 2111.95 | E110: 0
A111: 87384 | B111: ARGAMASSA INDUSTRIALIZADA MULTIUSO PARA REVESTIMENTOS E ASSENTAMENTO DA ALVENARIA, PREPARO COM MISTURADOR DE EIXO HORIZONTAL DE 600 KG. AF_08/2019 | C111: M3 | D111: 2106.39 | E111: 0
A112: 87398 | B112: ARGAMASSA INDUSTRIALIZADA MULTIUSO PARA REVESTIMENTOS E ASSENTAMENTO DA ALVENARIA, PREPARO MANUAL. AF_08/2019 | C112: M3 | D112: 2363.26 | E112: 0
A113: 87395 | B113: ARGAMASSA INDUSTRIALIZADA PARA CHAPISCO COLANTE, PREPARO COM MISTURADOR DE EIXO HORIZONTAL DE 160 KG. AF_08/2019 | C113: M3 | D113: 4129.63 | E113: 0
A114: 87396 | B114: ARGAMASSA INDUSTRIALIZADA PARA CHAPISCO COLANTE, PREPARO COM MISTURADOR DE EIXO HORIZONTAL DE 300 KG. AF_08/2019 | C114: M3 | D114: 4158.21 | E114: 0
... A132: 88627 | B132: ARGAMASSA TRAÇO 1:0,5:4,5 (EM VOLUME DE CIMENTO, CAL E AREIA MÉDIA ÚMIDA) PARA ASSENTAMENTO DE ALVENARIA, PREPARO MANUAL. AF_08/2019 | C132: M3 | D132: 792.62 | E132: 0
A133: 100463 | B133: ARGAMASSA TRAÇO 1:0,5:4,5 (EM VOLUME DE CIMENTO, CAL E AREIA MÉDIA ÚMIDA), PREPARO MECÂNICO COM BETONEIRA 250 L. AF_08/2019 | C133: M3 | D133: 0
A134: 88626 | B134: ARGAMASSA TRAÇO 1:0,5:4,5 (EM VOLUME DE CIMENTO, CAL E AREIA MÉDIA ÚMIDA), PREPARO MECÂNICO COM BETONEIRA 400 L. AF_08/2019 | C134: M3 | D134: 671.88 | E134: 0
A135: 100488 | B135: ARGAMASSA TRAÇO 1:0,5:4,5 (EM VOLUME DE CIMENTO, CAL E AREIA MÉDIA ÚMIDA), PREPARO MECÂNICO COM BETONEIRA 600 L. AF_08/2019 | C135: M3 | D135: 665.38 | E135: 0
A136: 100464 | B136: ARGAMASSA TRAÇO 1:0,5:4,5 (EM VOLUME DE CIMENTO, CAL E AREIA MÉDIA ÚMIDA), PREPARO MECÂNICO COM MISTURADOR DE EIXO HORIZONTAL DE 160 KG. AF_08/2019 | C136: M3 | D136: 695.38 | E136: 0
A137: 100465 | B137: ARGAMASSA TRAÇO 1:0,5:4,5 (EM VOLUME DE CIMENTO, CAL E AREIA MÉDIA ÚMIDA), PREPARO MECÂNICO COM MISTURADOR DE EIXO HORIZONTAL DE 300 KG. AF_08/2019 | C137: M3 | D137: 657.04 | E137: 0
A138: 100466 | B138: ARGAMASSA TRAÇO 1:0,5:4,5 (EM VOLUME DE CIMENTO, CAL E AREIA MÉDIA ÚMIDA), PREPARO MECÂNICO COM MISTURADOR DE EIXO HORIZONTAL DE 600 KG. AF_08/2019 | C138: M3 | D138: 639.39 | E138: 0
A139: 87368 | B139: ARGAMASSA TRAÇO 1:1,5:7,5 (EM VOLUME DE CIMENTO, CAL E AREIA MÉDIA ÚMIDA) PARA EMBOÇO/MASSA ÚNICA/ASSENTAMENTO DE ALVENARIA DE VEDAÇÃO, PREPARO MANUAL. AF_08/2019 | C139: M3 | D139: 858.17 | E139: 0
A140: 100450 | B140: ARGAMASSA TRAÇO 1:1,5:7,5 (EM VOLUME DE CIMENTO, CAL E AREIA MÉDIA ÚMIDA) PARA EMBOÇO/MASSA ÚNICA/ASSENTAMENTO DE ALVENARIA DE VEDAÇÃO, PREPARO MECÂNICO COM BETONEIRA 250 L. AF_08/2019 | C140: M3 | D140: 0
A141: 87289 | B141: ARGAMASSA TRAÇO 1:1,5:7,5 (EM VOLUME DE CIMENTO, CAL E AREIA MÉDIA ÚMIDA) PARA EMBOÇO/MASSA ÚNICA/ASSENTAMENTO DE ALVENARIA DE VEDAÇÃO, PREPARO MECÂNICO COM BETONEIRA 400 L. AF_08/2019 | C141: M3 | D141: 709.57 | E141: 0
A142: 87290 | B142: ARGAMASSA TRAÇO 1:1,5:7,5 (EM VOLUME DE CIMENTO, CAL E AREIA MÉDIA ÚMIDA) PARA EMBOÇO/MASSA ÚNICA/ASSENTAMENTO DE ALVENARIA DE VEDAÇÃO, PREPARO MECÂNICO COM BETONEIRA 600 L. AF_08/2019 | C142: M3 | D142: 701.7 | E142: 0
A143: 87333 | B143: ARGAMASSA TRAÇO 1:1,5:7,5 (EM VOLUME DE CIMENTO, CAL E AREIA MÉDIA ÚMIDA) PARA EMBOÇO/MASSA ÚNICA/ASSENTAMENTO DE ALVENARIA DE VEDAÇÃO, PREPARO MECÂNICO COM MISTURADOR DE EIXO HORIZONTAL DE 300 KG. AF_08/2019 | C143: M3 | D143: 710.06 | E143: 0
A144: 87334 | B144: ARGAMASSA TRAÇO 1:1,5:7,5 (EM VOLUME DE CIMENTO, CAL E AREIA MÉDIA ÚMIDA) PARA EMBOÇO/MASSA ÚNICA/ASSENTAMENTO DE ALVENARIA DE VEDAÇÃO, PREPARO MECÂNICO COM MISTURADOR DE EIXO HORIZONTAL DE 600 KG. AF_08/2019 | C144: M3 | D144: 673.9 | E144: 0
A145: 105515 | B145: ARGAMASSA TRAÇO 1:1,93 (EM VOLUME DE CIMENTO E AREIA MÉDIA ÚMIDA), FCK 20MPA, PREPARO MECÂNICO COM MISTURADOR DUPLO HORIZONTAL DE ALTA TURBULÊNCIA. AF_03/2020 | C145: M3 | D145: 929.54 | E145: 0
A146: 87367 | B146: ARGAMASSA TRAÇO 1:1:6 (EM VOLUME DE CIMENTO, CAL E AREIA MÉDIA ÚMIDA) PARA EMBOÇO/MASSA ÚNICA/ASSENTAMENTO DE ALVENARIA DE VEDAÇÃO, PREPARO MANUAL. AF_08/2019 | C146: M3 | D146: 862.29 | E146: 0
A147: 100449 | B147: ARGAMASSA TRAÇO 1:1:6 (EM VOLUME DE CIMENTO, CAL E AREIA MÉDIA ÚMIDA) PARA EMBOÇO/MASSA ÚNICA/ASSENTAMENTO DE ALVENARIA DE VEDAÇÃO, PREPARO MECÂNICO COM BETONEIRA 250 L. AF_08/2019 | C147: M3 | D147: 0
A148: 87286 | B148: ARGAMASSA TRAÇO 1:1:6 (EM VOLUME DE CIMENTO, CAL E AREIA MÉDIA ÚMIDA) PARA EMBOÇO/MASSA ÚNICA/ASSENTAMENTO DE ALVENARIA DE VEDAÇÃO, PREPARO MECÂNICO COM BETONEIRA 400 L. AF_08/2019 | C148: M3 | D148: 716.96 | E148: 0
A149: 87287 | B149: ARGAMASSA TRAÇO 1:1:6 (EM VOLUME DE CIMENTO, CAL E AREIA MÉDIA ÚMIDA) PARA EMBOÇO/MASSA ÚNICA/ASSENTAMENTO DE ALVENARIA DE VEDAÇÃO, PREPARO MECÂNICO COM BETONEIRA 600 L. AF_08/2019 | C149: M3 | D149: 701.85 | E149: 0
A150: 87331 | B150: ARGAMASSA TRAÇO 1:1:6 (EM VOLUME DE CIMENTO, CAL E AREIA MÉDIA ÚMIDA) PARA EMBOÇO/MASSA ÚNICA/ASSENTAMENTO DE ALVENARIA DE VEDAÇÃO, PREPARO MECÂNICO COM MISTURADOR DE EIXO HORIZONTAL DE 300 KG. AF_08/2019 | C150: M3 | D150: 737.25 | E150: 0
A151: 87332 | B151: ARGAMASSA TRAÇO 1:1:6 (EM VOLUME DE CIMENTO, CAL E AREIA MÉDIA ÚMIDA) PARA EMBOÇO/MASSA ÚNICA/ASSENTAMENTO DE ALVENARIA DE VEDAÇÃO, PREPARO MECÂNICO COM MISTURADOR DE EIXO HORIZONTAL DE 600 KG. AF_08/2019 | C151: M3 | D151: 676.94 | E151: 0
A152: 87369 | B152: ARGAMASSA TRAÇO 1:2:8 (EM VOLUME DE CIMENTO, CAL E AREIA MÉDIA ÚMIDA) PARA EMBOÇO/MASSA ÚNICA/ASSENTAMENTO DE ALVENARIA DE VEDAÇÃO, PREPARO MANUAL. AF_08/2019 | C152: M3 | D152: 893.76 | E152: 0
A153: 100451 | B153: ARGAMASSA TRAÇO 1:2:8 (EM VOLUME DE CIMENTO, CAL E AREIA MÉDIA ÚMIDA) PARA EMBOÇO/MASSA ÚNICA/ASSENTAMENTO DE ALVENARIA DE VEDAÇÃO, PREPARO MECÂNICO COM BETONEIRA 250 L. AF_08/2019 | C153: M3 | D153: 0
A154: 87292 | B154: ARGAMASSA TRAÇO 1:2:8 (EM VOLUME DE CIMENTO, CAL E AREIA MÉDIA ÚMIDA) PARA EMBOÇO/MASSA ÚNICA/ASSENTAMENTO DE ALVENARIA DE VEDAÇÃO, PREPARO MECÂNICO COM BETONEIRA 400 L. AF_08/2019 | C154: M3 | D154: 742.6 | E154: 0
A155: 87335 | B155: ARGAMASSA TRAÇO 1:2:8 (EM VOLUME DE CIMENTO, CAL E AREIA MÉDIA ÚMIDA) PARA EMBOÇO/MASSA ÚNICA/ASSENTAMENTO DE ALVENARIA DE VEDAÇÃO, PREPARO MECÂNICO COM MISTURADOR DE EIXO HORIZONTAL DE 300 KG. AF_08/2019 | C155: M3 | D155: 703.39 | E155: 0
A156: 87336 | B156: ARGAMASSA TRAÇO 1:2:8 (EM VOLUME DE CIMENTO, CAL E AREIA MÉDIA ÚMIDA) PARA EMBOÇO/MASSA ÚNICA/ASSENTAMENTO DE ALVENARIA DE VEDAÇÃO, PREPARO MECÂNICO COM MISTURADOR DE EIXO HORIZONTAL DE 600 KG. AF_08/2019 | C156: M3 | D156: 711.28 | E156: 0
A157: 87370 | B157: ARGAMASSA TRAÇO 1:2:9 (EM VOLUME DE CIMENTO, CAL E AREIA MÉDIA ÚMIDA) PARA EMBOÇO/MASSA ÚNICA/ASSENTAMENTO DE ALVENARIA DE VEDAÇÃO, PREPARO MANUAL. AF_08/2019 | C157: M3 | D157: 858.65 | E157: 0
A158: 100452 | B158: ARGAMASSA TRAÇO 1:2:9 (EM VOLUME DE CIMENTO, CAL E AREIA MÉDIA ÚMIDA) PARA EMBOÇO/MASSA ÚNICA/ASSENTAMENTO DE ALVENARIA DE VEDAÇÃO, PREPARO MECÂNICO COM BETONEIRA 250 L. AF_08/2019 | C158: M3 | D158: 0
A159: 88715 | B159: ARGAMASSA TRAÇO 1:2:9 (EM VOLUME DE CIMENTO, CAL E AREIA MÉDIA ÚMIDA) PARA EMBOÇO/MASSA ÚNICA/ASSENTAMENTO DE ALVENARIA DE VEDAÇÃO, PREPARO MECÂNICO COM BETONEIRA 400 L. AF_08/2019 | C159: M3 | D159: 700.5 | E159: 0
A160: 87294 | B160: ARGAMASSA TRAÇO 1:2:9 (EM VOLUME DE CIMENTO, CAL E AREIA MÉDIA ÚMIDA) PARA EMBOÇO/MASSA ÚNICA/ASSENTAMENTO DE ALVENARIA DE VEDAÇÃO, PREPARO MECÂNICO COM BETONEIRA 600 L. AF_08/2019 | C160: M3 | D160: 706.61 | E160: 0
A161: 87337 | B161: ARGAMASSA TRAÇO 1:2:9 (EM VOLUME DE CIMENTO, CAL E AREIA MÉDIA ÚMIDA) PARA EMBOÇO/MASSA ÚNICA/ASSENTAMENTO DE ALVENARIA DE VEDAÇÃO, PREPARO MECÂNICO COM MISTURADOR DE EIXO HORIZONTAL DE 300 KG. AF_08/2019 | C161: M3 | D161: 704.92 | E161: 0
A162: 100487 | B162: ARGAMASSA TRAÇO 1:2:9 (EM VOLUME DE CIMENTO, CAL E AREIA MÉDIA ÚMIDA) PARA EMBOÇO/MASSA ÚNICA/ASSENTAMENTO DE ALVENARIA DE VEDAÇÃO, PREPARO MECÂNICO COM MISTURADOR DE EIXO HORIZONTAL DE 600 KG. AF_08/2019 | C162: M3 | D162: 672.3 | E162: 0
A163: 87380 | B163: ARGAMASSA TRAÇO 1:3 (EM VOLUME DE CIMENTO E AREIA GROSSA ÚMIDA) COM ADIÇÃO DE EMULSÃO POLIMÉRICA PARA CHAPISCO ROLADO, PREPARO MANUAL. AF_08/2019 | C163: M3 | D163: 3884.48 | E163: 0
A164: 100461 | B164: ARGAMASSA TRAÇO 1:3 (EM VOLUME DE CIMENTO E AREIA GROSSA ÚMIDA) COM ADIÇÃO DE EMULSÃO POLIMÉRICA PARA CHAPISCO ROLADO, PREPARO MECÂNICO COM BETONEIRA 250 L. AF_08/2019 | C164: M3 | D164: 0
A165: 87322 | B165: ARGAMASSA TRAÇO 1:3 (EM VOLUME DE CIMENTO E AREIA GROSSA ÚMIDA) COM ADIÇÃO DE EMULSÃO POLIMÉRICA PARA CHAPISCO ROLADO, PREPARO MECÂNICO COM BETONEIRA 400 L. AF_08/2019 | C165: M3 | D165: 3767.33 | E165: 0
A166: 87323 | B166: ARGAMASSA TRAÇO 1:3 (EM VOLUME DE CIMENTO E AREIA GROSSA ÚMIDA) COM ADIÇÃO DE EMULSÃO POLIMÉRICA PARA CHAPISCO ROLADO, PREPARO MECÂNICO COM BETONEIRA 600 L. AF_08/2019 | C166: M3 | D166: 3767.36 | E166: 0
A167: 87360 | B167: ARGAMASSA TRAÇO 1:3 (EM VOLUME DE CIMENTO E AREIA GROSSA ÚMIDA) COM ADIÇÃO DE EMULSÃO POLIMÉRICA PARA CHAPISCO ROLADO, PREPARO MECÂNICO COM MISTURADOR DE EIXO HORIZONTAL DE 160 KG. AF_08/2019 | C167: M3 | D167: 3722.65 | E167: 0
...

Sheet Resumo
D1: PREFEITURA MUNICIPAL DE GOIANA
A2: SECRETARIA DE URBANISMO, OBRAS E PATRIMÔNIO
A3: Construção dos Quiosque da Praça Santo Amaro Localizada em Ponta de Pedras Rua Projetada,sn, Praça Santo Amaro, Praia de Ponta de Pedras, Goiana, Pernambuco
A4: SINAPI - 12/2025 - Pernambuco ORSE - 12/2025 - Sergipe SEINFRA - 028 - Ceará
A6: BDI PARA RODOVIAS (NÃO DESONERADO): | K6: 0.207
A7: BDI PARA MERO FORNECIMENTO DE MATERIAIS (NÃO DESONERADO): | K7: ='[7] ORÇAMENTO NÃO DESONERADO'!J12 -> 0.1528
A8: BDI PARA RODOVIAS (DESONERADO): | K8: 0.2544
A9: BDI PARA MERO FORNECIMENTO DE MATERIAIS (DESONERADO): | K9: ='[7] ORÇAMENTO DESONERADO'!J12 -> 0.1632
A10: RESUMO DA PROPOSTA MAIS VANTAJOSA
A12: 1.0 | B12: PLANILHA DE QUANTITATIVOS E ESTIMATIVA DE PREÇOS - DESONERADO | H12: VALOR DA PROPOSTA | J12: ='Orçamento desonerada'!J2 -> 171108.67
A14: 2.0 | B14: PLANILHA DE QUANTITATIVOS E ESTIMATIVA DE PREÇOS - NÃO DESONERADO | H14: VALOR DA PROPOSTA | J14: ='Orçamento Não Desonerado'!J2 -> 167525.98 | M14: =J12-J14 -> 3582.69
A17: COMO DISPOSTO ACIMA, A PROPOSTA ORÇAMENTÁRIA NÃO DESONERADA TORNA-SE MAIS VANTAJOSA PARA O MUNICÍPIO , PROPORCIONANDO UMA ECONOMIA DE R$ 3.582,69 E PORTANTO, ESTA SERÁ ESCOLHIDA PARA A LICITAÇÃO

Sheet Orçamento Não Desonerado
D1: Construção dos Quiosque da Praça Santo Amaro Localizada em Ponta de Pedras Rua Projetada,sn, Praça Santo Amaro, Praia de Ponta de Pedras, Goiana, Pernambuco | E1: SINAPI - 12/2025 - Pernambuco ORSE - 12/2025 - Sergipe SEINFRA - 028 - Ceará | G1: 22,23% | I1: Não Desonerado: embutido nos preços unitário dos insumos de mão de obra, de acordo com as bases.
H2: Valor Final do Orçamento | J2: =I5 + I8 + I13 + I22 + I27 + I32 + I35 + I39 + I43 + I45 + I57 + I61 + I64 -> 167525.98 | K2: 187982.12
H3: BDI Não Desonerado | J3: 0.2223
A4: Item | B4: Código | C4: Banco | D4: Descrição | E4: Und | F4: Quant. | G4: Valor Unit | H4: Valor Unit com BDI | I4: Total | J4: Peso (%)
A5: 1 | D5: ADMINISTRAÇÃO LOCAL | F5: 1 | H5: =I6 + I7 -> 14498.5 | I5: =TRUNC(F5 * H5,2) -> 14498.5 | J5: =I5 / J2 -> 0.086544785
A6: 1.1 | B6: 90778 | C6: SINAPI | D6: ENGENHEIRO CIVIL DE OBRA PLENO COM ENCARGOS COMPLEMENTARES | E6: H | F6: 30 | G6: =VLOOKUP(B6,CSD!A:D,4,0) -> 138.65 | H6: =TRUNC(TRUNC(G6 * J3, 2) + G6, 2) -> 169.47 | I6: =TRUNC(F6 * H6,2) -> 5084.1 | J6: =I6 / J2 -> 0.030348129
A7: 1.2 | B7: 90776 | C7: SINAPI | D7: ENCARREGADO GERAL COM ENCARGOS COMPLEMENTARES | E7: H | F7: 160 | G7: =VLOOKUP(B7,CSD!A:D,4,0) -> 48.14 | H7: =TRUNC(TRUNC(G7 * J3, 2) + G7, 2) -> 58.84 | I7: =TRUNC(F7 * H7,2) -> 9414.4 | J7: =I7 / J2 -> 0.056196657
A8: 2 | D8: Serviços Preliminares | F8: 1 | H8: =I9 + I10 + I11 + I12 -> 24757.74 | I8: =TRUNC(F8 * H8,2) -> 24757.74 | J8: =I8 / J2 -> 0.14778448
A9: 2.1 | B9: 98524 | C9: SINAPI | D9: LIMPEZA MANUAL DE VEGETAÇÃO EM TERRENO COM ENXADA. AF_03/2024 | E9: m² | F9: 27.47 | G9: =VLOOKUP(B9,CSD!A:D,4,0) -> 5.13 | H9: =TRUNC(TRUNC(G9 * J3, 2) + G9, 2) -> 6.27 | I9: =TRUNC(F9 * H9,2) -> 172.23 | J9: =I9 / J2 -> 0.0010280793
A10: 2.2 | B10: C5208 | C10: SEINFRA | D10: LOCAÇÃO DE BANHEIRO QUÍMICO - INCLUSO TRANSPORTE, INSTALAÇÃO E MANUTENÇÃO | E10: UNXMÊS | F10: 2 | G10: 950 | H10: =TRUNC(TRUNC(G10 * J3, 2) + G10, 2) -> 1161.18 | I10: =TRUNC(F10 * H10,2) -> 2322.36 | J10: =I10 / J2 -> 0.013862686
A11: 2.3 | B11: 103689 | C11: SINAPI | D11: FORNECIMENTO E INSTALAÇÃO DE PLACA DE OBRA COM CHAPA GALVANIZADA E ESTRUTURA DE MADEIRA. AF_03/2022_PS | E11: m² | F11: 12 | G11: =VLOOKUP(B11,CSD!A:D,4,0) -> 468.43 | H11: =TRUNC(TRUNC(G11 * J3, 2) + G11, 2) -> 572.56 | I11: =TRUNC(F11 * H11,2) -> 6870.72 | J11: =I11 / J2 -> 0.041012863
A12: 2.4 | B12: 62 | C12: ORSE | D12: Barracão fechado porte pequeno para depósito de cimento e almoxarifado (s=38,72 m2) com materiais novos | E12: un | F12: 1 | G12: 12593.01 | H12: =TRUNC(TRUNC(G12 * J3, 2) + G12, 2) -> 15392.43 | I12: =TRUNC(F12 * H12,2) -> 15392.43 | J12: =I12 / J2 -> 0.091880853
A13: 3 | D13: Fundação | F13: 1 | H13: =I14 + I15 + I16 + I17 + I18 + I19 + I20 + I21 -> 4007.36 | I13: =TRUNC(F13 * H13,2) -> 4007.36 | J13: =I13 / J2 -> 0.023920827
A14: 3.1 | B14: 93358 | C14: SINAPI | D14: ESCAVAÇÃO MANUAL DE VALA. AF_09/2024 | E14: m³ | F14: 4.8 | G14: =VLOOKUP(B14,CSD!A:D,4,0) -> 95.25 | H14: =TRUNC(TRUNC(G14 * J3, 2) + G14, 2) -> 116.42 | I14: =TRUNC(F14 * H14,2) -> 558.81 | J14: =I14 / J2 -> 0.0033356617
A15: 3.2 | B15: 94319 | C15: SINAPI | D15: ATERRO MANUAL DE VALAS COM SOLO ARGILO-ARENOSO. AF_08/2023 | E15: m³ | F15: 3.82 | G15: =VLOOKUP(B15,CSD!A:D,4,0) -> 81.29 | H15: =TRUNC(TRUNC(G15 * J3, 2) + G15, 2) -> 99.36 | I15: =TRUNC(F15 * H15,2) -> 379.55 | J15: =I15 / J2 -> 0.0022656187
A16: 3.3 | B16: 96620 | C16: SINAPI | D16: LASTRO DE CONCRETO MAGRO, APLICADO EM PISOS, LAJES SOBRE SOLO OU RADIERS. AF_01/2024 | E16: m³ | F16: 0.324 | G16: =VLOOKUP(B16,CSD!A:D,4,0) -> 809.26 | H16: =TRUNC(TRUNC(G16 * J3, 2) + G16, 2) -> 989.15 | I16: =TRUNC(F16 * H16,2) -> 320.48 | J16: =I16 / J2 -> 0.0019130167
A17: 3.4 | B17: C0851 | C17: SEINFRA | D17: CONCRETO PRE-MISTURADO FCK 30 MPa | E17: m³ | F17: 1.536 | G17: 416.21 | H17: =TRUNC(TRUNC(G17 * J3, 2) + G17, 2) -> 508.73 | I17: =TRUNC(F17 * H17,2) -> 781.4 | J17: =I17 / J2 -> 0.0046643512
A18: 3.5 | B18: 7584 | C18: ORSE | D18: Forma plana para sapatas, em madeira maciça, 04 usos, inclusive escoramento | E18: m² | F18: 7.68 | G18: 60.71 | H18: =TRUNC(TRUNC(G18 * J3, 2) + G18, 2) -> 74.2 | I18: =TRUNC(F18 * H18,2) -> 569.85 | J18: =I18 / J2 -> 0.003401562
A19: 3.6 | B19: 92762 | C19: SINAPI | D19: ARMAÇÃO DE PILAR OU VIGA DE ESTRUTURA CONVENCIONAL DE CONCRETO ARMADO UTILIZANDO AÇO CA-50 DE 10,0 MM - MONTAGEM. AF_06/2022 | E19: KG | F19: 57 | G19: =VLOOKUP(B19,CSD!A:D,4,0) -> 10.42 | H19: =TRUNC(TRUNC(G19 * J3, 2) + G19, 2) -> 12.73 | I19: =TRUNC(F19 * H19,2) -> 725.61 | J19: =I19 / J2 -> 0.0043313282
A20: 3.7 | B20: 92761 | C20: SINAPI | D20: ARMAÇÃO DE PILAR OU VIGA DE ESTRUTURA CONVENCIONAL DE CONCRETO ARMADO UTILIZANDO AÇO CA-50 DE 8,0 MM - MONTAGEM. AF_06/2022 | E20: KG | F20: 26 | G20: =VLOOKUP(B20,CSD!A:D,4,0) -> 11.79 | H20: =TRUNC(TRUNC(G20 * J3, 2) + G20, 2) -> 14.41 | I20: =TRUNC(F20 * H20,2) -> 374.66 | J20: =I20 / J2 -> 0.0022364292
A21: 3.8 | B21: 104111 | C21: SINAPI | D21: ARMAÇÃO DE PILAR OU VIGA DE ESTRUTURA DE CONCRETO ARMADO EMBUTIDA EM ALVENARIA DE VEDAÇÃO UTILIZANDO AÇO CA-60 DE 5,0 MM - MONTAGEM. AF_06/2022 | E21: KG | F21: 11.8 | G21: =VLOOKUP(B21,CSD!A:D,4,0) -> 20.6 | H21: =TRUNC(TRUNC(G21 * J3, 2) + G21, 2) -> 25.17 | I21: =TRUNC(F21 * H21,2) -> 297 | J21: =I21 / J2 -> 0.0017728593
A22: 4 | D22: Pilares | F22: 1 | H22: =I23 + I24 + I25 + I26 -> 3620.6 | I22: =TRUNC(F22 * H22,2) -> 3620.6 | J22: =I22 / J2 -> 0.02161217
A23: 4.1 | B23: C0851 | C23: SEINFRA | D23: CONCRETO PRE-MISTURADO FCK 30 MPa | E23: m³ | F23: 0.96 | G23: 416.21 | H23: =TRUNC(TRUNC(G23 * J3, 2) + G23, 2) -> 508.73 | I23: =TRUNC(F23 * H23,2) -> 488.38 | J23: =I23 / J2 -> 0.0029152493
A24: 4.2 | B24: 92761 | C24: SINAPI | D24: ARMAÇÃO DE PILAR OU VIGA DE ESTRUTURA CONVENCIONAL DE CONCRETO ARMADO UTILIZANDO AÇO CA-50 DE 8,0 MM - MONTAGEM. AF_06/2022 | E24: KG | F24: 63.2 | G24: =VLOOKUP(B24,CSD!A:D,4,0) -> 11.79 | H24: =TRUNC(TRUNC(G24 * J3, 2) + G24, 2) -> 14.41 | I24: =TRUNC(F24 * H24,2) -> 910.71 | J24: =I24 / J2 -> 0.0054362314
A25: 4.3 | B25: 104111 | C25: SINAPI | D25: ARMAÇÃO DE PILAR OU VIGA DE ESTRUTURA DE CONCRETO ARMADO EMBUTIDA EM ALVENARIA DE VEDAÇÃO UTILIZANDO AÇO CA-60 DE 5,0 MM - MONTAGEM. AF_06/2022 | E25: KG | F25: 26.32 | G25: =VLOOKUP(B25,CSD!A:D,4,0) -> 20.6 | H25: =TRUNC(TRUNC(G25 * J3, 2) + G25, 2) -> 25.17 | I25: =TRUNC(F25 * H25,2) -> 662.47 | J25: =I25 / J2 -> 0.0039544314
A26: 4.4 | B26: 7478 | C26: ORSE | D26: Forma plana para pilares, em compensado plastificado de 14mm, 04 usos, inclusive escoramento | E26: m² | F26: 19.2 | G26: 66.44 | H26: =TRUNC(TRUNC(G26 * J3, 2) + G26, 2) -> 81.2 | I26: =TRUNC(F26 * H26,2) -> 1559.04 | J26: =I26 / J2 -> 0.0093062581
A27: 5 | D27: VIgas | F27: 1 | H27: =I28 + I29 + I30 + I31 -> 9659.55 | I27: =TRUNC(F27 * H27,2) -> 9659.55 | J27: =I27 / J2 -> 0.057660012
A28: 5.1 | B28: C0851 | C28: SEINFRA | D28: CONCRETO PRE-MISTURADO FCK 30 MPa | E28: m³ | F28: 2.862 | G28: 416.21 | H28: =TRUNC(TRUNC(G28 * J3, 2) + G28, 2) -> 508.73 | I28: =TRUNC(F28 * H28,2) -> 1455.98 | J28: =I28 / J2 -> 0.0086910699
A29: 5.2 | B29: 7478 | C29: ORSE | D29: Forma plana para pilares, em compensado plastificado de 14mm, 04 usos, inclusive escoramento | E29: m² | F29: 47.7 | G29: 66.44 | H29: =TRUNC(TRUNC(G29 * J3, 2) + G29, 2) -> 81.2 | I29: =TRUNC(F29 * H29,2) -> 3873.24 | J29: =I29 / J2 -> 0.023120235
A30: 5.3 | B30: 92762 | C30: SINAPI | D30: ARMAÇÃO DE PILAR OU VIGA DE ESTRUTURA CONVENCIONAL DE CONCRETO ARMADO UTILIZANDO AÇO CA-50 DE 10,0 MM - MONTAGEM. AF_06/2022 | E30: KG | F30: 157 | G30: =VLOOKUP(B30,CSD!A:D,4,0) -> 10.42 | H30: =TRUNC(TRUNC(G30 * J3, 2) + G30, 2) -> 12.73 | I30: =TRUNC(F30 * H30,2) -> 1998.61 | J30: =I30 / J2 -> 0.01193015
A31: 5.4 | B31: 92915 | C31: SINAPI | D31: ARMAÇÃO DE ESTRUTURAS DIVERSAS DE CONCRETO ARMADO, EXCETO VIGAS, PILARES, LAJES E FUNDAÇÕES, UTILIZANDO AÇO CA-60 DE 5,0 MM - MONTAGEM. AF_06/2022 | E31: KG | F31: 114.3 | G31: =VLOOKUP(B31,CSD!A:D,4,0) -> 16.69 | H31: =TRUNC(TRUNC(G31 * J3, 2) + G31, 2) -> 20.4 | I31: =TRUNC(F31 * H31,2) -> 2331.72 | J31: =I31 / J2 -> 0.013918558
A32: 6 | D32: Paredes | F32: 1 | H32: =I33 + I34 -> 20687.86 | I32: =TRUNC(F32 * H32,2) -> 20687.86 | J32: =I32 / J2 -> 0.12349046
A33: 6.1 | B33: COC-004 | C33: Próprio | D33: ALVENARIA EM TIJOLO ECOLOGICO DE SOLO-CIMENTO,MEDINDO APROXI MADAMENTE (12,5X25X7)CM,EM PAREDES DE 12,5CM,ESTRUTURADA COM BARRAS DE ACO CA-50,COLA,REJUNTE E GROUT NO ENTORNO DOS VAO S,VERGAS BLOCOS E CALHAS,EXCLUSIVE CINTA DE AMARRACAO E ALIC ERCE | E33: m² | F33: 84.6 | G33: ='CPUs - Nao Desonerada '!J6 -> 187.35 | H33: =TRUNC(TRUNC(G33 * J3, 2) + G33, 2) -> 228.99 | I33: =TRUNC(F33 * H33,2) -> 19372.55 | J33: =I33 / J2 -> 0.11563908 | K33: =F33*0.27 -> 22.842
A34: 6.2 | B34: C2462 | C34: SEINFRA | D34: TEXTURA ACRÍLICA 1 DEMÃO EM PAREDES INTERNAS | E34: m² | F34: 67.66 | G34: 15.91 | H34: =TRUNC(TRUNC(G34 * J3, 2) + G34, 2) -> 19.44 | I34: =TRUNC(F34 * H34,2) -> 1315.31 | J34: =I34 / J2 -> 0.0078513792
A35: 7 | D35: Piso | F35: 1 | H35: =I36 + I37 + I38 -> 2929.26 | I35: =TRUNC(F35 * H35,2) -> 2929.26 | J35: =I35 / J2 -> 0.017485407
A36: 7.1 | B36: 10619 | C36: ORSE | D36: Revestimento cerâmico para piso ou parede, 45 x 45 cm, Eliane, linha cargo plus white ou similar, aplicado com argamassa industrializada ac-ii, rejuntado,exclusive regularização de base ou emboço | E36: m² | F36: 20.79 | G36: 63.93 | H36: =TRUNC(TRUNC(G36 * J3, 2) + G36, 2) -> 78.14 | I36: =TRUNC(F36 * H36,2) -> 1624.53 | J36: =I36 / J2 -> 0.0096971825
A37: 7.2 | B37: CP - 0001 | C37: Próprio | D37: CONTRAPISO EM CONCRETO FCK=15MPa PREPARO MANUAL, ESPESSURA DE 5CM | E37: M² | F37: 20.79 | G37: ='CPUs - Nao Desonerada '!J19 -> 41.57 | H37: =TRUNC(TRUNC(G37 * J3, 2) + G37, 2) -> 50.81 | I37: =TRUNC(F37 * H37,2) -> 1056.33 | J37: =I37 / J2 -> 0.0063054698
A38: 7.3 | B38: 104619 | C38: SINAPI | D38: RODAPÉ CERÂMICO DE 7CM DE ALTURA COM PLACAS TIPO ESMALTADA DE DIMENSÕES 80X80CM. AF_02/2023 | E38: M | F38: 13.8 | G38: =VLOOKUP(B38,CSD!A:D,4,0) -> 14.73 | H38: =TRUNC(TRUNC(G38 * J3, 2) + G38, 2) -> 18 | I38: =TRUNC(F38 * H38,2) -> 248.4 | J38: =I38 / J2 -> 0.0014827551
A39: 8 | D39: Coberta | F39: 1 | H39: =I40 + I41 + I42 -> 20628.17 | I39: =TRUNC(F39 * H39,2) -> 20628.17 | J39: =I39 / J2 -> 0.12313416
A40: 8.1 | B40: COC-014 | C40: Próprio | D40: TELHA ECOLÓGICA ONDULINE CLÁSSICA MARRON | E40: m² | F40: 35.99 | G40: ='CPUs - Nao Desonerada '!J27 -> 416.05 | H40: =TRUNC(TRUNC(G40 * J3, 2) + G40, 2) -> 508.53 | I40: =TRUNC(F40 * H40,2) -> 18301.99 | J40: =I40 / J2 -> 0.10924867 | K40: =F40*0.27 -> 9.7173
A41: 8.2 | B41: 92580 | C41: SINAPI | D41: TRAMA DE AÇO COMPOSTA POR TERÇAS PARA TELHADOS DE ATÉ 2 ÁGUAS PARA TELHA ONDULADA DE FIBROCIMENTO, METÁLICA, PLÁSTICA OU TERMOACÚSTICA, INCLUSO TRANSPORTE VERTICAL, EXCLUSIVE PINTURA. AF_10/2025_PS | E41: m² | F41: 35.99 | G41: =VLOOKUP(B41,CSD!A:D,4,0) -> 48.92 | H41: =TRUNC(TRUNC(G41 * J3, 2) + G41, 2) -> 59.79 | I41: =TRUNC(F41 * H41,2) -> 2151.84 | J41: =I41 / J2 -> 0.012844814
A42: 8.3 | B42: C3084 | C42: SEINFRA | D42: EXECUÇÃO DE PINGADEIRAS | E42: M | F42: 10.56 | G42: 13.51 | H42: =TRUNC(TRUNC(G42 * J3, 2) + G42, 2) -> 16.51 | I42: =TRUNC(F42 * H42,2) -> 174.34 | J42: =I42 / J2 -> 0.0010406744
A43: 9 | D43: Forro | F43: 1 | H43: =I44 -> 1651.14 | I43: =TRUNC(F43 * H43,2) -> 1651.14 | J43: =I43 / J2 -> 0.0098560235
A44: 9.1 | B44: 96116 | C44: SINAPI | D44: FORRO EM RÉGUAS DE PVC, FRISADO, PARA AMBIENTES COMERCIAIS, INCLUSIVE ESTRUTURA BIDIRECIONAL DE FIXAÇÃO. AF_08/2023_PS | E44: m² | F44: 20.79 | G44: =VLOOKUP(B44,CSD!A:D,4,0) -> 64.98 | H44: =TRUNC(TRUNC(G44 * J3, 2) + G44, 2) -> 79.42 | I44: =TRUNC(F44 * H44,2) -> 1651.14 | J44: =I44 / J2 -> 0.0098560235
A45: 10 | D45: Elétrica | F45: 1 | H45: =I46 + I47 + I48 + I49 + I50 + I51 + I52 + I53 + I54 + I55 + I56 -> 31256.04 | I45: =TRUNC(F45 * H45,2) -> 31256.04 | J45: =I45 / J2 -> 0.18657429
A46: 10.1 | B46: CP - 366 | C46: Próprio | D46: Tomada para uso geral, 2p + t, ABNT, de sobrepor, 10 A, com caixa, "Sistema X". | E46: un | F46: 12 | G46: ='CPUs - Nao Desonerada '!J37 -> 47.01 | H46: =TRUNC(TRUNC(G46 * J3, 2) + G46, 2) -> 57.46 | I46: =TRUNC(F46 * H46,2) -> 689.52 | J46: =I46 / J2 -> 0.0041158989
A47: 10.2 | B47: 91965 | C47: SINAPI | D47: INTERRUPTOR SIMPLES (2 MÓDULOS) COM INTERRUPTOR PARALELO (1 MÓDULO), 10A/250V, INCLUINDO SUPORTE E PLACA - FORNECIMENTO E INSTALAÇÃO. AF_03/2023 | E47: UN | F47: 6 | G47: =VLOOKUP(B47,CSD!A:D,4,0) -> 67.9 | H47: =TRUNC(TRUNC(G47 * J3, 2) + G47, 2) -> 82.99 | I47: =TRUNC(F47 * H47,2) -> 497.94 | J47: =I47 / J2 -> 0.0029723151
A48: 10.3 | B48: 97610 | C48: SINAPI | D48: LÂMPADA COMPACTA DE LED 10 W, BASE E27 - FORNECIMENTO E INSTALAÇÃO. AF_09/2024 | E48: UN | F48: 6 | G48: =VLOOKUP(B48,CSD!A:D,4,0) -> 16.95 | H48: =TRUNC(TRUNC(G48 * J3, 2) + G48, 2) -> 20.71 | I48: =TRUNC(F48 * H48,2) -> 124.26 | J48: =I48 / J2 -> 0.0007417357
A49: 10.4 | B49: 95726 | C49: SINAPI | D49: ELETRODUTO RÍGIDO SOLDÁVEL, PVC, DN 20 MM (1/2"), APARENTE - FORNECIMENTO E INSTALAÇÃO. AF_10/2022 | E49: M | F49: 60 | G49: =VLOOKUP(B49,CSD!A:D,4,0) -> 18 | H49: =TRUNC(TRUNC(G49 * J3, 2) + G49, 2) -> 22 | I49: =TRUNC(F49 * H49,2) -> 1320 | J49: =I49 / J2 -> 0.0078793749
A50: 10.5 | B50: 91927 | C50: SINAPI | D50: CABO DE COBRE FLEXÍVEL ISOLADO, 2,5 MM², ANTI-CHAMA 0,6/1,0 KV, PARA CIRCUITOS TERMINAIS - FORNECIMENTO E INSTALAÇÃO. AF_03/2023 | E50: M | F50: 120 | G50: =VLOOKUP(B50,CSD!A:D,4,0) -> 5.23 | H50: =TRUNC(TRUNC(G50 * J3, 2) + G50, 2) -> 6.39 | I50: =TRUNC(F50 * H50,2) -> 766.8 | J50: =I50 / J2 -> 0.0045772005
A51: 10.6 | B51: 91925 | C51: SINAPI | D51: CABO DE COBRE FLEXÍVEL ISOLADO, 1,5 MM², ANTI-CHAMA 0,6/1,0 KV, PARA CIRCUITOS TERMINAIS - FORNECIMENTO E INSTALAÇÃO. AF_03/2023 | E51: M | F51: 80 | G51: =VLOOKUP(B51,CSD!A:D,4,0) -> 3.88 | H51: =TRUNC(TRUNC(G51 * J3, 2) + G51, 2) -> 4.74 | I51: =TRUNC(F51 * H51,2) -> 379.2 | J51: =I51 / J2 -> 0.0022635295
A52: 10.7 | B52: 91931 | C52: SINAPI | D52: CABO DE COBRE FLEXÍVEL ISOLADO, 6 MM², ANTI-CHAMA 0,6/1,0 KV, PARA CIRCUITOS TERMINAIS - FORNECIMENTO E INSTALAÇÃO. AF_03/2023 | E52: M | F52: 15 | G52: =VLOOKUP(B52,CSD!A:D,4,0) -> 10.84 | H52: =TRUNC(TRUNC(G52 * J3, 2) + G52, 2) -> 13.24 | I52: =TRUNC(F52 * H52,2) -> 198.6 | J52: =I52 / J2 -> 0.0011854878
A53: 10.8 | B53: 97359 | C53: SINAPI | D53: QUADRO DE MEDIÇÃO GERAL DE ENERGIA COM 8 MEDIDORES - FORNECIMENTO E INSTALAÇÃO. AF_07/2025 | E53: UN | F53: 3 | G53: =VLOOKUP(B53,CSD!A:D,4,0) -> 4914.02 | H53: =TRUNC(TRUNC(G53 * J3, 2) + G53, 2) -> 6006.4 | I53: =TRUNC(F53 * H53,2) -> 18019.2 | J53: =I53 / J2 -> 0.10756063
A54: 10.9 | B54: 93656 | C54: SINAPI | D54: DISJUNTOR MONOPOLAR TIPO DIN, CORRENTE NOMINAL DE 25A - FORNECIMENTO E INSTALAÇÃO. AF_07/2025 | E54: UN | F54: 3 | G54: =VLOOKUP(B54,CSD!A:D,4,0) -> 15.07 | H54: =TRUNC(TRUNC(G54 * J3, 2) + G54, 2) -> 18.42 | I54: =TRUNC(F54 * H54,2) -> 55.26 | J54: =I54 / J2 -> 0.00032985929
A55: 10.10 | B55: 27 | C55: Próprio | D55: POSTE COM ENTRADA DE ENERGIA ELÉTRICA, AÉREA, TRIFÁSICA, COM CAIXA DE SOBREPOR, CABO DE 10 MM2 E DISJUNTOR DIN 50A | E55: UN | F55: 1 | G55: ='CPUs - Nao Desonerada '!J45 -> 7095.03 | H55: =TRUNC(TRUNC(G55 * J3, 2) + G55, 2) -> 8672.25 | I55: =TRUNC(F55 * H55,2) -> 8672.25 | J55: =I55 / J2 -> 0.051766598
A56: 10.11 | B56: 101946 | C56: SINAPI | D56: QUADRO DE MEDIÇÃO GERAL DE ENERGIA PARA 1 MEDIDOR DE SOBREPOR - FORNECIMENTO E INSTALAÇÃO. AF_07/2025 | E56: UN | F56: 3 | G56: =VLOOKUP(B56,CSD!A:D,4,0) -> 145.36 | H56: =TRUNC(TRUNC(G56 * J3, 2) + G56, 2) -> 177.67 | I56: =TRUNC(F56 * H56,2) -> 533.01 | J56: =I56 / J2 -> 0.0031816558
A57: 11 | D57: Esquadrias | F57: 1 | H57: =I58 + I59 + I60 -> 27235.71 | I57: =TRUNC(F57 * H57,2) -> 27235.71 | J57: =I57 / J2 -> 0.16257604
A58: 11.1 | B58: COMP.040 | C58: Próprio | D58: PD1 - PORTA DE ALUMÍNIO ANODIZADO NATURAL COM VENEZIANA VENTILADA, 80X160CM, GIRO, DIM.(0,8X1,6)M | E58: UN | F58: 3 | G58: ='CPUs - Nao Desonerada '!J72 -> 786 | H58: =TRUNC(TRUNC(G58 * J3, 2) + G58, 2) -> 960.72 | I58: =TRUNC(F58 * H58,2) -> 2882.16 | J58: =I58 / J2 -> 0.017204257
A59: 11.2 | B59: CP - 320 | C59: Próprio | D59: PORTA DE ENROLAR - FORNECIMENTO E INSTALAÇÃO | E59: UND | F59: 3 | G59: ='CPUs - Nao Desonerada '!J78 -> 6157.32 | H59: =TRUNC(TRUNC(G59 * J3, 2) + G59, 2) -> 7526.09 | I59: =TRUNC(F59 * H59,2) -> 22578.27 | J59: =I59 / J2 -> 0.13477474
A60: 11.3 | B60: 100758 | C60: SINAPI | D60: PINTURA COM TINTA ALQUÍDICA DE ACABAMENTO (ESMALTE SINTÉTICO ACETINADO) APLICADA A ROLO OU PINCEL SOBRE SUPERFÍCIES METÁLICAS (EXCETO PERFIL) EXECUTADO EM OBRA (02 DEMÃOS). AF_01/2020 | E60: m² | F60: 26 | G60: =VLOOKUP(B60,CSD!A:D,4,0) -> 55.87 | H60: =TRUNC(TRUNC(G60 * J3, 2) + G60, 2) -> 68.28 | I60: =TRUNC(F60 * H60,2) -> 1775.28 | J60: =I60 / J2 -> 0.010597043
A61: 12 | D61: Bancada | F61: 1 | H61: =I62 + I63 -> 5178.69 | I61: =TRUNC(F61 * H61,2) -> 5178.69 | J61: =I61 / J2 -> 0.030912758
A62: 12.1 | B62: C4698 | C62: SEINFRA | D62: PERFIL METÁLICO "I" OU "H" COM CRAVAÇÃO EMPREITADA | E62: KG | F62: 150 | G62: 16.74 | H62: =TRUNC(TRUNC(G62 * J3, 2) + G62, 2) -> 20.46 | I62: =TRUNC(F62 * H62,2) -> 3069 | J62: =I62 / J2 -> 0.018319547
A63: 12.2 | B63: 7753 | C63: ORSE | D63: Tampa em chapa metálica de 1/8", inclusive tratamento e pintura em esmalte ouóleo - Rev. 01 | E63: m² | F63: 4.95 | G63: 348.69 | H63: =TRUNC(TRUNC(G63 * J3, 2) + G63, 2) -> 426.2 | I63: =TRUNC(F63 * H63,2) -> 2109.69 | J63: =I63 / J2 -> 0.012593211
A64: 13 | D64: Limpeza Final | F64: 1 | H64: =I65 -> 1415.36 | I64: =TRUNC(F64 * H64,2) -> 1415.36 | J64: =I64 / J2 -> 0.0084486
A65: 13.1 | B65: COMP.067 | C65: Próprio | D65: LIMPEZA FINAL DE OBRAS | E65: M² | F65: 25.47 | G65: ='CPUs - Nao Desonerada '!J90 -> 45.47 | H65: =TRUNC(TRUNC(G65 * J3, 2) + G65, 2) -> 55.57 | I65: =TRUNC(F65 * H65,2) -> 1415.36 | J65: =I65 / J2 -> 0.0084486
A66: (Cento e sessenta e sete mil, quinhentos e vinte e cinco reais e noventa e oito centavos..) | I66: =J2 -> 167525.98

Sheet Orçamento desonerada
D1: Construção dos Quiosque da Praça Santo Amaro Localizada em Ponta de Pedras Rua Projetada,sn, Praça Santo Amaro, Praia de Ponta de Pedras, Goiana, Pernambuco | E1: SINAPI - 12/2025 - Pernambuco ORSE - 12/2025 - Sergipe SEINFRA - 028 - Ceará | G1: 0.2452
H2: Valor Final do Orçamento | J2: =I5 + I8 + I13 + I22 + I27 + I32 + I35 + I39 + I43 + I45 + I57 + I61 + I64 -> 171108.67 | K2: 187982.12
H3: BDI DESONERADO | J3: 0.2452
A4: Item | B4: Código | C4: Banco | D4: Descrição | E4: Und | F4: Quant. | G4: Valor Unit | H4: Valor Unit com BDI | I4: Total | J4: Peso (%)
A5: 1 | D5: ADMINISTRAÇÃO LOCAL | F5: 1 | H5: =I6 + I7 -> 13357.4 | I5: =TRUNC(F5 * H5,2) -> 13357.4 | J5: =I5 / J2 -> 0.078063841
A6: 1.1 | B6: 90778 | C6: SINAPI | D6: ENGENHEIRO CIVIL DE OBRA PLENO COM ENCARGOS COMPLEMENTARES | E6: H | F6: 30 | G6: =VLOOKUP(B6,CCD!A:D,4,0) -> 124.53 | H6: =TRUNC(TRUNC(G6 * J3, 2) + G6, 2) -> 155.06 | I6: =TRUNC(F6 * H6,2) -> 4651.8 | J6: =I6 / J2 -> 0.027186232
A7: 1.2 | B7: 90776 | C7: SINAPI | D7: ENCARREGADO GERAL COM ENCARGOS COMPLEMENTARES | E7: H | F7: 160 | G7: =VLOOKUP(B7,CCD!A:D,4,0) -> 43.7 | H7: =TRUNC(TRUNC(G7 * J3, 2) + G7, 2) -> 54.41 | I7: =TRUNC(F7 * H7,2) -> 8705.6 | J7: =I7 / J2 -> 0.050877609
A8: 2 | D8: Serviços Preliminares | F8: 1 | H8: =I9 + I10 + I11 + I12 -> 25156.28 | I8: =TRUNC(F8 * H8,2) -> 25156.28 | J8: =I8 / J2 -> 0.14701932
A9: 2.1 | B9: 98524 | C9: SINAPI | D9: LIMPEZA MANUAL DE VEGETAÇÃO EM TERRENO COM ENXADA. AF_03/2024 | E9: m² | F9: 27.47 | G9: =VLOOKUP(B9,CCD!A:D,4,0) -> 4.74 | H9: =TRUNC(TRUNC(G9 * J3, 2) + G9, 2) -> 5.9 | I9: =TRUNC(F9 * H9,2) -> 162.07 | J9: =I9 / J2 -> 0.00094717585
A10: 2.2 | B10: C5208 | C10: SEINFRA | D10: LOCAÇÃO DE BANHEIRO QUÍMICO - INCLUSO TRANSPORTE, INSTALAÇÃO E MANUTENÇÃO | E10: UNXMÊS | F10: 2 | G10: 950 | H10: =TRUNC(TRUNC(G10 * J3, 2) + G10, 2) -> 1182.94 | I10: =TRUNC(F10 * H10,2) -> 2365.88 | J10: =I10 / J2 -> 0.013826769
A11: 2.3 | B11: 103689 | C11: SINAPI | D11: FORNECIMENTO E INSTALAÇÃO DE PLACA DE OBRA COM CHAPA GALVANIZADA E ESTRUTURA DE MADEIRA. AF_03/2022_PS | E11: m² | F11: 12 | G11: =VLOOKUP(B11,CCD!A:D,4,0) -> 464.96 | H11: =TRUNC(TRUNC(G11 * J3, 2) + G11, 2) -> 578.96 | I11: =TRUNC(F11 * H11,2) -> 6947.52 | J11: =I11 / J2 -> 0.040602969
A12: 2.4 | B12: 62 | C12: ORSE | D12: Barracão fechado porte pequeno para depósito de cimento e almoxarifado (s=38,72 m2) com materiais novos | E12: un | F12: 1 | G12: 12593.01 | H12: =TRUNC(TRUNC(G12 * J3, 2) + G12, 2) -> 15680.81 | I12: =TRUNC(F12 * H12,2) -> 15680.81 | J12: =I12 / J2 -> 0.091642405
A13: 3 | D13: Fundação | F13: 1 | H13: =I14 + I15 + I16 + I17 + I18 + I19 + I20 + I21 -> 3988.85 | I13: =TRUNC(F13 * H13,2) -> 3988.85 | J13: =I13 / J2 -> 0.023311794
A14: 3.1 | B14: 93358 | C14: SINAPI | D14: ESCAVAÇÃO MANUAL DE VALA. AF_09/2024 | E14: m³ | F14: 4.8 | G14: =VLOOKUP(B14,CCD!A:D,4,0) -> 88.05 | H14: =TRUNC(TRUNC(G14 * J3, 2) + G14, 2) -> 109.63 | I14: =TRUNC(F14 * H14,2) -> 526.22 | J14: =I14 / J2 -> 0.0030753556
A15: 3.2 | B15: 94319 | C15: SINAPI | D15: ATERRO MANUAL DE VALAS COM SOLO ARGILO-ARENOSO. AF_08/2023 | E15: m³ | F15: 3.82 | G15: =VLOOKUP(B15,CCD!A:D,4,0) -> 79.43 | H15: =TRUNC(TRUNC(G15 * J3, 2) + G15, 2) -> 98.9 | I15: =TRUNC(F15 * H15,2) -> 377.79 | J15: =I15 / J2 -> 0.0022078951
A16: 3.3 | B16: 96620 | C16: SINAPI | D16: LASTRO DE CONCRETO MAGRO, APLICADO EM PISOS, LAJES SOBRE SOLO OU RADIERS. AF_01/2024 | E16: m³ | F16: 0.324 | G16: =VLOOKUP(B16,CCD!A:D,4,0) -> 785.02 | H16: =TRUNC(TRUNC(G16 * J3, 2) + G16, 2) -> 977.5 | I16: =TRUNC(F16 * H16,2) -> 316.71 | J16: =I16 / J2 -> 0.001850929
A17: 3.4 | B17: C0851 | C17: SEINFRA | D17: CONCRETO PRE-MISTURADO FCK 30 MPa | E17: m³ | F17: 1.536 | G17: 416.21 | H17: =TRUNC(TRUNC(G17 * J3, 2) + G17, 2) -> 518.26 | I17: =TRUNC(F17 * H17,2) -> 796.04 | J17: =I17 / J2 -> 0.0046522482
A18: 3.5 | B18: 7584 | C18: ORSE | D18: Forma plana para sapatas, em madeira maciça, 04 usos, inclusive escoramento | E18: m² | F18: 7.68 | G18: 60.71 | H18: =TRUNC(TRUNC(G18 * J3, 2) + G18, 2) -> 75.59 | I18: =TRUNC(F18 * H18,2) -> 580.53 | J18: =I18 / J2 -> 0.0033927562
A19: 3.6 | B19: 92762 | C19: SINAPI | D19: ARMAÇÃO DE PILAR OU VIGA DE ESTRUTURA CONVENCIONAL DE CONCRETO ARMADO UTILIZANDO AÇO CA-50 DE 10,0 MM - MONTAGEM. AF_06/2022 | E19: KG | F19: 57 | G19: =VLOOKUP(B19,CCD!A:D,4,0) -> 10.27 | H19: =TRUNC(TRUNC(G19 * J3, 2) + G19, 2) -> 12.78 | I19: =TRUNC(F19 * H19,2) -> 728.46 | J19: =I19 / J2 -> 0.0042572945
A20: 3.7 | B20: 92761 | C20: SINAPI | D20: ARMAÇÃO DE PILAR OU VIGA DE ESTRUTURA CONVENCIONAL DE CONCRETO ARMADO UTILIZANDO AÇO CA-50 DE 8,0 MM - MONTAGEM. AF_06/2022 | E20: KG | F20: 26 | G20: =VLOOKUP(B20,CCD!A:D,4,0) -> 11.59 | H20: =TRUNC(TRUNC(G20 * J3, 2) + G20, 2) -> 14.43 | I20: =TRUNC(F20 * H20,2) -> 375.18 | J20: =I20 / J2 -> 0.0021926417
A21: 3.8 | B21: 104111 | C21: SINAPI | D21: ARMAÇÃO DE PILAR OU VIGA DE ESTRUTURA DE CONCRETO ARMADO EMBUTIDA EM ALVENARIA DE VEDAÇÃO UTILIZANDO AÇO CA-60 DE 5,0 MM - MONTAGEM. AF_06/2022 | E21: KG | F21: 11.8 | G21: =VLOOKUP(B21,CCD!A:D,4,0) -> 19.6 | H21: =TRUNC(TRUNC(G21 * J3, 2) + G21, 2) -> 24.4 | I21: =TRUNC(F21 * H21,2) -> 287.92 | J21: =I21 / J2 -> 0.0016826734
A22: 4 | D22: Pilares | F22: 1 | H22: =I23 + I24 + I25 + I26 -> 3640.1 | I22: =TRUNC(F22 * H22,2) -> 3640.1 | J22: =I22 / J2 -> 0.021273615
A23: 4.1 | B23: C0851 | C23: SEINFRA | D23: CONCRETO PRE-MISTURADO FCK 30 MPa | E23: m³ | F23: 0.96 | G23: 416.21 | H23: =TRUNC(TRUNC(G23 * J3, 2) + G23, 2) -> 518.26 | I23: =TRUNC(F23 * H23,2) -> 497.52 | J23: =I23 / J2 -> 0.0029076259
A24: 4.2 | B24: 92761 | C24: SINAPI | D24: ARMAÇÃO DE PILAR OU VIGA DE ESTRUTURA CONVENCIONAL DE CONCRETO ARMADO UTILIZANDO AÇO CA-50 DE 8,0 MM - MONTAGEM. AF_06/2022 | E24: KG | F24: 63.2 | G24: =VLOOKUP(B24,CCD!A:D,4,0) -> 11.59 | H24: =TRUNC(TRUNC(G24 * J3, 2) + G24, 2) -> 14.43 | I24: =TRUNC(F24 * H24,2) -> 911.97 | J24: =I24 / J2 -> 0.0053297708
A25: 4.3 | B25: 104111 | C25: SINAPI | D25: ARMAÇÃO DE PILAR OU VIGA DE ESTRUTURA DE CONCRETO ARMADO EMBUTIDA EM ALVENARIA DE VEDAÇÃO UTILIZANDO AÇO CA-60 DE 5,0 MM - MONTAGEM. AF_06/2022 | E25: KG | F25: 26.32 | G25: =VLOOKUP(B25,CCD!A:D,4,0) -> 19.6 | H25: =TRUNC(TRUNC(G25 * J3, 2) + G25, 2) -> 24.4 | I25: =TRUNC(F25 * H25,2) -> 642.2 | J25: =I25 / J2 -> 0.0037531704
A26: 4.4 | B26: 7478 | C26: ORSE | D26: Forma plana para pilares, em compensado plastificado de 14mm, 04 usos, inclusive escoramento | E26: m² | F26: 19.2 | G26: 66.44 | H26: =TRUNC(TRUNC(G26 * J3, 2) + G26, 2) -> 82.73 | I26: =TRUNC(F26 * H26,2) -> 1588.41 | J26: =I26 / J2 -> 0.009283048
A27: 5 | D27: VIgas | F27: 1 | H27: =I28 + I29 + I30 + I31 -> 9713.93 | I27: =TRUNC(F27 * H27,2) -> 9713.93 | J27: =I27 / J2 -> 0.056770531
A28: 5.1 | B28: C0851 | C28: SEINFRA | D28: CONCRETO PRE-MISTURADO FCK 30 MPa | E28: m³ | F28: 2.862 | G28: 416.21 | H28: =TRUNC(TRUNC(G28 * J3, 2) + G28, 2) -> 518.26 | I28: =TRUNC(F28 * H28,2) -> 1483.26 | J28: =I28 / J2 -> 0.0086685263
A29: 5.2 | B29: 7478 | C29: ORSE | D29: Forma plana para pilares, em compensado plastificado de 14mm, 04 usos, inclusive escoramento | E29: m² | F29: 47.7 | G29: 66.44 | H29: =TRUNC(TRUNC(G29 * J3, 2) + G29, 2) -> 82.73 | I29: =TRUNC(F29 * H29,2) -> 3946.22 | J29: =I29 / J2 -> 0.023062654
A30: 5.3 | B30: 92762 | C30: SINAPI | D30: ARMAÇÃO DE PILAR OU VIGA DE ESTRUTURA CONVENCIONAL DE CONCRETO ARMADO UTILIZANDO AÇO CA-50 DE 10,0 MM - MONTAGEM. AF_06/2022 | E30: KG | F30: 157 | G30: =VLOOKUP(B30,CCD!A:D,4,0) -> 10.27 | H30: =TRUNC(TRUNC(G30 * J3, 2) + G30, 2) -> 12.78 | I30: =TRUNC(F30 * H30,2) -> 2006.46 | J30: =I30 / J2 -> 0.011726232
A31: 5.4 | B31: 92915 | C31: SINAPI | D31: ARMAÇÃO DE ESTRUTURAS DIVERSAS DE CONCRETO ARMADO, EXCETO VIGAS, PILARES, LAJES E FUNDAÇÕES, UTILIZANDO AÇO CA-60 DE 5,0 MM - MONTAGEM. AF_06/2022 | E31: KG | F31: 114.3 | G31: =VLOOKUP(B31,CCD!A:D,4,0) -> 16.01 | H31: =TRUNC(TRUNC(G31 * J3, 2) + G31, 2) -> 19.93 | I31: =TRUNC(F31 * H31,2) -> 2277.99 | J31: =I31 / J2 -> 0.013313118
A32: 6 | D32: Paredes | F32: 1 | H32: =I33 + I34 -> 20337.46 | I32: =TRUNC(F32 * H32,2) -> 20337.46 | J32: =I32 / J2 -> 0.11885698
A33: 6.1 | B33: COC-004 | C33: Próprio | D33: ALVENARIA EM TIJOLO ECOLOGICO DE SOLO-CIMENTO,MEDINDO APROXI MADAMENTE (12,5X25X7)CM,EM PAREDES DE 12,5CM,ESTRUTURADA COM BARRAS DE ACO CA-50,COLA,REJUNTE E GROUT NO ENTORNO DOS VAO S,VERGAS BLOCOS E CALHAS,EXCLUSIVE CINTA DE AMARRACAO E ALIC ERCE | E33: m² | F33: 84.6 | G33: ='CPUs - Desonerada'!J6 -> 181.31 | H33: =TRUNC(TRUNC(G33 * J3, 2) + G33, 2) -> 225.76 | I33: =TRUNC(F33 * H33,2) -> 19099.29 | J33: =I33 / J2 -> 0.11162082
A34: 6.2 | B34: C2462 | C34: SEINFRA | D34: TEXTURA ACRÍLICA 1 DEMÃO EM PAREDES INTERNAS | E34: m² | F34: 67.66 | G34: 14.7 | H34: =TRUNC(TRUNC(G34 * J3, 2) + G34, 2) -> 18.3 | I34: =TRUNC(F34 * H34,2) -> 1238.17 | J34: =I34 / J2 -> 0.0072361617
A35: 7 | D35: Piso | F35: 1 | H35: =I36 + I37 + I38 -> 2941.66 | I35: =TRUNC(F35 * H35,2) -> 2941.66 | J35: =I35 / J2 -> 0.017191765
A36: 7.1 | B36: 10619 | C36: ORSE | D36: Revestimento cerâmico para piso ou parede, 45 x 45 cm, Eliane, linha cargo plus white ou similar, aplicado com argamassa industrializada ac-ii, rejuntado,exclusive regularização de base ou emboço | E36: m² | F36: 20.79 | G36: 63.93 | H36: =TRUNC(TRUNC(G36 * J3, 2) + G36, 2) -> 79.6 | I36: =TRUNC(F36 * H36,2) -> 1654.88 | J36: =I36 / J2 -> 0.0096715146
A37: 7.2 | B37: CP - 0001 | C37: Próprio | D37: CONTRAPISO EM CONCRETO FCK=15MPa PREPARO MANUAL, ESPESSURA DE 5CM | E37: M² | F37: 20.79 | G37: ='CPUs - Desonerada'!J19 -> 40.13 | H37: =TRUNC(TRUNC(G37 * J3, 2) + G37, 2) -> 49.96 | I37: =TRUNC(F37 * H37,2) -> 1038.66 | J37: =I37 / J2 -> 0.0060701775
A38: 7.3 | B38: 104619 | C38: SINAPI | D38: RODAPÉ CERÂMICO DE 7CM DE ALTURA COM PLACAS TIPO ESMALTADA DE DIMENSÕES 80X80CM. AF_02/2023 | E38: M | F38: 13.8 | G38: =VLOOKUP(B38,CCD!A:D,4,0) -> 14.44 | H38: =TRUNC(TRUNC(G38 * J3, 2) + G38, 2) -> 17.98 | I38: =TRUNC(F38 * H38,2) -> 248.12 | J38: =I38 / J2 -> 0.0014500726
A39: 8 | D39: Coberta | F39: 1 | H39: =I40 + I41 + I42 -> 20910.14 | I39: =TRUNC(F39 * H39,2) -> 20910.14 | J39: =I39 / J2 -> 0.12220386
A40: 8.1 | B40: COC-014 | C40: Próprio | D40: TELHA ECOLÓGICA ONDULINE CLÁSSICA MARRON | E40: m² | F40: 35.99 | G40: ='CPUs - Desonerada'!I27 -> 414.76 | H40: =TRUNC(TRUNC(G40 * J3, 2) + G40, 2) -> 516.45 | I40: =TRUNC(F40 * H40,2) -> 18587.03 | J40: =I40 / J2 -> 0.10862705
A41: 8.2 | B41: 92580 | C41: SINAPI | D41: TRAMA DE AÇO COMPOSTA POR TERÇAS PARA TELHADOS DE ATÉ 2 ÁGUAS PARA TELHA ONDULADA DE FIBROCIMENTO, METÁLICA, PLÁSTICA OU TERMOACÚSTICA, INCLUSO TRANSPORTE VERTICAL, EXCLUSIVE PINTURA. AF_10/2025_PS | E41: m² | F41: 35.99 | G41: =VLOOKUP(B41,CCD!A:D,4,0) -> 48.2 | H41: =TRUNC(TRUNC(G41 * J3, 2) + G41, 2) -> 60.01 | I41: =TRUNC(F41 * H41,2) -> 2159.75 | J41: =I41 / J2 -> 0.012622096
A42: 8.3 | B42: C3084 | C42: SEINFRA | D42: EXECUÇÃO DE PINGADEIRAS | E42: M | F42: 10.56 | G42: 12.43 | H42: =TRUNC(TRUNC(G42 * J3, 2) + G42, 2) -> 15.47 | I42: =TRUNC(F42 * H42,2) -> 163.36 | J42: =I42 / J2 -> 0.00095471492
A43: 9 | D43: Forro | F43: 1 | H43: =I44 -> 1654.88 | I43: =TRUNC(F43 * H43,2) -> 1654.88 | J43: =I43 / J2 -> 0.0096715146
A44: 9.1 | B44: 96116 | C44: SINAPI | D44: FORRO EM RÉGUAS DE PVC, FRISADO, PARA AMBIENTES COMERCIAIS, INCLUSIVE ESTRUTURA BIDIRECIONAL DE FIXAÇÃO. AF_08/2023_PS | E44: m² | F44: 20.79 | G44: =VLOOKUP(B44,CCD!A:D,4,0) -> 63.93 | H44: =TRUNC(TRUNC(G44 * J3, 2) + G44, 2) -> 79.6 | I44: =TRUNC(F44 * H44,2) -> 1654.88 | J44: =I44 / J2 -> 0.0096715146
A45: 10 | D45: Elétrica | F45: 1 | H45: =I46 + I47 + I48 + I49 + I50 + I51 + I52 + I53 + I54 + I55 + I56 -> 35755.79 | I45: =TRUNC(F45 * H45,2) -> 35755.79 | J45: =I45 / J2 -> 0.20896539
A46: 10.1 | B46: CP - 366 | C46: Próprio | D46: Tomada para uso geral, 2p + t, ABNT, de sobrepor, 10 A, com caixa, "Sistema X". | E46: un | F46: 12 | G46: ='CPUs - Desonerada'!I37 -> 173.81 | H46: =TRUNC(TRUNC(G46 * J3, 2) + G46, 2) -> 216.42 | I46: =TRUNC(F46 * H46,2) -> 2597.04 | J46: =I46 / J2 -> 0.015177723
A47: 10.2 | B47: 91965 | C47: SINAPI | D47: INTERRUPTOR SIMPLES (2 MÓDULOS) COM INTERRUPTOR PARALELO (1 MÓDULO), 10A/250V, INCLUINDO SUPORTE E PLACA - FORNECIMENTO E INSTALAÇÃO. AF_03/2023 | E47: UN | F47: 6 | G47: =VLOOKUP(B47,CCD!A:D,4,0) -> 64.43 | H47: =TRUNC(TRUNC(G47 * J3, 2) + G47, 2) -> 80.22 | I47: =TRUNC(F47 * H47,2) -> 481.32 | J47: =I47 / J2 -> 0.0028129492
A48: 10.3 | B48: 97610 | C48: SINAPI | D48: LÂMPADA COMPACTA DE LED 10 W, BASE E27 - FORNECIMENTO E INSTALAÇÃO. AF_09/2024 | E48: UN | F48: 6 | G48: =VLOOKUP(B48,CCD!A:D,4,0) -> 16.45 | H48: =TRUNC(TRUNC(G48 * J3, 2) + G48, 2) -> 20.48 | I48: =TRUNC(F48 * H48,2) -> 122.88 | J48: =I48 / J2 -> 0.00071814012
A49: 10.4 | B49: 95726 | C49: SINAPI | D49: ELETRODUTO RÍGIDO SOLDÁVEL, PVC, DN 20 MM (1/2"), APARENTE - FORNECIMENTO E INSTALAÇÃO. AF_10/2022 | E49: M | F49: 60 | G49: =VLOOKUP(B49,CCD!A:D,4,0) -> 17.11 | H49: =TRUNC(TRUNC(G49 * J3, 2) + G49, 2) -> 21.3 | I49: =TRUNC(F49 * H49,2) -> 1278 | J49: =I49 / J2 -> 0.0074689377
A50: 10.5 | B50: 91927 | C50: SINAPI | D50: CABO DE COBRE FLEXÍVEL ISOLADO, 2,5 MM², ANTI-CHAMA 0,6/1,0 KV, PARA CIRCUITOS TERMINAIS - FORNECIMENTO E INSTALAÇÃO. AF_03/2023 | E50: M | F50: 120 | G50: =VLOOKUP(B50,CCD!A:D,4,0) -> 5.1 | H50: =TRUNC(TRUNC(G50 * J3, 2) + G50, 2) -> 6.35 | I50: =TRUNC(F50 * H50,2) -> 762 | J50: =I50 / J2 -> 0.0044533103
A51: 10.6 | B51: 91925 | C51: SINAPI | D51: CABO DE COBRE FLEXÍVEL ISOLADO, 1,5 MM², ANTI-CHAMA 0,6/1,0 KV, PARA CIRCUITOS TERMINAIS - FORNECIMENTO E INSTALAÇÃO. AF_03/2023 | E51: M | F51: 80 | G51: =VLOOKUP(B51,CCD!A:D,4,0) -> 3.78 | H51: =TRUNC(TRUNC(G51 * J3, 2) + G51, 2) -> 4.7 | I51: =TRUNC(F51 * H51,2) -> 376 | J51: =I51 / J2 -> 0.0021974339
A52: 10.7 | B52: 91931 | C52: SINAPI | D52: CABO DE COBRE FLEXÍVEL ISOLADO, 6 MM², ANTI-CHAMA 0,6/1,0 KV, PARA CIRCUITOS TERMINAIS - FORNECIMENTO E INSTALAÇÃO. AF_03/2023 | E52: M | F52: 15 | G52: =VLOOKUP(B52,CCD!A:D,4,0) -> 10.61 | H52: =TRUNC(TRUNC(G52 * J3, 2) + G52, 2) -> 13.21 | I52: =TRUNC(F52 * H52,2) -> 198.15 | J52: =I52 / J2 -> 0.001158036
A53: 10.8 | B53: 97359 | C53: SINAPI | D53: QUADRO DE MEDIÇÃO GERAL DE ENERGIA COM 8 MEDIDORES - FORNECIMENTO E INSTALAÇÃO. AF_07/2025 | E53: UN | F53: 3 | G53: =VLOOKUP(B53,CCD!A:D,4,0) -> 4898.59 | H53: =TRUNC(TRUNC(G53 * J3, 2) + G53, 2) -> 6099.72 | I53: =TRUNC(F53 * H53,2) -> 18299.16 | J53: =I53 / J2 -> 0.10694467
A54: 10.9 | B54: 93656 | C54: SINAPI | D54: DISJUNTOR MONOPOLAR TIPO DIN, CORRENTE NOMINAL DE 25A - FORNECIMENTO E INSTALAÇÃO. AF_07/2025 | E54: UN | F54: 3 | G54: =VLOOKUP(B54,CCD!A:D,4,0) -> 14.78 | H54: =TRUNC(TRUNC(G54 * J3, 2) + G54, 2) -> 18.4 | I54: =TRUNC(F54 * H54,2) -> 55.2 | J54: =I54 / J2 -> 0.000322602
A55: 10.10 | B55: 27 | C55: Próprio | D55: POSTE COM ENTRADA DE ENERGIA ELÉTRICA, AÉREA, TRIFÁSICA, COM CAIXA DE SOBREPOR, CABO DE 10 MM2 E DISJUNTOR DIN 50A | E55: UN | F55: 1 | G55: ='CPUs - Desonerada'!I45 -> 8875.43 | H55: =TRUNC(TRUNC(G55 * J3, 2) + G55, 2) -> 11051.68 | I55: =TRUNC(F55 * H55,2) -> 11051.68 | J55: =I55 / J2 -> 0.064588662
A56: 10.11 | B56: 101946 | C56: SINAPI | D56: QUADRO DE MEDIÇÃO GERAL DE ENERGIA PARA 1 MEDIDOR DE SOBREPOR - FORNECIMENTO E INSTALAÇÃO. AF_07/2025 | E56: UN | F56: 3 | G56: =VLOOKUP(B56,CCD!A:D,4,0) -> 143.05 | H56: =TRUNC(TRUNC(G56 * J3, 2) + G56, 2) -> 178.12 | I56: =TRUNC(F56 * H56,2) -> 534.36 | J56: =I56 / J2 -> 0.0031229277
A57: 11 | D57: Esquadrias | F57: 1 | H57: =I58 + I59 + I60 -> 26924.95 | I57: =TRUNC(F57 * H57,2) -> 26924.95 | J57: =I57 / J2 -> 0.15735585
A58: 11.1 | B58: COMP.040 | C58: Próprio | D58: PD1 - PORTA DE ALUMÍNIO ANODIZADO NATURAL COM VENEZIANA VENTILADA, 80X160CM, GIRO, DIM.(0,8X1,6)M | E58: UN | F58: 3 | G58: ='CPUs - Desonerada'!I72 -> 783.92 | H58: =TRUNC(TRUNC(G58 * J3, 2) + G58, 2) -> 976.13 | I58: =TRUNC(F58 * H58,2) -> 2928.39 | J58: =I58 / J2 -> 0.017114212
A59: 11.2 | B59: CP - 320 | C59: Próprio | D59: PORTA DE ENROLAR - FORNECIMENTO E INSTALAÇÃO | E59: UND | F59: 3 | G59: ='CPUs - Desonerada'!I78 -> 5968.01 | H59: =TRUNC(TRUNC(G59 * J3, 2) + G59, 2) -> 7431.36 | I59: =TRUNC(F59 * H59,2) -> 22294.08 | J59: =I59 / J2 -> 0.13029194
A60: 11.3 | B60: 100758 | C60: SINAPI | D60: PINTURA COM TINTA ALQUÍDICA DE ACABAMENTO (ESMALTE SINTÉTICO ACETINADO) APLICADA A ROLO OU PINCEL SOBRE SUPERFÍCIES METÁLICAS (EXCETO PERFIL) EXECUTADO EM OBRA (02 DEMÃOS). AF_01/2020 | E60: m² | F60: 26 | G60: =VLOOKUP(B60,CCD!A:D,4,0) -> 52.59 | H60: =TRUNC(TRUNC(G60 * J3, 2) + G60, 2) -> 65.48 | I60: =TRUNC(F60 * H60,2) -> 1702.48 | J60: =I60 / J2 -> 0.0099497004
A61: 12 | D61: Bancada | F61: 1 | H61: =I62 + I63 -> 5275.19 | I61: =TRUNC(F61 * H61,2) -> 5275.19 | J61: =I61 / J2 -> 0.030829472
A62: 12.1 | B62: C4698 | C62: SEINFRA | D62: PERFIL METÁLICO "I" OU "H" COM CRAVAÇÃO EMPREITADA | E62: KG | F62: 150 | G62: 16.74 | H62: =TRUNC(TRUNC(G62 * J3, 2) + G62, 2) -> 20.84 | I62: =TRUNC(F62 * H62,2) -> 3126 | J62: =I62 / J2 -> 0.018269092
A63: 12.2 | B63: 7753 | C63: ORSE | D63: Tampa em chapa metálica de 1/8", inclusive tratamento e pintura em esmalte ouóleo - Rev. 01 | E63: m² | F63: 4.95 | G63: 348.69 | H63: =TRUNC(TRUNC(G63 * J3, 2) + G63, 2) -> 434.18 | I63: =TRUNC(F63 * H63,2) -> 2149.19 | J63: =I63 / J2 -> 0.01256038
A64: 13 | D64: Limpeza Final | F64: 1 | H64: =I65 -> 1452.04 | I64: =TRUNC(F64 * H64,2) -> 1452.04 | J64: =I64 / J2 -> 0.0084860691
A65: 13.1 | B65: COMP.067 | C65: Próprio | D65: LIMPEZA FINAL DE OBRAS | E65: M² | F65: 25.47 | G65: ='CPUs - Desonerada'!J90 -> 45.79 | H65: =TRUNC(TRUNC(G65 * J3, 2) + G65, 2) -> 57.01 | I65: =TRUNC(F65 * H65,2) -> 1452.04 | J65: =I65 / J2 -> 0.0084860691
A66: (Cento e setenta e dois mil, duzentos e noventa e um reais e sessenta e um centavos.) | I66: =J2 -> 171108.67

Sheet MC 
B1: Obra
B2: Construção dos Quiosque da Praça Santo Amaro Localizada em Ponta de Pedras Rua Projetada,sn, Praça Santo Amaro, Praia de Ponta de Pedras, Goiana, Pernambuco
A3: MEMORIA DE CALCULO
A4: Item | B4: Descrição | C4: Und | D4: Quant. | E4: Observações
A5: 1 | B5: ADMINISTRAÇÃO LOCAL
A6: 1.1 | B6: ENGENHEIRO CIVIL DE OBRA PLENO COM ENCARGOS COMPLEMENTARES | C6: H | D6: 30 | E6: Horas:1 × 20 × 1,5 = 30h | G6: =1*20*1.5 -> 30
A7: 1.2 | B7: ENCARREGADO GERAL COM ENCARGOS COMPLEMENTARES | C7: H | D7: 160 | E7: Horas: 4 × 20 × 2 = 160h | G7: =4*20*2 -> 160
A8: 2 | B8: Serviços Preliminares
A9: 2.1 | B9: LIMPEZA MANUAL DE VEGETAÇÃO EM TERRENO COM ENXADA. AF_03/2024 | C9: m² | D9: 27.47 | E9: Critério adotado: A limpeza deve abranger toda a área de implantação da edificação. Conforme projeto arquitetônico Área construída = 25,47 m² Considerando margem operacional para circulação e regularização (+ ~2 m²): Quantitativo adotado: 27,47 m²
A10: 2.2 | B10: LOCAÇÃO DE BANHEIRO QUÍMICO - INCLUSO TRANSPORTE, INSTALAÇÃO E MANUTENÇÃO | C10: UNXMÊS | D10: 2 | E10: Critério adotado: Obra com duração prevista de 2 meses. Quantidade de banheiros: 1 unidade atende obra de pequeno porte.
A11: 2.3 | B11: FORNECIMENTO E INSTALAÇÃO DE PLACA DE OBRA COM CHAPA GALVANIZADA E ESTRUTURA DE MADEIRA. AF_03/2022_PS | C11: m² | D11: 12 | E11: Critério adotado: Placa padrão obra pública geralmente: 4,00 m × 3,00 m = 12,00 m²
A12: 2.4 | B12: Barracão fechado porte pequeno para depósito de cimento e almoxarifado (s=38,72 m2) com materiais novos | C12: un | D12: 1 | E12: Área padrão do item: 38,72 m² 01 unidade
A13: 3 | B13: Fundação
A14: 3.1 | B14: ESCAVAÇÃO MANUAL DE VALA. AF_09/2024 | C14: m³ | D14: 4.8 | E14: Premissa adotada: 8 cavas para sapatas (1 por pilar). Dimensão da cava (execução): 1,00 × 1,00 × 0,60 m V=1,00×1,00×0,60=0,60m3 8×0,60=4,80m3
A15: 3.2 | B15: ATERRO MANUAL DE VALAS COM SOLO ARGILO-ARENOSO. AF_08/2023 | C15: m³ | D15: 3.82 | E15: V=25,47×0,15=3,8205m3≈3,82m3
A16: 3.3 | B16: LASTRO DE CONCRETO MAGRO, APLICADO EM PISOS, LAJES SOBRE SOLO OU RADIERS. AF_01/2024 | C16: m³ | D16: 0.324 | E16: V=0,90×0,90×0,05=0,0405m3 8×0,0405=0,324m3
A17: 3.4 | B17: CONCRETO PRE-MISTURADO FCK 30 MPa | C17: m³ | D17: 1.536 | E17: Premissa: 8 sapatas 0,80×0,80×0,30 m V=0,80×0,80×0,30=0,192m3 8×0,192=1,536m3
A18: 3.5 | B18: Forma plana para sapatas, em madeira maciça, 04 usos, inclusive escoramento | C18: m² | D18: 7.68 | E18: Perímetro da sapata: 4 x 0,80 = 3,20 m Altura: 0,30 m Área por unidade: 3,20 x 0,30 = 0,96 m² Área total: 8 x 0,96 = 7,68 m²
A19: 3.6 | B19: ARMAÇÃO DE PILAR OU VIGA DE ESTRUTURA CONVENCIONAL DE CONCRETO ARMADO UTILIZANDO AÇO CA-50 DE 10,0 MM - MONTAGEM. AF_06/2022 | C19: KG | D19: 57 | E19: Armadura longitudinal e arranques da fundação. Quantidade total conforme planilha: 57,0 kg
A20: 3.7 | B20: ARMAÇÃO DE PILAR OU VIGA DE ESTRUTURA CONVENCIONAL DE CONCRETO ARMADO UTILIZANDO AÇO CA-50 DE 8,0 MM - MONTAGEM. AF_06/2022 | C20: KG | D20: 26 | E20: Malha superior/distribuição da fundação. Quantidade total conforme planilha: 26,0 kg
A21: 3.8 | B21: ARMAÇÃO DE PILAR OU VIGA DE ESTRUTURA DE CONCRETO ARMADO EMBUTIDA EM ALVENARIA DE VEDAÇÃO UTILIZANDO AÇO CA-60 DE 5,0 MM - MONTAGEM. AF_06/2022 | C21: KG | D21: 11.8 | E21: Estribos e amarrações da fundação. Quantidade total conforme planilha: 11,8 kg
A22: 4 | B22: Pilares
A23: 4.1 | B23: CONCRETO PRE-MISTURADO FCK 30 MPa | C23: m³ | D23: 0.96 | E23: Seção do pilar: 0,20 x 0,20 m Altura: 3,00 m Volume por unidade: 0,20 x 0,20 x 3,00 = 0,12 m³ Quantidade de pilares: 8 un Volume total: 8 x 0,12 = 0,96 m³
A24: 4.2 | B24: ARMAÇÃO DE PILAR OU VIGA DE ESTRUTURA CONVENCIONAL DE CONCRETO ARMADO UTILIZANDO AÇO CA-50 DE 8,0 MM - MONTAGEM. AF_06/2022 | C24: KG | D24: 63.2 | E24: Quantidade de barras por pilar: 4 un Comprimento por barra: 3,20 m (incluindo ancoragens) Comprimento total: 8 x 4 x 3,20 = 102,40 m Peso unitário Ø10: 0,617 kg/m Peso total: 102,40 x 0,617 = 63,20 kg
A25: 4.3 | B25: ARMAÇÃO DE PILAR OU VIGA DE ESTRUTURA DE CONCRETO ARMADO EMBUTIDA EM ALVENARIA DE VEDAÇÃO UTILIZANDO AÇO CA-60 DE 5,0 MM - MONTAGEM. AF_06/2022 | C25: KG | D25: 26.32 | E25: Espaçamento: 15 cm Quantidade por pilar: 3,00 / 0,15 = 20 estribos (aprox. 21 adotado) Total de estribos: 8 x 21 = 168 un Comprimento médio por estribo: 0,64 m Comprimento total: 168 x 0,64 = 107,52 m Peso unitário Ø6,3: 0,245 kg/m Peso total: 107,52 x 0,245 = 26,32 kg
A26: 4.4 | B26: Forma plana para pilares, em compensado plastificado de 14mm, 04 usos, inclusive escoramento | C26: m² | D26: 19.2 | E26: • Seção do pilar: 0,20 × 0,20 m • Altura: 3,00 m • Perímetro do pilar: 2×(0,20+0,20)=0,80 m2 \times (0,20 + 0,20) = 0,80 \, m2×(0,20+0,20)=0,80m • Área de forma por pilar: 0,80×3,00=2,40 m20,80 \times 3,00 = 2,40 \, m²0,80×3,00=2,40m2 • Quantidade de pilares: 8 un • Área total de forma: 8×2,40=19,20 m28 \times 2,40 = 19,20 \, m²8×2,40=19,20m2
A27: 5 | B27: VIgas
A28: 5.1 | B28: CONCRETO PRE-MISTURADO FCK 30 MPa | C28: m³ | D28: 2.862 | E28: Seção da viga: 0,15 x 0,30 m Comprimento total: 63,60 m Volume total: 0,15 x 0,30 x 63,60 = 2,862 m³
A29: 5.2 | B29: Forma plana para pilares, em compensado plastificado de 14mm, 04 usos, inclusive escoramento | C29: m² | D29: 47.7 | E29: Área por metro linear: (2 x 0,30) + 0,15 = 0,75 m²/m Área total: 63,60 x 0,75 = 47,70 m²
A30: 5.3 | B30: ARMAÇÃO DE PILAR OU VIGA DE ESTRUTURA CONVENCIONAL DE CONCRETO ARMADO UTILIZANDO AÇO CA-50 DE 10,0 MM - MONTAGEM. AF_06/2022 | C30: KG | D30: 157 | E30: Quantidade de barras longitudinais: 4 un Comprimento total: 4 x 63,60 = 254,40 m Peso unitário Ø10: 0,617 kg/m Peso total: 254,40 x 0,617 = 157,00 kg
A31: 5.4 | B31: ARMAÇÃO DE ESTRUTURAS DIVERSAS DE CONCRETO ARMADO, EXCETO VIGAS, PILARES, LAJES E FUNDAÇÕES, UTILIZANDO AÇO CA-60 DE 5,0 MM - MONTAGEM. AF_06/2022 | C31: KG | D31: 114.3 | E31: Espaçamento: 15 cm Quantidade estimada: 63,60 / 0,15 = 424 un Comprimento médio por estribo: 1,10 m Comprimento total: 424 x 1,10 = 466,40 m Peso unitário Ø6,3: 0,245 kg/m Peso total: 466,40 x 0,245 = 114,30 kg
A32: 6 | B32: Paredes
A33: 6.1 | B33: ALVENARIA EM TIJOLO ECOLOGICO DE SOLO-CIMENTO,MEDINDO APROXI MADAMENTE (12,5X25X7)CM,EM PAREDES DE 12,5CM,ESTRUTURADA COM BARRAS DE ACO CA-50,COLA,REJUNTE E GROUT NO ENTORNO DOS VAO S,VERGAS BLOCOS E CALHAS,EXCLUSIVE CINTA DE AMARRACAO E ALIC ERCE | C33: m² | D33: 84.6 | E33: Área de paredes a construir conforme quadro/legenda do projeto: • Parede a construir = 84,60 m²
A34: 6.2 | B34: TEXTURA ACRÍLICA 1 DEMÃO EM PAREDES INTERNAS | C34: m² | D34: 67.66 | E34: Área de revestimento em textura conforme especificação do projeto: • Revestimento em textura (cimento queimado / textura acrílica) = 67,66 m²
A35: 7 | B35: Piso
A36: 7.1 | B36: Revestimento cerâmico para piso ou parede, 45 x 45 cm, Eliane, linha cargo plus white ou similar, aplicado com argamassa industrializada ac-ii, rejuntado,exclusive regularização de base ou emboço | C36: m² | D36: 20.79 | E36: Memória de cálculo: Área de piso cerâmico conforme quadro do projeto: Piso cerâmico a construir = 20,79 m²
A37: 7.2 | B37: CONTRAPISO EM CONCRETO FCK=15MPa PREPARO MANUAL, ESPESSURA DE 5CM | C37: M² | D37: 20.79 | E37: Memória de cálculo: O contrapiso é executado em toda a área que receberá o piso cerâmico: Área de contrapiso = Área de piso cerâmico = 20,79 m²
A38: 7.3 | B38: RODAPÉ CERÂMICO DE 7CM DE ALTURA COM PLACAS TIPO ESMALTADA DE DIMENSÕES 80X80CM. AF_02/2023 | C38: M | D38: 13.8 | E38: 1. Perímetro interno bruto: P=2×(10,50+2,70)=2×13,20=26,40 mP = 2 \times (10,50 + 2,70) = 2 \times 3. 13,20 = 26,40 \, mP=2×(10,50+2,70)=2×13,20=26,40m 4. Desconto de vãos (portas): • 3 portas de giro: 3 × 0,90 = 2,70 m • 3 portas de enrolar: 3 × 3,30 = 9,90 m Total vãos = 2,70 + 9,90 = 12,60 m 3. Rodapé total: 26,40−12,60=13,80 m26,40 - 12,60 = 13,80 \, m26,40−12,60=13,80m Quantidade adotada: 13,80 m
A39: 8 | B39: Coberta
A40: 8.1 | B40: TELHA ECOLÓGICA ONDULINE CLÁSSICA MARRON | C40: m² | D40: 35.99 | E40: Área de cobertura conforme quadro do projeto: Telha ecológica clássica acetinada (cor marrom) = 35,99 m²
A41: 8.2 | B41: TRAMA DE AÇO COMPOSTA POR TERÇAS PARA TELHADOS DE ATÉ 2 ÁGUAS PARA TELHA ONDULADA DE FIBROCIMENTO, METÁLICA, PLÁSTICA OU TERMOACÚSTICA, INCLUSO TRANSPORTE VERTICAL, EXCLUSIVE PINTURA. AF_10/2025_PS | C41: m² | D41: 35.99 | E41: Memória de cálculo: A “trama de aço composta por terças” será executada em toda a área que receberá telhamento. Assim: Área de terças (trama de aço) = Área de telha = 35,99 m²
A42: 8.3 | B42: EXECUÇÃO DE PINGADEIRAS | C42: M | D42: 10.56 | E42: emória de cálculo: Comprimento de pingadeira conforme indicado no projeto: Pingadeira em concreto pré-moldado = 10,56 m
A43: 9 | B43: Forro
A44: 9.1 | B44: FORRO EM RÉGUAS DE PVC, FRISADO, PARA AMBIENTES COMERCIAIS, INCLUSIVE ESTRUTURA BIDIRECIONAL DE FIXAÇÃO. AF_08/2023_PS | C44: m² | D44: 20.79 | E44: O forro será executado na área interna coberta dos quiosques. Área interna conforme projeto: Área construída interna = 20,79 m²
A45: 10 | B45: Elétrica
A46: 10.1 | B46: Tomada para uso geral, 2p + t, ABNT, de sobrepor, 10 A, com caixa, "Sistema X". | C46: un | D46: 12 | E46: Quantidade adotada: 12 un
A47: 10.2 | B47: INTERRUPTOR SIMPLES (2 MÓDULOS) COM INTERRUPTOR PARALELO (1 MÓDULO), 10A/250V, INCLUINDO SUPORTE E PLACA - FORNECIMENTO E INSTALAÇÃO. AF_03/2023 | C47: UN | D47: 6 | E47: 2 conjuntos/quiosque × 3 quiosques = 6 un
A48: 10.3 | B48: LÂMPADA COMPACTA DE LED 10 W, BASE E27 - FORNECIMENTO E INSTALAÇÃO. AF_09/2024 | C48: UN | D48: 6 | E48: 2 luminárias/quiosque × 3 quiosques = 6 un
A49: 10.4 | B49: ELETRODUTO RÍGIDO SOLDÁVEL, PVC, DN 20 MM (1/2"), APARENTE - FORNECIMENTO E INSTALAÇÃO. AF_10/2022 | C49: M | D49: 60 | E49: Tomadas: 12 pontos → ~3,0 m/ponto = 36 m Iluminação/interrupção: 6 luminárias + 6 interruptores → ~2,0 m/ponto = 24 m Total: 36 + 24 = 60 m
A50: 10.5 | B50: CABO DE COBRE FLEXÍVEL ISOLADO, 2,5 MM², ANTI-CHAMA 0,6/1,0 KV, PARA CIRCUITOS TERMINAIS - FORNECIMENTO E INSTALAÇÃO. AF_03/2023 | C50: M | D50: 120 | E50: 12 tomadas × 10 m/ponto (média de circuito/aparente) = 120 m
A51: 10.6 | B51: CABO DE COBRE FLEXÍVEL ISOLADO, 1,5 MM², ANTI-CHAMA 0,6/1,0 KV, PARA CIRCUITOS TERMINAIS - FORNECIMENTO E INSTALAÇÃO. AF_03/2023 | C51: M | D51: 80 | E51: luminárias × ~13,3 m/ponto (média circuito + retorno) ≈ 80 m
A52: 10.7 | B52: CABO DE COBRE FLEXÍVEL ISOLADO, 6 MM², ANTI-CHAMA 0,6/1,0 KV, PARA CIRCUITOS TERMINAIS - FORNECIMENTO E INSTALAÇÃO. AF_03/2023 | C52: M | D52: 15 | E52: dotado 1 quadro por quiosque (facilita operação individual e manutenção): Alimentação geral estimada = 15 m
A53: 10.8 | B53: QUADRO DE MEDIÇÃO GERAL DE ENERGIA COM 8 MEDIDORES - FORNECIMENTO E INSTALAÇÃO. AF_07/2025 | C53: UN | D53: 3 | E53: QD/quiosque × 3 quiosques = 3 un
A54: 10.9 | B54: DISJUNTOR MONOPOLAR TIPO DIN, CORRENTE NOMINAL DE 25A - FORNECIMENTO E INSTALAÇÃO. AF_07/2025 | C54: UN | D54: 3 | E54: Adotado 1 disjuntor geral por quiosque (proteção do QD): 1/un por quiosque × 3 quiosques = 3 un
A55: 10.10 | B55: POSTE COM ENTRADA DE ENERGIA ELÉTRICA, AÉREA, TRIFÁSICA, COM CAIXA DE SOBREPOR, CABO DE 10 MM2 E DISJUNTOR DIN 50A | C55: UN | D55: 1 | E55: otado um ponto de entrada principal para o conjunto: 1 un
A56: 10.11 | B56: QUADRO DE MEDIÇÃO GERAL DE ENERGIA PARA 1 MEDIDOR DE SOBREPOR - FORNECIMENTO E INSTALAÇÃO. AF_07/2025 | C56: UN | D56: 3 | E56: 1 medidor/quiosque × 3 = 3 un
A57: 11 | B57: Esquadrias
A58: 11.1 | B58: PD1 - PORTA DE ALUMÍNIO ANODIZADO NATURAL COM VENEZIANA VENTILADA, 80X160CM, GIRO, DIM.(0,8X1,6)M | C58: UN | D58: 3 | E58: O projeto prevê 3 quiosques (módulos). Adota-se 1 porta de giro por quiosque:
A59: 11.2 | B59: PORTA DE ENROLAR - FORNECIMENTO E INSTALAÇÃO | C59: UND | D59: 3 | E59: Conforme o projeto, há 3 portas de enrolar (P02), uma para cada quiosque
A60: 11.3 | B60: PINTURA COM TINTA ALQUÍDICA DE ACABAMENTO (ESMALTE SINTÉTICO ACETINADO) APLICADA A ROLO OU PINCEL SOBRE SUPERFÍCIES METÁLICAS (EXCETO PERFIL) EXECUTADO EM OBRA (02 DEMÃOS). AF_01/2020 | C60: m² | D60: 26 | E60: A pintura refere-se às superfícies metálicas das portas (principalmente portas de enrolar e/ou folhas metálicas). Área 1 face (cada): A=3,30×1,00=3,30 m2A = 3,30 \times 1,00 = 3,30 \, m²A=3,30×1,00=3,30m2 Considerando 2 faces (interna + externa): A2faces=3,30×2=6,60 m2/portaA_{2faces} = 3,30 \times 2 = 6,60 \, m²/portaA2faces=3,30×2=6,60m2/porta Para 3 portas: A=3×6,60=19,80 m2A = 3 \times 6,60 = 19,80 \, m²A=3×6,60=19,80m2 b) Porta de giro (P01) / folha metálica equivalente Adotando área complementar aproximada para 3 portas de giro (ou componentes metálicos associados): A≈6,20 m2A \approx 6,20 \, m²A≈6,20m2 c) Área total de pintura Atotal=19,80+6,20=26,00 m2A_{total} = 19,80 + 6,20 = 26,00 \, m²Atotal=19,80+6,20=26,00m2 Quantidade adotada: 26,00 m²
A61: 12 | B61: Bancada
A62: 12.1 | B62: PERFIL METÁLICO "I" OU "H" COM CRAVAÇÃO EMPREITADA | C62: KG | D62: 150 | E62: O projeto prevê 3 quiosques e 1 balcão/bancada por quiosque Adota-se peso estimado de estrutura metálica por bancada (perfis, travessas e reforços) de: • 50 kg por bancada (estrutura leve, compatível com quiosque) Cálculo: Qtd=3 bancadas×50 kg/bancada=150 kgQtd = 3 \, bancadas \times 50 \, kg/bancada = 150 \, kgQtd=3bancadas×50kg/bancada=150kg Quantidade adotada: 150,0 kg
A63: 12.2 | B63: Tampa em chapa metálica de 1/8", inclusive tratamento e pintura em esmalte ouóleo - Rev. 01 | C63: m² | D63: 4.95 | E63: Adota-se 1 tampa por quiosque, com comprimento de 3,30 m (módulo) e profundidade de 0,50 m (padrão de atendimento), compatível com a frente do quiosque. Área por unidade: A=3,30×0,50=1,65 m2A = 3,30 \times 0,50 = 1,65 \, m²A=3,30×0,50=1,65m2 Total (3 unidades): Atotal=3×1,65=4,95 m2A_{total} = 3 \times 1,65 = 4,95 \, m²Atotal=3×1,65=4,95m2 Quantidade adotada: 4,95 m²
A64: 13 | B64: Limpeza Final
A65: 13.1 | B65: LIMPEZA FINAL DE OBRAS | C65: M² | D65: 25,47 | E65: Area do Projeto 25,47 m²
A67: _______________________________________________________________ Thiago de Souza Leite Setor de Engenharia

Sheet CPUs - Nao Desonerada 
C1: Composições Analíticas com Preço Unitário | E1: Bancos | G1: B.D.I. | I1: Encargos Sociais
C2: Construção dos Quiosque da Praça Santo Amaro Localizada em Ponta de Pedras Rua Projetada,sn, Praça Santo Amaro, Praia de Ponta de Pedras, Goiana, Pernambuco | E2: SINAPI - 12/2025 - Pernambuco ORSE - 12/2025 - Sergipe SEINFRA - 028 - Ceará | G2: 0.2223 | I2: Não Desonerado: embutido nos preços unitário dos insumos de mão de obra, de acordo com as bases.
A3: Composições Analíticas com Preço Unitário
A4: Composições Principais
A5: 6.1 | B5: Código | C5: Banco | D5: Descrição | E5: Tipo | G5: Und | H5: Quant. | I5: Valor Unit | J5: Total
A6: Composição | B6: COC-004 | C6: Próprio | D6: ALVENARIA EM TIJOLO ECOLOGICO DE SOLO-CIMENTO,MEDINDO APROXI MADAMENTE (12,5X25X7)CM,EM PAREDES DE 12,5CM,ESTRUTURADA COM BARRAS DE ACO CA-50,COLA,REJUNTE E GROUT NO ENTORNO DOS VAO S,VERGAS BLOCOS E CALHAS,EXCLUSIVE CINTA DE AMARRACAO E ALIC ERCE | E6: 12 | G6: m² | H6: 1 | I6: 185.43 | J6: =SUM(J7:J14) -> 187.35
A7: Composição Auxiliar | B7: 88316 | C7: SINAPI | D7: SERVENTE COM ENCARGOS COMPLEMENTARES | E7: Livro SINAPI: Cálculos e Parâmetros | G7: H | H7: 0.865 | I7: 24.08 | J7: =TRUNC(H7*I7,2) -> 20.82
A8: Composição Auxiliar | B8: 88309 | C8: SINAPI | D8: PEDREIRO COM ENCARGOS COMPLEMENTARES | E8: Livro SINAPI: Cálculos e Parâmetros | G8: H | H8: 1.62 | I8: 29.85 | J8: =TRUNC(H8*I8,2) -> 48.35
A9: Composição Auxiliar | B9: 88245 | C9: SINAPI | D9: ARMADOR COM ENCARGOS COMPLEMENTARES | E9: Livro SINAPI: Cálculos e Parâmetros | G9: H | H9: 0.055 | I9: 29.63 | J9: =TRUNC(H9*I9,2) -> 1.62
A10: Composição Auxiliar | B10: 92803 | C10: SINAPI | D10: CORTE E DOBRA DE AÇO CA-50, DIÂMETRO DE 10,0 MM. AF_06/2022 | E10: Armação para Estruturas de Concreto Armado | G10: KG | H10: 0.5255 | I10: 8.58 | J10: =TRUNC(H10*I10,2) -> 4.5
A11: Composição Auxiliar | B11: 94966 | C11: SINAPI | D11: CONCRETO FCK = 30MPA, TRAÇO 1:2,1:2,5 (EM MASSA SECA DE CIMENTO/ AREIA MÉDIA/ BRITA 1) - PREPARO MECÂNICO COM BETONEIRA 400 L. AF_05/2021 | E11: Produção de Concreto | G11: m³ | H11: 0.0105 | I11: 578.37 | J11: =TRUNC(H11*I11,2) -> 6.07
A12: Composição Auxiliar | B12: 103670 | C12: SINAPI | D12: LANÇAMENTO COM USO DE BALDES, ADENSAMENTO E ACABAMENTO DE CONCRETO EM ESTRUTURAS. AF_02/2022 | E12: Concretagem para Estruturas de Concreto Armado | G12: m³ | H12: 0.0105 | I12: 325.6 | J12: =TRUNC(H12*I12,2) -> 3.41
A13: Composição Auxiliar | B13: 87292 | C13: SINAPI | D13: ARGAMASSA TRAÇO 1:2:8 (EM VOLUME DE CIMENTO, CAL E AREIA MÉDIA ÚMIDA) PARA EMBOÇO/MASSA ÚNICA/ASSENTAMENTO DE ALVENARIA DE VEDAÇÃO, PREPARO MECÂNICO COM BETONEIRA 400 L. AF_08/2019 | E13: Argamassas | G13: m³ | H13: 0.008 | I13: 742.6 | J13: =TRUNC(H13*I13,2) -> 5.94
A14: Insumo | B14: 44466 | C14: SINAPI | D14: BLOCO CERAMICO / TIJOLO VAZADO PARA ALVENARIA DE VEDACAO, FUROS NA VERTICAL DE 11,5 X 19 X 29 CM (L X A X C) | E14: Material | G14: UN | H14: 64 | I14: =VLOOKUP(B14,ISD!A:E,5,0) -> 1.51 | J14: =TRUNC(H14*I14,2) -> 96.64
A18: 7.2 | B18: Código | C18: Banco | D18: Descrição | E18: Tipo | G18: Und | H18: Quant. | I18: Valor Unit | J18: Total
A19: Composição | B19: CP - 0001 | C19: Próprio | D19: CONTRAPISO EM CONCRETO FCK=15MPa PREPARO MANUAL, ESPESSURA DE 5CM | E19: FUES - FUNDAÇÕES E ESTRUTURAS | G19: M² | H19: 1 | I19: =J19 -> 41.57 | J19: =SUM(J20:J22) -> 41.57
A20: Composição Auxiliar | B20: 94975 | C20: SINAPI | D20: CONCRETO FCK = 15MPA, TRAÇO 1:3,4:3,5 (EM MASSA SECA DE CIMENTO/ AREIA MÉDIA/ BRITA 1) - PREPARO MANUAL. AF_05/2021 | E20: Produção de Concreto | G20: m³ | H20: 0.0565 | I20: =VLOOKUP(B20,CSD!A:D,4,0) -> 560.83 | J20: =TRUNC(H20*I20,2) -> 31.68
A21: Composição Auxiliar | B21: 88309 | C21: SINAPI | D21: PEDREIRO COM ENCARGOS COMPLEMENTARES | E21: Livro SINAPI: Cálculos e Parâmetros | G21: H | H21: 0.2718 | I21: =VLOOKUP(B21,CSD!A:D,4,0) -> 29.85 | J21: =TRUNC(H21*I21,2) -> 8.11
A22: Composição Auxiliar | B22: 88316 | C22: SINAPI | D22: SERVENTE COM ENCARGOS COMPLEMENTARES | E22: Livro SINAPI: Cálculos e Parâmetros | G22: H | H22: 0.0741 | I22: =VLOOKUP(B22,CSD!A:D,4,0) -> 24.08 | J22: =TRUNC(H22*I22,2) -> 1.78
A26: 8.1 | B26: Código | C26: Banco | D26: Descrição | E26: Tipo | G26: Und | H26: Quant. | I26: Valor Unit | J26: Total
A27: Composição | B27: COC-014 | C27: Próprio | D27: TELHA ECOLÓGICA ONDULINE CLÁSSICA MARRON | E27: COBE - COBERTURA | G27: m² | H27: 1 | I27: =J27 -> 416.05 | J27: =SUM(J28:J32) -> 416.05
A28: Composição Auxiliar | B28: 88323 | C28: SINAPI | D28: TELHADISTA COM ENCARGOS COMPLEMENTARES | E28: Livro SINAPI: Cálculos e Parâmetros | G28: H | H28: 0.3 | I28: =VLOOKUP(B28,CSD!A:D,4,0) -> 29.13 | J28: =TRUNC(H28*I28,2) -> 8.73
A29: Composição Auxiliar | B29: 88243 | C29: SINAPI | D29: AJUDANTE ESPECIALIZADO COM ENCARGOS COMPLEMENTARES | E29: Livro SINAPI: Cálculos e Parâmetros | G29: H | H29: 0.3 | I29: =VLOOKUP(B29,CSD!A:D,4,0) -> 25.1 | J29: =TRUNC(H29*I29,2) -> 7.53
A30: Insumo | B30: 5061 | C30: SINAPI | D30: PREGO DE ACO POLIDO COM CABECA 18 X 27 (2 1/2 X 10) | E30: Material | G30: KG | H30: 10.5263 | I30: =VLOOKUP(B30,ISD!A:E,5,0) -> 15.96 | J30: =TRUNC(H30*I30,2) -> 167.99
A31: Insumo | B31: 667 | C31: ORSE | D31: Kit de fixação (prego/anilha) para telhas onduline (20 pregos e 20 anilhas) | E31: Material | G31: un | H31: 8.47 | I31: 10.98 | J31: =TRUNC(H31*I31,2) -> 93
A32: Insumo | B32: 2191 | C32: ORSE | D32: Telha ecológica onduline 2,00 x 0,95 x 0,028 m | E32: Material | G32: un | H32: 1 | I32: 138.8 | J32: =TRUNC(H32*I32,2) -> 138.8
A36: 10.1 | B36: Código | C36: Banco | D36: Descrição | E36: Tipo | G36: Und | H36: Quant. | I36: Valor Unit | J36: Total
A37: Composição | B37: CP - 366 | C37: Próprio | D37: Tomada para uso geral, 2p + t, ABNT, de sobrepor, 10 A, com caixa, "Sistema X". | E37: 91 | G37: un | H37: 1 | I37: =J37 -> 47.01 | J37: =SUM(J38:J40) -> 47.01
A38: Composição Auxiliar | B38: 88316 | C38: SINAPI | D38: SERVENTE COM ENCARGOS COMPLEMENTARES | E38: Livro SINAPI: Cálculos e Parâmetros | G38: H | H38: 0.7 | I38: =VLOOKUP(B38,CSD!A:D,4,0) -> 24.08 | J38: =TRUNC(H38*I38,2) -> 16.85
A39: Composição Auxiliar | B39: 88264 | C39: SINAPI | D39: ELETRICISTA COM ENCARGOS COMPLEMENTARES | E39: Livro SINAPI: Cálculos e Parâmetros | G39: H | H39: 0.7 | I39: =VLOOKUP(B39,CSD!A:D,4,0) -> 30.24 | J39: =TRUNC(H39*I39,2) -> 21.16
A40: Insumo | B40: 9099 | C40: ORSE | D40: Tomada 2p + t, ABNT, de sobrepor, 10A, sistema X | E40: Material | G40: un | H40: 1 | I40: 9 | J40: =TRUNC(H40*I40,2) -> 9
A44: 10.10 | B44: Código | C44: Banco | D44: Descrição | E44: Tipo | G44: Und | H44: Quant. | I44: Valor Unit | J44: Total
A45: Composição | B45: 27 | C45: Próprio | D45: POSTE COM ENTRADA DE ENERGIA ELÉTRICA, AÉREA, TRIFÁSICA, COM CAIXA DE SOBREPOR, CABO DE 10 MM2 E DISJUNTOR DIN 50A | E45: INEL - INSTALAÇÃO ELÉTRICA/ELETRIFICAÇÃO E ILUMINAÇÃO EXTERNA | G45: UN | H45: 1 | I45: =J45 -> 7095.03 | J45: =SUM(J46:J67) -> 7095.03
A46: Composição Auxiliar | B46: 93653 | C46: SINAPI | D46: DISJUNTOR MONOPOLAR TIPO DIN, CORRENTE NOMINAL DE 10A - FORNECIMENTO E INSTALAÇÃO. AF_07/2025 | E46: Instalações Elétricas - Quadros, Cabos, Disjuntores, Contatores e Barramentos Blindados | G46: UN | H46: 1 | I46: =VLOOKUP(B46,CSD!A:D,4,0) -> 13.14 | J46: =TRUNC(H46*I46,2) -> 13.14
A47: Composição Auxiliar | B47: 88264 | C47: SINAPI | D47: ELETRICISTA COM ENCARGOS COMPLEMENTARES | E47: Livro SINAPI: Cálculos e Parâmetros | G47: H | H47: 3.5078 | I47: =VLOOKUP(B47,CSD!A:D,4,0) -> 30.24 | J47: =TRUNC(H47*I47,2) -> 106.07
A48: Composição Auxiliar | B48: 96977 | C48: SINAPI | D48: CORDOALHA DE COBRE NU 50 MM², ENTERRADA - FORNECIMENTO E INSTALAÇÃO. AF_08/2023 | E48: Sistema de Proteção contra Descargas Atmosféricas - SPDA | G48: M | H48: 1.95 | I48: =VLOOKUP(B48,CSD!A:D,4,0) -> 61.37 | J48: =TRUNC(H48*I48,2) -> 119.67
A49: Composição Auxiliar | B49: 88247 | C49: SINAPI | D49: AUXILIAR DE ELETRICISTA COM ENCARGOS COMPLEMENTARES | E49: Livro SINAPI: Cálculos e Parâmetros | G49: H | H49: 0.3897 | I49: =VLOOKUP(B49,CSD!A:D,4,0) -> 25.53 | J49: =TRUNC(H49*I49,2) -> 9.94
A50: Composição Auxiliar | B50: 91871 | C50: SINAPI | D50: ELETRODUTO RÍGIDO ROSCÁVEL, PVC, DN 25 MM (3/4"), PARA CIRCUITOS TERMINAIS, INSTALADO EM PAREDE - FORNECIMENTO E INSTALAÇÃO. AF_03/2023 | E50: Instalações Elétricas - Eletrodutos Embutidos, Cabos, Caixas, Tomadas e Interruptores | G50: M | H50: 5 | I50: =VLOOKUP(B50,CSD!A:D,4,0) -> 15.3 | J50: =TRUNC(H50*I50,2) -> 76.5
A51: Composição Auxiliar | B51: 93655 | C51: SINAPI | D51: DISJUNTOR MONOPOLAR TIPO DIN, CORRENTE NOMINAL DE 20A - FORNECIMENTO E INSTALAÇÃO. AF_07/2025 | E51: Instalações Elétricas - Quadros, Cabos, Disjuntores, Contatores e Barramentos Blindados | G51: UN | H51: 1 | I51: =VLOOKUP(B51,CSD!A:D,4,0) -> 14.11 | J51: =TRUNC(H51*I51,2) -> 14.11
A52: Composição Auxiliar | B52: 102109 | C52: SINAPI | D52: SUPORTE PARA TRANSFORMADOR EM POSTE DE CONCRETO CIRCULAR - FORNECIMENTO E INSTALAÇÃO. AF_12/2020 | E52: POSTES EM CONCRETO | G52: UN | H52: 1 | I52: =VLOOKUP(B52,CSD!A:D,4,0) -> 57.13 | J52: =TRUNC(H52*I52,2) -> 57.13
A53: Composição Auxiliar | B53: 104750 | C53: SINAPI | D53: CONECTOR GRAMPO METÁLICO TIPO OLHAL, PARA SPDA, PARA HASTE DE ATERRAMENTO DE 5/8&#39;&#39; E CABOS DE 10 A 50 MM2 - FORNECIMENTO E INSTALAÇÃO. AF_08/2023 | E53: POSTES EM CONCRETO | G53: un | H53: 1 | I53: =VLOOKUP(B53,CSD!A:D,4,0) -> 19.41 | J53: =TRUNC(H53*I53,2) -> 19.41
A54: Composição Auxiliar | B54: 91871 | C54: SINAPI | D54: ELETRODUTO RÍGIDO ROSCÁVEL, PVC, DN 25 MM (3/4"), PARA CIRCUITOS TERMINAIS, INSTALADO EM PAREDE - FORNECIMENTO E INSTALAÇÃO. AF_03/2023 | E54: Instalações Elétricas - Eletrodutos Embutidos, Cabos, Caixas, Tomadas e Interruptores | G54: M | H54: 107 | I54: =VLOOKUP(B54,CSD!A:D,4,0) -> 15.3 | J54: =TRUNC(H54*I54,2) -> 1637.1
A55: Composição Auxiliar | B55: 91834 | C55: SINAPI | D55: ELETRODUTO FLEXÍVEL CORRUGADO, PVC, DN 25 MM (3/4"), PARA CIRCUITOS TERMINAIS, INSTALADO EM FORRO - FORNECIMENTO E INSTALAÇÃO. AF_03/2023 | E55: INEL - INSTALAÇÃO ELÉTRICA/ELETRIFICAÇÃO E ILUMINAÇÃO EXTERNA | G55: M | H55: 107 | I55: =VLOOKUP(B55,CSD!A:D,4,0) -> 19.97 | J55: =TRUNC(H55*I55,2) -> 2136.79
A56: Composição Auxiliar | B56: 93654 | C56: SINAPI | D56: DISJUNTOR MONOPOLAR TIPO DIN, CORRENTE NOMINAL DE 16A - FORNECIMENTO E INSTALAÇÃO. AF_07/2025 | E56: Instalações Elétricas - Quadros, Cabos, Disjuntores, Contatores e Barramentos Blindados | G56: UN | H56: 2 | I56: =VLOOKUP(B56,CSD!A:D,4,0) -> 13.14 | J56: =TRUNC(H56*I56,2) -> 26.28
A57: Composição Auxiliar | B57: 101505 | C57: SINAPI | D57: ENTRADA DE ENERGIA ELÉTRICA, AÉREA, TRIFÁSICA, COM CAIXA DE SOBREPOR, CABO DE 10 MM2 E DISJUNTOR DIN 50A (NÃO INCLUSO O POSTE DE CONCRETO). AF_12/2025 | E57: Instalações Elétricas - Rede de Distribuição | G57: UN | H57: 1 | I57: =VLOOKUP(B57,CSD!A:D,4,0) -> 2092.12 | J57: =TRUNC(H57*I57,2) -> 2092.12
... A63: Composição Auxiliar | B63: 98111 | C63: SINAPI | D63: CAIXA DE INSPEÇÃO PARA ATERRAMENTO, CIRCULAR, EM POLIETILENO, DIÂMETRO INTERNO = 0,3 M. AF_12/2020 | E63: Caixas Enterradas | G63: UN | H63: 1 | I63: =VLOOKUP(B63,CSD!A:D,4,0) -> 58.02 | J63: =TRUNC(H63*I63,2) -> 58.02
A64: Insumo | B64: 39997 | C64: SINAPI | D64: PORCA ZINCADA, SEXTAVADA, DIAMETRO 1/4" | E64: Material | G64: UN | H64: 2 | I64: 0.47 | J64: =TRUNC(H64*I64,2) -> 0.94
A65: Insumo | B65: 9595 | C65: orse | D65: Fita metálica perfurada | E65: Material | G65: UN | H65: 0.06 | I65: 62.14 | J65: =TRUNC(H65*I65,2) -> 3.72
A66: Insumo | B66: 39272 | C66: SINAPI | D66: CURVA 90 GRAUS, CURTA, DE PVC RIGIDO ROSCAVEL, DE 3/4", PARA ELETRODUTO | E66: Material | G66: UN | H66: 2 | I66: 3.56 | J66: =TRUNC(H66*I66,2) -> 7.12
A67: Insumo | B67: 39996 | C67: SINAPI | D67: VERGALHAO ZINCADO ROSCA TOTAL, 1/4" (6,3 MM) | E67: Material | G67: M | H67: 0.1664 | I67: 4.07 | J67: =TRUNC(H67*I67,2) -> 0.67
A71: 11.1 | B71: Código | C71: Banco | D71: Descrição | E71: Tipo | G71: Und | H71: Quant. | I71: Valor Unit | J71: Total
A72: Composição | B72: COMP.040 | C72: Próprio | D72: PD1 - PORTA DE ALUMÍNIO ANODIZADO NATURAL COM VENEZIANA VENTILADA, 80X160CM, GIRO, DIM.(0,8X1,6)M | E72: ESQV - ESQUADRIAS/FERRAGENS/VIDROS | G72: UN | H72: 1 | I72: =J72 -> 786 | J72: =SUM(J73) -> 786
A73: Composição Auxiliar | B73: 91341 | C73: SINAPI | D73: PORTA EM ALUMÍNIO DE ABRIR TIPO VENEZIANA COM GUARNIÇÃO, FIXAÇÃO COM PARAFUSOS - FORNECIMENTO E INSTALAÇÃO. AF_10/2025 | E73: Esquadrias - Portas | G73: m² | H73: 1.28 | I73: =VLOOKUP(B73,CSD!A:D,4,0) -> 614.07 | J73: =TRUNC(H73*I73,2) -> 786
A77: 11.2 | B77: Código | C77: Banco | D77: Descrição | E77: Tipo | G77: Und | H77: Quant. | I77: Valor Unit | J77: Total
A78: Composição | B78: CP - 320 | C78: Próprio | D78: PORTA DE ENROLAR - FORNECIMENTO E INSTALAÇÃO | E78: SEDI - SERVIÇOS DIVERSOS | G78: UND | H78: 1 | I78: =J78 -> 6157.32 | J78: =SUM(J79:J85) -> 6157.32
A79: Composição Auxiliar | B79: 88315 | C79: SINAPI | D79: SERRALHEIRO COM ENCARGOS COMPLEMENTARES | E79: Livro SINAPI: Cálculos e Parâmetros | G79: H | H79: 40 | I79: =VLOOKUP(B79,CSD!A:D,4,0) -> 29.63 | J79: =TRUNC(H79*I79,2) -> 1185.2
A80: Composição Auxiliar | B80: 101379 | C80: SINAPI | D80: AJUDANTE DE SERRALHEIRO COM ENCARGOS COMPLEMENTARES | E80: Livro SINAPI: Cálculos e Parâmetros | G80: MES | H80: 0.227 | I80: =VLOOKUP(B80,CSD!A:D,4,0) -> 4473.99 | J80: =TRUNC(H80*I80,2) -> 1015.59
A81: Insumo | B81: 10907 | C81: ORSE | D81: Tubo industrial, em aço, quadrado, dim 25 x 25 mm, e=3,17mm(1/8"), 2,127kg/m | E81: Material | G81: m | H81: 60 | I81: 38.96 | J81: =TRUNC(H81*I81,2) -> 2337.6
A82: Insumo | B82: 11051 | C82: SINAPI | D82: CHAPA DE ACO GALVANIZADA BITOLA GSG 26, E = 0,50 MM (4,00 KG/M2) | E82: Material | G82: KG | H82: 52 | I82: =VLOOKUP(B82,ISD!A:E,5,0) -> 10.64 | J82: =TRUNC(H82*I82,2) -> 553.28
A83: Insumo | B83: C4832 | C83: SINAPI | D83: CANTONEIRA DE ALUMÍNIO 1 1/4" X 1 1/4" | E83: Material | G83: m | H83: 7.35 | I83: 41.33 | J83: =TRUNC(H83*I83,2) -> 303.77
A84: Insumo | B84: 4911 | C84: SINAPI | D84: PORTA DE ENROLAR MANUAL COMPLETA, ARTICULADA RAIADA LARGA, EM ACO GALVANIZADO NATURAL, CHAPA NUMERO 24 (SEM INSTALACAO) | E84: Material | G84: m² | H84: 2.55 | I84: =VLOOKUP(B84,ISD!A:E,5,0) -> 283.92 | J84: =TRUNC(H84*I84,2) -> 723.99
A85: Insumo | B85: 142 | C85: SINAPI | D85: SELANTE ELASTICO MONOCOMPONENTE A BASE DE POLIURETANO (PU) PARA JUNTAS DIVERSAS | E85: Material | G85: 310ML | H85: 1 | I85: =VLOOKUP(B85,ISD!A:E,5,0) -> 37.89 | J85: =TRUNC(H85*I85,2) -> 37.89
A89: 13.1 | B89: Código | C89: Banco | D89: Descrição | E89: Tipo | G89: Und | H89: Quant. | I89: Valor Unit | J89: Total
A90: Composição | B90: COMP.067 | C90: Próprio | D90: LIMPEZA FINAL DE OBRAS | E90: SEDI - SERVIÇOS DIVERSOS | G90: M² | H90: 1 | I90: =J90 -> 45.47 | J90: =SUM(J91:J92) -> 45.47
A91: Composição Auxiliar | B91: 88316 | C91: SINAPI | D91: SERVENTE COM ENCARGOS COMPLEMENTARES | E91: Livro SINAPI: Cálculos e Parâmetros | G91: H | H91: 1.876 | I91: =VLOOKUP(B91,CSD!A:D,4,0) -> 24.08 | J91: =TRUNC(H91*I91,2) -> 45.17
A92: Insumo | B92: 13 | C92: SINAPI | D92: ESTOPA | E92: Material | G92: KG | H92: 0.018 | I92: 16.93 | J92: =TRUNC(H92*I92,2) -> 0.3
A97: _______________________________________________________________ Thiago de Souza Leite Setor de Engenharia

Sheet CPUs - Desonerada
C1: Composições Analíticas com Preço Unitário | E1: Bancos | G1: B.D.I. | I1: Encargos Sociais
C2: Construção dos Quiosque da Praça Santo Amaro Localizada em Ponta de Pedras Rua Projetada,sn, Praça Santo Amaro, Praia de Ponta de Pedras, Goiana, Pernambuco | E2: SINAPI - 12/2025 - Pernambuco ORSE - 12/2025 - Sergipe SEINFRA - 028 - Ceará | G2: 0.2452
A3: Composições Analíticas com Preço Unitário
A4: Composições Principais
A5: 6.1 | B5: Código | C5: Banco | D5: Descrição | E5: Tipo | G5: Und | H5: Quant. | I5: Valor Unit | J5: Total
A6: Composição | B6: COC-004 | C6: Próprio | D6: ALVENARIA EM TIJOLO ECOLOGICO DE SOLO-CIMENTO,MEDINDO APROXI MADAMENTE (12,5X25X7)CM,EM PAREDES DE 12,5CM,ESTRUTURADA COM BARRAS DE ACO CA-50,COLA,REJUNTE E GROUT NO ENTORNO DOS VAO S,VERGAS BLOCOS E CALHAS,EXCLUSIVE CINTA DE AMARRACAO E ALIC ERCE | E6: 12 | G6: m² | H6: 1 | I6: 185.43 | J6: =SUM(J7:J14) -> 181.31
A7: Composição Auxiliar | B7: 88316 | C7: SINAPI | D7: SERVENTE COM ENCARGOS COMPLEMENTARES | E7: Livro SINAPI: Cálculos e Parâmetros | G7: H | H7: 0.865 | I7: =VLOOKUP(B7,CCD!A:D,4,0) -> 22.26 | J7: =TRUNC(H7*I7,2) -> 19.25
A8: Composição Auxiliar | B8: 88309 | C8: SINAPI | D8: PEDREIRO COM ENCARGOS COMPLEMENTARES | E8: Livro SINAPI: Cálculos e Parâmetros | G8: H | H8: 1.62 | I8: =VLOOKUP(B8,CCD!A:D,4,0) -> 27.42 | J8: =TRUNC(H8*I8,2) -> 44.42
A9: Composição Auxiliar | B9: 88245 | C9: SINAPI | D9: ARMADOR COM ENCARGOS COMPLEMENTARES | E9: Livro SINAPI: Cálculos e Parâmetros | G9: H | H9: 0.055 | I9: =VLOOKUP(B9,CCD!A:D,4,0) -> 27.23 | J9: =TRUNC(H9*I9,2) -> 1.49
A10: Composição Auxiliar | B10: 92803 | C10: SINAPI | D10: CORTE E DOBRA DE AÇO CA-50, DIÂMETRO DE 10,0 MM. AF_06/2022 | E10: Armação para Estruturas de Concreto Armado | G10: KG | H10: 0.5255 | I10: =VLOOKUP(B10,CCD!A:D,4,0) -> 8.55 | J10: =TRUNC(H10*I10,2) -> 4.49
A11: Composição Auxiliar | B11: 94966 | C11: SINAPI | D11: CONCRETO FCK = 30MPA, TRAÇO 1:2,1:2,5 (EM MASSA SECA DE CIMENTO/ AREIA MÉDIA/ BRITA 1) - PREPARO MECÂNICO COM BETONEIRA 400 L. AF_05/2021 | E11: Produção de Concreto | G11: m³ | H11: 0.0105 | I11: =VLOOKUP(B11,CCD!A:D,4,0) -> 571.61 | J11: =TRUNC(H11*I11,2) -> 6
A12: Composição Auxiliar | B12: 103670 | C12: SINAPI | D12: LANÇAMENTO COM USO DE BALDES, ADENSAMENTO E ACABAMENTO DE CONCRETO EM ESTRUTURAS. AF_02/2022 | E12: Concretagem para Estruturas de Concreto Armado | G12: m³ | H12: 0.0105 | I12: =VLOOKUP(B12,CCD!A:D,4,0) -> 300.3 | J12: =TRUNC(H12*I12,2) -> 3.15
A13: Composição Auxiliar | B13: 87292 | C13: SINAPI | D13: ARGAMASSA TRAÇO 1:2:8 (EM VOLUME DE CIMENTO, CAL E AREIA MÉDIA ÚMIDA) PARA EMBOÇO/MASSA ÚNICA/ASSENTAMENTO DE ALVENARIA DE VEDAÇÃO, PREPARO MECÂNICO COM BETONEIRA 400 L. AF_08/2019 | E13: Argamassas | G13: m³ | H13: 0.008 | I13: =VLOOKUP(B13,CCD!A:D,4,0) -> 734.59 | J13: =TRUNC(H13*I13,2) -> 5.87
A14: Insumo | B14: 44466 | C14: SINAPI | D14: BLOCO CERAMICO / TIJOLO VAZADO PARA ALVENARIA DE VEDACAO, FUROS NA VERTICAL DE 11,5 X 19 X 29 CM (L X A X C) | E14: Material | G14: UN | H14: 64 | I14: =VLOOKUP(B14,ICD!A:E,5,0) -> 1.51 | J14: =TRUNC(H14*I14,2) -> 96.64
A18: 7.2 | B18: Código | C18: Banco | D18: Descrição | E18: Tipo | G18: Und | H18: Quant. | I18: Valor Unit | J18: Total
A19: Composição | B19: CP - 0001 | C19: Próprio | D19: CONTRAPISO EM CONCRETO FCK=15MPa PREPARO MANUAL, ESPESSURA DE 5CM | E19: FUES - FUNDAÇÕES E ESTRUTURAS | G19: M² | H19: 1 | I19: =J19 -> 40.13 | J19: =SUM(J20:J22) -> 40.13
A20: Composição Auxiliar | B20: 94975 | C20: SINAPI | D20: CONCRETO FCK = 15MPA, TRAÇO 1:3,4:3,5 (EM MASSA SECA DE CIMENTO/ AREIA MÉDIA/ BRITA 1) - PREPARO MANUAL. AF_05/2021 | E20: Produção de Concreto | G20: m³ | H20: 0.0565 | I20: =VLOOKUP(B20,CCD!A:D,4,0) -> 549.54 | J20: =TRUNC(H20*I20,2) -> 31.04
A21: Composição Auxiliar | B21: 88309 | C21: SINAPI | D21: PEDREIRO COM ENCARGOS COMPLEMENTARES | E21: Livro SINAPI: Cálculos e Parâmetros | G21: H | H21: 0.2718 | I21: =VLOOKUP(B21,CCD!A:D,4,0) -> 27.42 | J21: =TRUNC(H21*I21,2) -> 7.45
A22: Composição Auxiliar | B22: 88316 | C22: SINAPI | D22: SERVENTE COM ENCARGOS COMPLEMENTARES | E22: Livro SINAPI: Cálculos e Parâmetros | G22: H | H22: 0.0741 | I22: =VLOOKUP(B22,CCD!A:D,4,0) -> 22.26 | J22: =TRUNC(H22*I22,2) -> 1.64
A26: 8.1 | B26: Código | C26: Banco | D26: Descrição | E26: Tipo | G26: Und | H26: Quant. | I26: Valor Unit | J26: Total
A27: Composição | B27: COC-014 | C27: Próprio | D27: TELHA ECOLÓGICA ONDULINE CLÁSSICA MARRON | E27: COBE - COBERTURA | G27: m² | H27: 1 | I27: =J27 -> 414.76 | J27: =SUM(J28:J32) -> 414.76
A28: Composição Auxiliar | B28: 88323 | C28: SINAPI | D28: TELHADISTA COM ENCARGOS COMPLEMENTARES | E28: Livro SINAPI: Cálculos e Parâmetros | G28: H | H28: 0.3 | I28: =VLOOKUP(B28,CCD!A:D,4,0) -> 26.76 | J28: =TRUNC(H28*I28,2) -> 8.02
A29: Composição Auxiliar | B29: 88243 | C29: SINAPI | D29: AJUDANTE ESPECIALIZADO COM ENCARGOS COMPLEMENTARES | E29: Livro SINAPI: Cálculos e Parâmetros | G29: H | H29: 0.3 | I29: =VLOOKUP(B29,CCD!A:D,4,0) -> 23.17 | J29: =TRUNC(H29*I29,2) -> 6.95
A30: Insumo | B30: 5061 | C30: SINAPI | D30: PREGO DE ACO POLIDO COM CABECA 18 X 27 (2 1/2 X 10) | E30: Material | G30: KG | H30: 10.5263 | I30: =VLOOKUP(B30,ICD!A:E,5,0) -> 15.96 | J30: =TRUNC(H30*I30,2) -> 167.99
A31: Insumo | B31: 667 | C31: ORSE | D31: Kit de fixação (prego/anilha) para telhas onduline (20 pregos e 20 anilhas) | E31: Material | G31: un | H31: 8.47 | I31: 10.98 | J31: =TRUNC(H31*I31,2) -> 93
A32: Insumo | B32: 2191 | C32: ORSE | D32: Telha ecológica onduline 2,00 x 0,95 x 0,028 m | E32: Material | G32: un | H32: 1 | I32: 138.8 | J32: =TRUNC(H32*I32,2) -> 138.8
A36: 10.1 | B36: Código | C36: Banco | D36: Descrição | E36: Tipo | G36: Und | H36: Quant. | I36: Valor Unit | J36: Total
A37: Composição | B37: CP - 366 | C37: Próprio | D37: Tomada para uso geral, 2p + t, ABNT, de sobrepor, 10 A, com caixa, "Sistema X". | E37: 91 | G37: un | H37: 1 | I37: =J37 -> 173.81 | J37: =SUM(J38:J40) -> 173.81
A38: Composição Auxiliar | B38: 88316 | C38: SINAPI | D38: SERVENTE COM ENCARGOS COMPLEMENTARES | E38: Livro SINAPI: Cálculos e Parâmetros | G38: H | H38: 0.7 | I38: =VLOOKUP(B38,CCD!A:D,4,0) -> 22.26 | J38: =TRUNC(H38*I38,2) -> 15.58
A39: Composição Auxiliar | B39: 88264 | C39: SINAPI | D39: ELETRICISTA COM ENCARGOS COMPLEMENTARES | E39: Livro SINAPI: Cálculos e Parâmetros | G39: H | H39: 0.7 | I39: =VLOOKUP(B39,CCD!A:D,4,0) -> 27.77 | J39: =TRUNC(H39*I39,2) -> 19.43
A40: Insumo | B40: 9099 | C40: ORSE | D40: Tomada 2p + t, ABNT, de sobrepor, 10A, sistema X | E40: Material | G40: un | H40: 1 | I40: 9 | J40: =TRUNC(H32*I32,2) -> 138.8
A44: 10.10 | B44: Código | C44: Banco | D44: Descrição | E44: Tipo | G44: Und | H44: Quant. | I44: Valor Unit | J44: Total
A45: Composição | B45: 27 | C45: Próprio | D45: POSTE COM ENTRADA DE ENERGIA ELÉTRICA, AÉREA, TRIFÁSICA, COM CAIXA DE SOBREPOR, CABO DE 10 MM2 E DISJUNTOR DIN 50A | E45: INEL - INSTALAÇÃO ELÉTRICA/ELETRIFICAÇÃO E ILUMINAÇÃO EXTERNA | G45: UN | H45: 1 | I45: =J45 -> 8875.43 | J45: =SUM(J46:J67) -> 8875.43
A46: Composição Auxiliar | B46: 93653 | C46: SINAPI | D46: DISJUNTOR MONOPOLAR TIPO DIN, CORRENTE NOMINAL DE 10A - FORNECIMENTO E INSTALAÇÃO. AF_07/2025 | E46: Instalações Elétricas - Quadros, Cabos, Disjuntores, Contatores e Barramentos Blindados | G46: UN | H46: 1 | I46: =VLOOKUP(B46,CCD!A:D,4,0) -> 12.98 | J46: =TRUNC(H46*I46,2) -> 12.98
A47: Composição Auxiliar | B47: 88264 | C47: SINAPI | D47: ELETRICISTA COM ENCARGOS COMPLEMENTARES | E47: Livro SINAPI: Cálculos e Parâmetros | G47: H | H47: 3.5078 | I47: =VLOOKUP(B47,CCD!A:D,4,0) -> 27.77 | J47: =TRUNC(H47*I47,2) -> 97.41
A48: Composição Auxiliar | B48: 96977 | C48: SINAPI | D48: CORDOALHA DE COBRE NU 50 MM², ENTERRADA - FORNECIMENTO E INSTALAÇÃO. AF_08/2023 | E48: Sistema de Proteção contra Descargas Atmosféricas - SPDA | G48: M | H48: 1.95 | I48: =VLOOKUP(B48,CCD!A:D,4,0) -> 61.22 | J48: =TRUNC(H48*I48,2) -> 119.37
A49: Composição Auxiliar | B49: 88247 | C49: SINAPI | D49: AUXILIAR DE ELETRICISTA COM ENCARGOS COMPLEMENTARES | E49: Livro SINAPI: Cálculos e Parâmetros | G49: H | H49: 0.3897 | I49: =VLOOKUP(B49,CCD!A:D,4,0) -> 23.57 | J49: =TRUNC(H49*I49,2) -> 9.18
A50: Composição Auxiliar | B50: 91871 | C50: SINAPI | D50: ELETRODUTO RÍGIDO ROSCÁVEL, PVC, DN 25 MM (3/4"), PARA CIRCUITOS TERMINAIS, INSTALADO EM PAREDE - FORNECIMENTO E INSTALAÇÃO. AF_03/2023 | E50: Instalações Elétricas - Eletrodutos Embutidos, Cabos, Caixas, Tomadas e Interruptores | G50: M | H50: 5 | I50: =VLOOKUP(B50,CCD!A:D,4,0) -> 14.52 | J50: =TRUNC(H50*I50,2) -> 72.6
A51: Composição Auxiliar | B51: 93655 | C51: SINAPI | D51: DISJUNTOR MONOPOLAR TIPO DIN, CORRENTE NOMINAL DE 20A - FORNECIMENTO E INSTALAÇÃO. AF_07/2025 | E51: Instalações Elétricas - Quadros, Cabos, Disjuntores, Contatores e Barramentos Blindados | G51: UN | H51: 1 | I51: =VLOOKUP(B51,CCD!A:D,4,0) -> 13.91 | J51: =TRUNC(H51*I51,2) -> 13.91
A52: Composição Auxiliar | B52: 102109 | C52: SINAPI | D52: SUPORTE PARA TRANSFORMADOR EM POSTE DE CONCRETO CIRCULAR - FORNECIMENTO E INSTALAÇÃO. AF_12/2020 | E52: POSTES EM CONCRETO | G52: UN | H52: 1 | I52: =VLOOKUP(B52,CCD!A:D,4,0) -> 55.16 | J52: =TRUNC(H52*I52,2) -> 55.16
A53: Composição Auxiliar | B53: 104750 | C53: SINAPI | D53: CONECTOR GRAMPO METÁLICO TIPO OLHAL, PARA SPDA, PARA HASTE DE ATERRAMENTO DE 5/8&#39;&#39; E CABOS DE 10 A 50 MM2 - FORNECIMENTO E INSTALAÇÃO. AF_08/2023 | E53: POSTES EM CONCRETO | G53: un | H53: 1 | I53: =VLOOKUP(B53,CCD!A:D,4,0) -> 18.59 | J53: =TRUNC(H53*I53,2) -> 18.59
A54: Composição Auxiliar | B54: 91871 | C54: SINAPI | D54: ELETRODUTO RÍGIDO ROSCÁVEL, PVC, DN 25 MM (3/4"), PARA CIRCUITOS TERMINAIS, INSTALADO EM PAREDE - FORNECIMENTO E INSTALAÇÃO. AF_03/2023 | E54: Instalações Elétricas - Eletrodutos Embutidos, Cabos, Caixas, Tomadas e Interruptores | G54: M | H54: 107 | I54: =VLOOKUP(B54,CCD!A:D,4,0) -> 14.52 | J54: =TRUNC(H54*I54,2) -> 1553.64
A55: Composição Auxiliar | B55: 91834 | C55: SINAPI | D55: ELETRODUTO FLEXÍVEL CORRUGADO, PVC, DN 25 MM (3/4"), PARA CIRCUITOS TERMINAIS, INSTALADO EM FORRO - FORNECIMENTO E INSTALAÇÃO. AF_03/2023 | E55: INEL - INSTALAÇÃO ELÉTRICA/ELETRIFICAÇÃO E ILUMINAÇÃO EXTERNA | G55: M | H55: 107 | I55: =VLOOKUP(B55,CCD!A:D,4,0) -> 18.96 | J55: =TRUNC(H55*I55,2) -> 2028.72
A56: Composição Auxiliar | B56: 93654 | C56: SINAPI | D56: DISJUNTOR MONOPOLAR TIPO DIN, CORRENTE NOMINAL DE 16A - FORNECIMENTO E INSTALAÇÃO. AF_07/2025 | E56: Instalações Elétricas - Quadros, Cabos, Disjuntores, Contatores e Barramentos Blindados | G56: UN | H56: 2 | I56: =VLOOKUP(B56,CCD!A:D,4,0) -> 12.98 | J56: =TRUNC(H56*I56,2) -> 25.96
A57: Composição Auxiliar | B57: 101505 | C57: SINAPI | D57: ENTRADA DE ENERGIA ELÉTRICA, AÉREA, TRIFÁSICA, COM CAIXA DE SOBREPOR, CABO DE 10 MM2 E DISJUNTOR DIN 50A (NÃO INCLUSO O POSTE DE CONCRETO). AF_12/2025 | E57: Instalações Elétricas - Rede de Distribuição | G57: UN | H57: 2 | I57: =VLOOKUP(B57,CCD!A:D,4,0) -> 2046.68 | J57: =TRUNC(H57*I57,2) -> 4093.36
... A63: Composição Auxiliar | B63: 98111 | C63: SINAPI | D63: CAIXA DE INSPEÇÃO PARA ATERRAMENTO, CIRCULAR, EM POLIETILENO, DIÂMETRO INTERNO = 0,3 M. AF_12/2020 | E63: Caixas Enterradas | G63: UN | H63: 1 | I63: =VLOOKUP(B63,CCD!A:D,4,0) -> 57.34 | J63: =TRUNC(H63*I63,2) -> 57.34
A64: Insumo | B64: 39997 | C64: SINAPI | D64: PORCA ZINCADA, SEXTAVADA, DIAMETRO 1/4" | E64: Material | G64: UN | H64: 2 | I64: =VLOOKUP(B64,ICD!A:E,5,0) -> 0.47 | J64: =TRUNC(H64*I64,2) -> 0.94
A65: Insumo | B65: 14153 | C65: SINAPI | D65: FITA METALICA PERFURADA, L = *18* MM, ROLO DE 30 M, CARGA RECOMENDADA = *30* KGF | E65: Material | G65: UN | H65: 0.06 | I65: =VLOOKUP(B65,ICD!A:E,5,0) -> 0 | J65: =TRUNC(H65*I65,2) -> 0
A66: Insumo | B66: 39272 | C66: SINAPI | D66: CURVA 90 GRAUS, CURTA, DE PVC RIGIDO ROSCAVEL, DE 3/4", PARA ELETRODUTO | E66: Material | G66: UN | H66: 2 | I66: =VLOOKUP(B66,ICD!A:E,5,0) -> 3.56 | J66: =TRUNC(H66*I66,2) -> 7.12
A67: Insumo | B67: 39996 | C67: SINAPI | D67: VERGALHAO ZINCADO ROSCA TOTAL, 1/4" (6,3 MM) | E67: Material | G67: M | H67: 0.1664 | I67: =VLOOKUP(B67,ICD!A:E,5,0) -> 4.07 | J67: =TRUNC(H67*I67,2) -> 0.67
A71: 11.1 | B71: Código | C71: Banco | D71: Descrição | E71: Tipo | G71: Und | H71: Quant. | I71: Valor Unit | J71: Total
A72: Composição | B72: COMP.040 | C72: Próprio | D72: PD1 - PORTA DE ALUMÍNIO ANODIZADO NATURAL COM VENEZIANA VENTILADA, 80X160CM, GIRO, DIM.(0,8X1,6)M | E72: ESQV - ESQUADRIAS/FERRAGENS/VIDROS | G72: UN | H72: 1 | I72: =J72 -> 783.92 | J72: =SUM(J73) -> 783.92
A73: Composição Auxiliar | B73: 91341 | C73: SINAPI | D73: PORTA EM ALUMÍNIO DE ABRIR TIPO VENEZIANA COM GUARNIÇÃO, FIXAÇÃO COM PARAFUSOS - FORNECIMENTO E INSTALAÇÃO. AF_10/2025 | E73: Esquadrias - Portas | G73: m² | H73: 1.28 | I73: =VLOOKUP(B73,CCD!A:D,4,0) -> 612.44 | J73: =TRUNC(H73*I73,2) -> 783.92
A77: 11.2 | B77: Código | C77: Banco | D77: Descrição | E77: Tipo | G77: Und | H77: Quant. | I77: Valor Unit | J77: Total
A78: Composição | B78: CP - 320 | C78: Próprio | D78: PORTA DE ENROLAR - FORNECIMENTO E INSTALAÇÃO | E78: SEDI - SERVIÇOS DIVERSOS | G78: UND | H78: 1 | I78: =J78 -> 5968.01 | J78: =SUM(J79:J85) -> 5968.01
A79: Composição Auxiliar | B79: 88315 | C79: SINAPI | D79: SERRALHEIRO COM ENCARGOS COMPLEMENTARES | E79: Livro SINAPI: Cálculos e Parâmetros | G79: H | H79: 40 | I79: =VLOOKUP(B79,CCD!A:D,4,0) -> 27.23 | J79: =TRUNC(H79*I79,2) -> 1089.2
A80: Composição Auxiliar | B80: 101379 | C80: SINAPI | D80: AJUDANTE DE SERRALHEIRO COM ENCARGOS COMPLEMENTARES | E80: Livro SINAPI: Cálculos e Parâmetros | G80: MES | H80: 0.227 | I80: =VLOOKUP(B80,CCD!A:D,4,0) -> 4138.72 | J80: =TRUNC(H80*I80,2) -> 939.48
A81: Insumo | B81: 10907 | C81: ORSE | D81: Tubo industrial, em aço, quadrado, dim 25 x 25 mm, e=3,17mm(1/8"), 2,127kg/m | E81: Material | G81: m | H81: 60 | I81: 38.96 | J81: =TRUNC(H81*I81,2) -> 2337.6
A82: Insumo | B82: 11051 | C82: SINAPI | D82: CHAPA DE ACO GALVANIZADA BITOLA GSG 26, E = 0,50 MM (4,00 KG/M2) | E82: Material | G82: KG | H82: 52 | I82: =VLOOKUP(B82,ICD!A:E,5,0) -> 10.64 | J82: =TRUNC(H82*I82,2) -> 553.28
A83: Insumo | B83: C4832 | C83: SEINFRA | D83: CANTONEIRA DE ALUMÍNIO 1 1/4" X 1 1/4" | E83: Material | G83: m | H83: 7.35 | I83: 38.99 | J83: =TRUNC(H83*I83,2) -> 286.57
A84: Insumo | B84: 4911 | C84: SINAPI | D84: PORTA DE ENROLAR MANUAL COMPLETA, ARTICULADA RAIADA LARGA, EM ACO GALVANIZADO NATURAL, CHAPA NUMERO 24 (SEM INSTALACAO) | E84: Material | G84: m² | H84: 2.55 | I84: =VLOOKUP(B84,ICD!A:E,5,0) -> 283.92 | J84: =TRUNC(H84*I84,2) -> 723.99
A85: Insumo | B85: 142 | C85: SINAPI | D85: SELANTE ELASTICO MONOCOMPONENTE A BASE DE POLIURETANO (PU) PARA JUNTAS DIVERSAS | E85: Material | G85: 310ML | H85: 1 | I85: =VLOOKUP(B85,ICD!A:E,5,0) -> 37.89 | J85: =TRUNC(H85*I85,2) -> 37.89
A89: 13.1 | B89: Código | C89: Banco | D89: Descrição | E89: Tipo | G89: Und | H89: Quant. | I89: Valor Unit | J89: Total
A90: Composição | B90: COMP.067 | C90: Próprio | D90: LIMPEZA FINAL DE OBRAS | E90: SEDI - SERVIÇOS DIVERSOS | G90: M² | H90: 1 | I90: =J90 -> 45.79 | J90: =SUM(J91:J92) -> 45.79
A91: Composição Auxiliar | B91: 88316 | C91: SINAPI | D91: SERVENTE COM ENCARGOS COMPLEMENTARES | E91: Livro SINAPI: Cálculos e Parâmetros | G91: H | H91: 1.876 | I91: =VLOOKUP(B91,CCD!A:D,4,0) -> 22.26 | J91: 45.49
A92: Insumo | B92: 13 | C92: SINAPI | D92: ESTOPA | E92: Material | G92: KG | H92: 0.018 | I92: =VLOOKUP(B92,ICD!A:E,5,0) -> 16.93 | J92: =TRUNC(H92*I92,2) -> 0.3
A97: _______________________________________________________________ Thiago de Souza Leite Setor de Engenharia

Sheet CRONOGRAMA
E2: PREFEITURA MUNICIPAL DE GOIANA | F2: bancos: | I2: BDI:
E3: SECRETARIA DE URBANISMO, OBRAS E PATRIMÔNIO | F3: SINAPI - 12/2025 - Pernambuco ORSE - 12/2025 - Sergipe SEINFRA - 028 - Ceará | I3: Não Desonerado: 22,23%
E4: Construção dos Quiosque da Praça Santo Amaro Localizada em Ponta de Pedras Rua Projetada,sn, Praça Santo Amaro, Praia de Ponta de Pedras, Goiana, Pernambuco Data: 12/08/2025
L5: Desonerado | M5: 0.207 | N5: 0.2544 | O5: 1.207
B6: ='[8]ORÇAMENTO Ñ DESONERADO'!#REF! -> #REF!
B7: ITEM | C7: DISCRIMINAÇÃO DOS SERVIÇOS | H7: VALOR DA | I7: PERCENT | J7: PERÍODO:
H8: ETAPA(R$) | I8: % | J8: 30 DIAS | K8: 60 DIAS
I9: =H10/$H$48 -> 0.086544785 | J9: 0.5 | K9: 0.5
B10: 1 | C10: ='Orçamento Não Desonerado'!D5 -> ADMINISTRAÇÃO LOCAL | H10: =VLOOKUP(B10,'Orçamento Não Desonerado'!A:J,9,0) -> 14498.5
J11: =TRUNC(J9*H10,2) -> 7249.25 | K11: =TRUNC(K9*H10,2) -> 7249.25
I12: =H13/$H$48 -> 0.14778448 | J12: 1
B13: 2 | C13: =VLOOKUP(B13,'Orçamento Não Desonerado'!A:J,4,0) -> Serviços Preliminares | H13: =VLOOKUP(B13,'Orçamento Não Desonerado'!A:J,9,0) -> 24757.74
J14: =TRUNC(J12*H13,2) -> 24757.74
I15: =H16/$H$48 -> 0.023920827 | J15: 1
B16: 3 | C16: =VLOOKUP(B16,'Orçamento Não Desonerado'!A:J,4,0) -> Fundação | H16: =VLOOKUP(B16,'Orçamento Não Desonerado'!A:J,9,0) -> 4007.36
J17: =TRUNC(J15*H16,2) -> 4007.36
I18: =H19/$H$48 -> 0.02161217 | J18: 1
B19: 4 | C19: =VLOOKUP(B19,'Orçamento Não Desonerado'!A:J,4,0) -> Pilares | H19: =VLOOKUP(B19,'Orçamento Não Desonerado'!A:J,9,0) -> 3620.6
J20: =TRUNC(J18*H19,2) -> 3620.6
I21: =H22/$H$48 -> 0.057660012 | J21: 0.75 | K21: 0.25
B22: 5 | C22: =VLOOKUP(B22,'Orçamento Não Desonerado'!A:J,4,0) -> VIgas | H22: =VLOOKUP(B22,'Orçamento Não Desonerado'!A:J,9,0) -> 9659.55
J23: =TRUNC(J21*H22,2) -> 7244.66 | K23: =TRUNC(K21*H22,2) -> 2414.88
I24: =H25/$H$48 -> 0.12349046 | J24: 0.5 | K24: 0.5
B25: 6 | C25: =VLOOKUP(B25,'Orçamento Não Desonerado'!A:J,4,0) -> Paredes | H25: =VLOOKUP(B25,'Orçamento Não Desonerado'!A:J,9,0) -> 20687.86
J26: =TRUNC(J24*H25,2) -> 10343.93 | K26: =TRUNC(K24*H25,2) -> 10343.93
I27: =H28/$H$48 -> 0.017485407 | K27: 1
B28: 7 | C28: =VLOOKUP(B28,'Orçamento Não Desonerado'!A:J,4,0) -> Piso | H28: =VLOOKUP(B28,'Orçamento Não Desonerado'!A:J,9,0) -> 2929.26
K29: =TRUNC(K27*H28,2) -> 2929.26
I30: =H31/$H$48 -> 0.12313416 | K30: 1
B31: 8 | C31: =VLOOKUP(B31,'Orçamento Não Desonerado'!A:J,4,0) -> Coberta | H31: =VLOOKUP(B31,'Orçamento Não Desonerado'!A:J,9,0) -> 20628.17
K32: =TRUNC(K30*H31,2) -> 20628.17
I33: =H34/$H$48 -> 0.0098560235 | K33: 1
B34: 9 | C34: =VLOOKUP(B34,'Orçamento Não Desonerado'!A:J,4,0) -> Forro | H34: =VLOOKUP(B34,'Orçamento Não Desonerado'!A:J,9,0) -> 1651.14
K35: =TRUNC(K33*H34,2) -> 1651.14
I36: =H37/$H$48 -> 0.18657429 | K36: 1
B37: 10 | C37: =VLOOKUP(B37,'Orçamento Não Desonerado'!A:J,4,0) -> Elétrica | H37: =VLOOKUP(B37,'Orçamento Não Desonerado'!A:J,9,0) -> 31256.04
K38: =TRUNC(K36*H37,2)+0.01 -> 31256.05
I39: =H40/$H$48 -> 0.16257604 | K39: 1
B40: 11 | C40: =VLOOKUP(B40,'Orçamento Não Desonerado'!A:J,4,0) -> Esquadrias | H40: =VLOOKUP(B40,'Orçamento Não Desonerado'!A:J,9,0) -> 27235.71
K41: =TRUNC(K39*H40,2) -> 27235.71
I42: =H43/$H$48 -> 0.030912758 | K42: 1
B43: 12 | C43: =VLOOKUP(B43,'Orçamento Não Desonerado'!A:J,4,0) -> Bancada | H43: =VLOOKUP(B43,'Orçamento Não Desonerado'!A:J,9,0) -> 5178.69
K44: =TRUNC(K42*H43,2) -> 5178.69
I45: =H46/$H$48 -> 0.0084486 | K45: 1
B46: 13 | C46: =VLOOKUP(B46,'Orçamento Não Desonerado'!A:J,4,0) -> Limpeza Final | H46: =VLOOKUP(B46,'Orçamento Não Desonerado'!A:J,9,0) -> 1415.36
K47: =TRUNC(K45*H46,2) -> 1415.36
C48: TOTAL GERAL | H48: =SUM(H10:H46) -> 167525.98 | I48: =SUM(I9:I47) -> 1
B49: VALOR MENSAL (R$) | J49: =J44+J41+J38+J35+J32+J29+J26+J23+J20+J17+J14+J11 -> 57223.54 | K49: =K44+K41+K38+K35+K32+K29+K26+K23+K20+K17+K14+K11+K47 -> 110302.44
B50: PERCENTUAL SIMPLES (%) | J50: =J49/$H$48 -> 0.34158009 | K50: =K49/$H$48 -> 0.65841991
B51: VALOR ACUMULADO (R$) | J51: =J49 -> 57223.54 | K51: =J51+K49 -> 167525.98
B52: PERCENTUAL ACUMULADO (%) | J52: =J50 -> 0.34158009 | K52: =J52+K50 -> 1
I54: 662864.78

Sheet Planilha1

Sheet Planilha2

Sheet BDI  Não Desonerado
B2: PLANILHA ORÇAMENTÁRIA CONSOLIDADA - Versão não Desonerada
B3: MUNICÍPIO DE GOIANA | I3: VALORES BDI POR TIPO DE OBRAS
E4: SELECIONE UM TIPO DE SERVIÇO | J4: 1°QUARTIL | K4: MÉDIO | L4: 3°QUARTIL
B5: ITEM | C5: COMPOSIÇÃO COMPOSIÇÃO BDI | D5: % | E5: CONSTRUÇÃO DE EDIFÍCIOS | I5: CONSTRUÇÃO DE EDIFÍCIOS | J5: 0.2034 | K5: 0.2212 | L5: 0.25
B6: ADMINISTRAÇÃO CENTRAL | I6: CONSTRUÇÃO DE RODOVIAS E FERROVIAS | J6: 0.196 | K6: 0.2097 | L6: 0.2423
B7: AC | C7: ADMINISTRAÇÃO CENTRAL | D7: =E7 -> 0.04 | E7: =IF(E5=I5,J10,IF(E5=I6,J11,J12)) -> 0.04 | I7: MERO FORNECIMENTO DE MATERIAIS E EQUIPAMENTOS | J7: 0.111 | K7: 0.1402 | L7: 0.168
B8: DF | C8: DESPESAS FINANCEIRAS | D8: =E8 -> 0.0123 | E8: =IF(E5=I5,K10,IF(E5=I6,K11,K12)) -> 0.0123
B9: R | C9: RISCOS | D9: =E9 -> 0.0127 | E9: =IF(E5=I5,L10,IF(E5=I6,L11,L12)) -> 0.0127 | J9: AC | K9: DF | L9: R | M9: S+G | N9: L | P9: BDI
B10: S+G | C10: SEGUROS E GARANTIAS CONTRATUAIS | D10: =E10 -> 0.008 | E10: =IF(E5=I5,M10,IF(E5=I6,M11,M12)) -> 0.008 | I10: CONSTRUÇÃO DE EDIFÍCIOS | J10: 0.04 | K10: 0.0123 | L10: 0.0127 | M10: 0.008 | N10: 0.074 | P10: 0.2452
I11: CONSTRUÇÃO DE RODOVIAS E FERROVIAS | J11: 0.0401 | K11: 0.0111 | L11: 0.0056 | M11: 0.004 | N11: 0.073 | P11: 0.2544
B12: LUCRO | I12: MERO FORNECIMENTO DE MATERIAIS E EQUIPAMENTOS | J12: 0.0345 | K12: 0.0085 | L12: 0.0085 | M12: 0.0048 | N12: 0.0511 | P12: 0.1632 | R12: DESCONSIDERAR ISS
B13: L | C13: LUCRO OPERACIONAL | D13: =E13 -> 0.074 | E13: =IF(E5=I5,N10,IF(E5=I6,N11,N12)) -> 0.074
B15: TRIBUTOS | E15: =SUM(D16:D19) -> 0.0565
B16: I.1 PIS | D16: 0.0065
B17: I.2 COFINS | D17: 0.03
B18: I.3 ISSQN | D18: =E18 -> 0.02 | E18: =IF(E5=I7,0,2%) -> 0.02
B19: I.4 CONTRIBUIÇÃO PREVIDENCIÁRIA SOBRE A RENDA BRUTA | D19: 0 | G19: =ROUND(((((1+(D7+D9+D10))*(1+D8)*(1+D13))/(1-E15))-1),4) -> 0.2223
B21: BDI COM TRIBUTOS (%) | D21: =G19 -> 0.2223
B22: FÓRMULA: OBSERVAÇÕES: Onde: AC = taxa de rateio da administração central S = taxa representativa de seguros R = taxa representativa correspondente os riscos e imprevistos G = taxa que representa o ônus das garantias exigidas em edital DF = taxa representativa das despesas financeiras L = corresponde à remuneração bruta do construtor I = taxa representativa dos tributos incidentes sobre o preço de venda (PIS, Cofins, CPRB e ISS). ** Percentuais retirados do ACÓRDÃO Nº 0204-16 – TCE – PE.
